Workbook
Name Table_1_b.__Annual_LRAMVA_Breakdown_by_Year_and_Rate_Class: '1. LRAMVA Summary'!$B$44
Name Table_3.__Inputs_for_Distribution_Rates_and_Adjustments_by_Rate_Class: '3. Distribution Rates'!$B$11
Name Table_3_a.__Distribution_Rates_by_Rate_Class: '3. Distribution Rates'!$B$119
Name Table_4_a.__2011_Lost_Revenues_Work_Form: '4. 2011-2014 LRAM'!$B$18
Name Table_4_b.__2012_Lost_Revenues_Work_Form: '4. 2011-2014 LRAM'!$B$146
Name Table_4_c.__2013_Lost_Revenues_Work_Form: '4. 2011-2014 LRAM'!$B$275
Name Table_4_d.__2014_Lost_Revenues_Work_Form: '4. 2011-2014 LRAM'!$B$404
Name Table_5_a.__2015_Lost_Revenues_Work_Form: '5. 2015-2020 LRAM'!$B$33
Name Table_5_b.__2016_Lost_Revenues_Work_Form: '5. 2015-2020 LRAM'!$B$216
Name Table_5_c.__2017_Lost_Revenues_Work_Form: '5. 2015-2020 LRAM'!$B$399
Name Table_5_d.__2018_Lost_Revenues_Work_Form: '5. 2015-2020 LRAM'!$B$582
Name Table_5_e.__2019_Lost_Revenues_Work_Form: '5. 2015-2020 LRAM'!$B$765
Name Table_5_f.__2020_Lost_Revenues_Work_Form: '5. 2015-2020 LRAM'!$B$948
Name Targets: '[1]LDC Targets'!$A$3:$D$83

Sheet Contents
B3: Generic LRAMVA Work Forms
B5: Worksheet Name | C5: Description
B6: 1. LRAMVA Summary | C6: Tables 1-a and 1-b provide a summary of the LRAMVA balances and carrying charges associated with the LRAMVA disposition. The balances are populated from entries into other tabs throughout this work form.
B7: 1-a. Summary of Changes | C7: Tables A-1 and A-2 include a template for LDCs to summarize changes to the LRAMVA work form.
B8: 2. LRAMVA Threshold | C8: Tables 2-a, 2-b and 2-c include the LRAMVA thresholds and allocations by rate class.
B9: 3. Distribution Rates | C9: Tables 3-a and 3-b include the distribution rates that are used to calculate lost revenues.
B10: 3-a. Rate Class Allocations | C10: A blank spreadsheet is provided to allow LDCs to populate distributor specific rate class percentages to allocate actual CDM savings to different customer classes.
B11: 4. 2011-2014 LRAM | C11: Tables 4-a, 4-b, 4-c and 4-d include the template 2011-2014 LRAMVA work forms.
B12: 5. 2015-2020 LRAM | C12: Tables 5-a, 5-b, 5-c and 5-d include the template 2015-2020 LRAMVA work forms.
B13: 6. Carrying Charges | C13: Table 6-b includes the variance on carrying charges related to the LRAMVA disposition.
B15: 7. Persistence Report | C15: A blank spreadsheet is provided to allow LDCs to populate with CDM savings persistence data provided by the IESO.
B17: 8. Streetlighting | C17: A blank spreadsheet is provided to allow LDCs to populate data on streetlighting projects whose savings were not provided by the IESO in the CDM Final Results Report (i.e., streetlighting projects).

Sheet Instructions
B16: Tab | C16: Instructions
B17: LRAMVA Checklist/Schematic Tab | C17: The LRAMVA work form was created in a generic manner for use by all LDCs. There are some elements that are not applicable at this time (i.e., 2017, 2018, 2019 and 2020 related components) but have been included in an effort to avoid major updates in the future. Distributors should follow the checklist, which is referenced in this tab of the work form and listed below:
C19: o Highlight changes to this work form made by the LDC, if any, and provide rationale for the change in Tab 1-a.
C21: o Include any necessary assumptions the LDC has to make in its LRAMVA work form in the "Notes" section of the work form.
C23: o Provide documentation on the LRAMVA threshold by providing the reference and source material from the LDC’s cost of service proceeding where its most recent load forecast was approved.
C25: o Include a copy of initiative-level persistence savings information that was verified by the IESO. Persistence information is available upon request from the IESO.
C27: o Apply the IESO verified savings adjustments to the year it relates to. For example, savings adjustments to 2015 programs will be provided to LDCs with the 2016 Final Results Report. The 2015 savings adjustments should be included in the 2015 verified savings portion of the work form.
C29: o Provide documentation or data substantiating savings from projects that were not provided in the IESO's verified results reports, inserted in Tab 8 (i.e., streetlighting projects), as applicable.
C31: o Provide documentation or analysis on how rate class allocations were determined by customer class and program each year, inserted in Tab 3-a.
B33: Tab 1. LRAMVA Summary | C33: Distributors are required to report any past approved LRAMVA amounts along with the current LRAMVA amount requested for approval. There are separate tables indicating new lost revenues and carrying charges amounts by year and the totals for rate rider calculations.
B35: Tab 1-a. Summary of Changes | C35: Distributors should list all significant changes and changes in assumptions in the generic work form affecting the LRAMVA.
B37: Tab 2. LRAMVA Threshold | C37: Distributors should use the tables to display the LRAMVA threshold amounts as approved at a rate class level. This should be taken from the LDC’s most recently approved cost of service application.
B39: Tab 3. Distribution Rates | C39: Distributors should complete the tables with rate class specific distribution rates and adjustments as applicable.
B41: Tab 3-a. Rate Class Allocations | C41: A tab is provided to allow LDCs to include documentation or analysis on how rate class allocations for actual CDM savings were determined by customer class and program each year. The rate class allocations would support the LRAMVA rate class allocation figures used in Tabs 4 and 5.
B43: Tabs 4 and 5 (2011-2020) | C43: Distributors should complete the lost revenue calculation for 2011-2014 program years and 2015-2020 program years, as applicable, by undertaking the following:
C45: o Input or manually link the savings, adjustments and program savings persistence data from Tab 7 (Persistence Report) to Tabs 4 and 5. As noted earlier, persistence data is available upon request from the IESO.
C47: o Ensure that the IESO verified savings adjustments apply to the program year it relates to. For example, savings adjustments related to 2012 programs that were reported by the IESO in 2013 should be included in the 2012 program savings table.
C49: o Confirm the monthly multipliers applied to demand savings. If a different monthly multiplier is used than what was confirmed in the LRAMVA Report, provide rationale in Tab 1-a and highlight the new monthly multiplier that has been used.
C51: o Input the rate class allocations by program and year to allocate actual savings to customers. If a different allocation is proposed for adjustments, LDCs must provide the supporting rationale in Tab 1-a and highlight the change.
C53: o Provide assumptions about the year(s) in which persistence is captured in the load forecast via the "Notes" section of each table and adjust what is included in the LRAMVA totals, as appropriate.
B55: Tab 6. Carrying Charges | C55: Distributors are requested to calculate carrying charges based on the methodology provided in the work form. This includes updating Table 6 as new prescribed interest rates for deferral and variance accounts become available and entering any collected interest amounts into the "Amounts Cleared" row to calculate outstanding variances on carrying charges.
B57: Tab 7. Persistence Report | C57: Persistence savings report(s) provided by the IESO should be included for the relevant years in the LRAMVA work form. Tab 7 has been created consistently with the IESO’s persistence report.
B59: Tab 8. Streetlighting | C59: A tab is provided to ensure LDCs include documentation or data to support projects whose program savings were not provided by the IESO (i.e., streetlighting projects).

Sheet LRAMVA Checklist Schematic
B3: General Note on the LRAMVA Model The LRAMVA work form has been created in a generic manner that should allow for use by all LDCs. There are some elements that are not applicable at this time (i.e., 2017, 2018, 2019 and 2020 related components). These have been included (but hidden in the work form) in an effort to avoid major updates in the future. This LRAMVA work form consolidates information that LDCs are already required to file with the OEB. The model has been created to provide LDCs with a consistent format to display CDM impacts, the forecast savings component and, ultimately, any variance between actual CDM savings and forecast CDM savings. The majority of the information required in the LRAMVA work form will be provided to LDCs from the IESO as part of the Final CDM Results each year. Please contact the IESO for any reports that may be required to complete this LRAMVA work form. The LRAMVA work form is unlocked to enable LDCs to tailor it to their own unique circumstances.
B8: LRAMVA ($) = (Actual Net CDM Savings - Forecast CDM Savings) x Distribution Volumetric Rate + Carrying Charges from LRAMVA balance
B10: Legend | C10: Drop Down List (Blue)
B12: Important Checklist
B13: Not Applicable | C13: o Highlight changes to this work form made by the LDC, if any, and provide rationale for the change in Tab 1-a
B14: Not Applicable | C14: o Include any necessary assumptions the LDC has to make in its LRAMVA work form in the "Notes" section of the work form
B15: Yes | C15: o Provide documentation on the LRAMVA threshold by providing the reference and source material from the LDC’s cost of service proceeding where its most recent load forecast was approved
B16: Yes | C16: o Include a copy of initiative-level persistence savings information that was verified by the IESO in Tab 7. Persistence information is available upon request from the IESO
B17: Yes | C17: o Apply the IESO verified savings adjustments to the year it relates to.
C18: o Provide documentation or data substantiating savings from projects that were not provided in the IESO's verified results reports, inserted in Tab 8 (i.e., streetlighting projects), as applicable
B19: Yes | C19: o Provide documentation or analysis on how rate class allocations were determined by customer class and program each year, inserted in Tab 3-a
B21: Work Form Calculations | C21: Source of Calculation | D21: Inputs (Tables to Complete) | E21: Source of Data Inputs | F21: Outputs of Data (Auto-Populated)
B22: Actual Incremental CDM Savings by Initiative | C22: Tabs "4. 2011-2014 LRAM" and "5. 2015-2020 LRAM" | D22: Tables 4-a to 4-d / 5-a to 5-f (Columns D & O) | E22: IESO Verified Persistence Results Reports included in Tab 7 (Columns L to BT). | F22: Tables 4-a to 4-d / 5-a to 5-f (Columns Y-AL)
B23: +/- IESO Verified Savings Adjustments | C23: Tab "4. 2011-2014 LRAM" | D23: Tables 4-a to 4-d / 5-a to 5-f (Columns D-M & Columns O-X) | E23: IESO Verified Persistence Results Reports included in Tab 7 (Columns L to BT). | F23: Tables 4-a to 4-d / 5-a to 5-f (Columns Y-AL)
B24: + Initiative Level Savings Persistence | C24: Tab "4. 2011-2014 LRAM" | D24: Tables 4-a to 4-d / 5-a to 5-f (Columns E-M & Columns P-X) | E24: IESO Verified Persistence Results Reports included in Tab 7 (Columns L to BT). | F24: Tables 4-a to 4-d / 5-a to 5-f (Columns Y-AL)
B25: x Allocation % to Rate Class | C25: Tabs "4. 2011-2014 LRAM" and "5. 2015-2020 LRAM" | D25: Tables 4-a to 4-d / 5-a to 5-f (Columns Y-AJ) | E25: Determined by the LDC
B26: Actual Lost Revenues (kWh and kW) by Rate Class | C26: Tabs "4. 2011-2014 LRAM" and "5. 2015-2020 LRAM"
B27: - Forecast Lost Revenues (kWh and kW) by Rate Class | C27: Tabs "4. 2011-2014 LRAM" and "5. 2015-2020 LRAM" | D27: Tab "2. LRAMVA Threshold" Tables 2-a, 2-b and 2-c
B28: x Distribution Rate by Rate Class | C28: Tab "3. Distribution Rates" | D28: Table 3 | E28: LDC's Approved Tariff Sheets
B29: LRAMVA ($) by Rate Class | C29: Tabs "4. 2011-2014 LRAM" and "5. 2015-2020 LRAM" | F29: Tables 1-a and 1-b
B30: + Carrying Charges ($) by Rate Class | C30: Tabs "1. LRAMVA Summary" and "6. Carrying Charges" | D30: Table 6 | F30: Table 6-a
B31: Total LRAMVA ($) by Rate Class | C31: Tab "1. LRAMVA Summary"

Sheet DropDownList
A1: Service Classifications | B1: Billing Unit | C1: Year | D1: Response | E1: Threshold | F1: Tabs | G1: Source of Persistence Reports | H1: Record
A2: Residential | B2: kWh | C2: 2006 | D2: Yes | E2: ='2. LRAMVA Threshold'!D9 -> 2008 | F2: 1. LRAMVA Summary | G2: 2011 Results Persistence | H2: Current year savings
A3: GS<50 kW | B3: kWh | C3: 2007 | D3: No | E3: ='2. LRAMVA Threshold'!D24 -> 2012 | F3: 2. LRAMVA Threshold | G3: 2012 Results Persistence | H3: Adjustment
A4: GS>50 kW | B4: kW | C4: 2008 | D4: Not Applicable | F4: 3. Distribution Rates | G4: 2013 Results Persistence
A5: General Service ≥ 1,000 kW | B5: kW | C5: 2009 | F5: 4. 2011-2014 LRAM | G5: 2014 Results Persistence
A6: General Service ≥ 1,500 kW | B6: kW | C6: 2010 | F6: 5. 2015-2020 LRAM | G6: 2015 Results Persistence
A7: General Service 1,000 kW and Greater | B7: kW | C7: 2011 | F7: 6. Carrying Charges | G7: 2016 Results Persistence
A8: General Service 1,000 to 4,999 kW | B8: kW | C8: 2012 | F8: 7. Persistence Data | G8: 2017 Results Persistence
A9: General Service 1,000 to 4,999 kW (co-generation) | B9: kW | C9: 2013 | G9: 2018 Results Persistence
A10: General Service 1,500 to 4,999 kW | B10: kW | C10: 2014 | G10: 2019 Results Persistence
A11: General Service 3,000 to 4,999 kW | B11: kW | C11: 2015 | G11: 2020 Results Persistence
A12: General Service 50 to 1,499 kW | B12: kW | C12: 2016
A13: General Service 50 to 2,999 kW | B13: kW | C13: 2017
A14: General Service 50 to 4,999 kW | B14: kW | C14: 2018
A15: General Service 50 to 499 kW | B15: kW | C15: 2019
A16: General Service 50 to 699 kW | B16: kW | C16: 2020
A17: General Service 50 to 999 kW | B17: kW
A18: General Service 500 to 1,499 kW | B18: kW
A19: General Service 500 to 4,999 kW | B19: kW
A20: General Service 700 to 4,999 kW | B20: kW
A21: General Service Demand Billed (50 kW and above) - GSd | B21: kW
A22: General Service Intermediate 1,000 to 4,999 kW | B22: kW
A23: Intermediate With Self Generation | B23: kW
A24: Intermediate With Self Generation - excluding MUSH customers | B24: kW
A25: Sub-Transmission (Embedded supply to LDC or loads > 500 kW) - ST | B25: kW
A26: Unmetered Scattered Load | B26: kWh
A27: Urban General Service Demand Billed (50 kW and above) - UGd | B27: kW
A28: Embedded Distributor | B28: kW
... A40: Street Lighting | B40: kW

Sheet 1.  LRAMVA Summary
B4: Legend | C4: User Inputs (Green)
C5: Auto Populated Cells (White)
C6: Instructions (Grey)
B8: LDC Name | C8: Rideau St Lawrence Distribution Inc.
B9: Application Details
B11: Please fill in the requested information: a) the amounts approved in the previous LRAMVA application, b) details on the current application, and c) documentation of changes if applicable.
B13: A. Previous LRAMVA Application | F13: B. Current LRAMVA Application | J13: C. Documentation of Changes
B14: Previous LRAMVA Application (EB#) | D14: EB-2015-0100 | F14: Current LRAMVA Application (EB#) | H14: EB-2017-0265 | J14: Original Amount
B15: Application of Previous LRAMVA Claim | D15: 2016 COS Application | F15: Application of Current LRAMVA Claim | H15: 2018 IRM Application | J15: Amount for Final Disposition
B16: Period of LRAMVA Claimed in Previous Application | D16: 2012-2014 | F16: Period of New LRAMVA in this Application | H16: 2015
B17: Amount of LRAMVA Claimed in Previous Application | D17: 24701.653 | F17: Actual Lost Revenues ($) | G17: A | H17: =SUM(R52,R55,R58,R61,R64,R67) -> 42160.543
F18: Forecast Lost Revenues ($) | G18: B | H18: =-SUM(R53,R56,R59,R62,R65,R68) -> 11145.162
F19: Carrying Charges ($) | G19: C | H19: =R82 -> 1027.1906
F20: LRAMVA ($) for Account 1568 | G20: A-B+C | H20: =H17-H18+H19 -> 32042.571
B22: Table 1-a. LRAMVA Totals by Rate Class
B24: Please input the customer rate classes applicable to the LDC and associated billing units (kWh or kW) in Table 1-a below. This will update all tables throughout the workform. The LRAMVA total by rate class in Table 1-a should be used to inform the determination of rate riders in the Deferral and Variance Account Work Form or IRM Rate Generator Model. Please also ensure that the principal amounts in column E of Table 1-a capture the appropriate years and amounts for the LRAMVA claim. NOTE: If the LDC has more than 14 customer classes in which CDM savings was allocated, LDCs must contact OEB staff to make adjustments to the workform.
B26: Customer Class | D26: Billing Unit | E26: Principal ($) | F26: Carrying Charges ($) | G26: Total LRAMVA ($)
B27: Residential | D27: kWh | E27: =SUM(D52:D81) -> 6117.5371 | F27: =D82 -> 202.60518 | G27: =E27+F27 -> 6320.1422
B28: GS<50 kW | D28: kWh | E28: =SUM(E52:E81) -> 10533.922 | F28: =E82 -> 348.87032 | G28: =E28+F28 -> 10882.792
B29: GS 50 TO 4,999 KW | D29: kW | E29: =SUM(F52:F81) -> 4281.0135 | F29: =F82 -> 141.78182 | G29: =E29+F29 -> 4422.7953
B30: Street Lighting | D30: kW | E30: =SUM(G52:G81) -> 10082.908 | F30: =G82 -> 333.93331 | G30: =E30+F30 -> 10416.841
E31: =SUM(H52:H81) -> 0 | F31: =H82 -> 0 | G31: =E31+F31 -> 0
E32: =SUM(I52:I81) -> 0 | F32: =I82 -> 0 | G32: =E32+F32 -> 0
E33: =SUM(J52:J81) -> 0 | F33: =J82 -> 0 | G33: =E33+F33 -> 0
E34: =SUM(K52:K81) -> 0 | F34: =K82 -> 0 | G34: =E34+F34 -> 0
E35: =SUM(L52:L81) -> 0 | F35: =L82 -> 0 | G35: =E35+F35 -> 0
E36: =SUM(M52:M81) -> 0 | F36: =M82 -> 0 | G36: =E36+F36 -> 0
E37: =SUM(N52:N81) -> 0 | F37: =N82 -> 0 | G37: =E37+F37 -> 0
E38: =SUM(O52:O81) -> 0 | F38: =O82 -> 0 | G38: =E38+F38 -> 0
E39: =SUM(P52:P81) -> 0 | F39: =P82 -> 0 | G39: =E39+F39 -> 0
E40: =SUM(Q52:Q81) -> 0 | F40: =Q82 -> 0 | G40: =E40+F40 -> 0
B41: Total | E41: =SUM(E27:E40) -> 31015.38 | F41: =SUM(F27:F40) -> 1027.1906 | G41: =SUM(G27:G40) -> 32042.571
B44: Table 1-b. Annual LRAMVA Breakdown by Year and Rate Class
B46: In column C of Table 1-b below, please insert a 'check mark' to indicate the years in which LRAMVA has been claimed. If you inserted a check-mark for a particular year, please delete the amounts associated with the actual and forecast lost revenues for all rate classes for that year, up to and including the total. Any LRAMVA from a prior year that has already been claimed cannot be included in the current LRAMVA disposition, with the exception of the case noted below.
B47: If LDCs are seeking to claim true-up amounts that were previously approved by the OEB, please note that the "Amount Cleared" rows are applicable to the LDC and should be filled out. This may relate to claiming the difference in LRAM approved before the May 19, 2016 Peak Demand Consultation, and the lost revenues that would have been incurred after that consultation, as approved by the OEB. If this is the case, reference to the decision must be noted in the rate application. If this is not the case, LDCs are requested to leave those rows blank.
B48: Depending on the period of LRAMVA to be claimed, LDCs are expected to adjust the totals for carrying charges in row 82 of Table 1-b and the years included in the LRAMVA balance in row 83, as appropriate.
B50: Description | C50: LRAMVA Previously Claimed | D50: =IF($B27<>"",$B27,"") -> Residential | E50: =IF($B28<>"",$B28,"") -> GS<50 kW | F50: =IF($B29<>"",$B29,"") -> GS 50 TO 4,999 KW | G50: Street Lighting | H50: =IF($B31<>"",$B31,"") | I50: =IF($B32<>"",$B32,"") | J50: =IF($B33<>"",$B33,"") | K50: =IF($B34<>"",$B34,"") | L50: =IF($B35<>"",$B35,"") | M50: =IF($B36<>"",$B36,"") | N50: =IF($B37<>"",$B37,"") | O50: =IF($B38<>"",$B38,"") | P50: =IF($B39<>"",$B39,"") | Q50: =IF($B40<>"",$B40,"") | R50: Total
D51: =D27 -> kWh | E51: =D28 -> kWh | F51: =D29 -> kW | G51: =D30 -> kW | H51: =D31 -> 0 | I51: =D32 -> 0 | J51: =D33 -> 0 | K51: =D34 -> 0 | L51: =D35 -> 0 | M51: =D36 -> 0 | N51: =D37 -> 0 | O51: =D38 -> 0 | P51: =D39 -> 0 | Q51: =D40 -> 0
B52: 2011 Actuals | R52: =SUM(D52:Q52) -> 0
B53: 2011 Forecast | R53: =SUM(D53:Q53) -> 0
B54: Amount Cleared
B55: 2012 Actuals | R55: =SUM(D55:Q55) -> 0
B56: 2012 Forecast | R56: =SUM(D56:Q56) -> 0
B57: Amount Cleared
B58: 2013 Actuals | R58: =SUM(D58:Q58) -> 0
B59: 2013 Forecast | R59: =SUM(D59:Q59) -> 0
B60: Amount Cleared
B61: 2014 Actuals | H61: ='4. 2011-2014 LRAM'!AC521 -> 0 | I61: ='4. 2011-2014 LRAM'!AD521 -> 0 | J61: ='4. 2011-2014 LRAM'!AE521 -> 0 | K61: ='4. 2011-2014 LRAM'!AF521 -> 0 | L61: ='4. 2011-2014 LRAM'!AG521 -> 0 | M61: ='4. 2011-2014 LRAM'!AH521 -> 0 | N61: ='4. 2011-2014 LRAM'!AI521 -> 0 | O61: ='4. 2011-2014 LRAM'!AJ521 -> 0 | ... Q61: ='4. 2011-2014 LRAM'!AL521 -> 0 | R61: =SUM(D61:Q61) -> 0
B62: 2014 Forecast | H62: =-'4. 2011-2014 LRAM'!AC522 -> 0 | I62: =-'4. 2011-2014 LRAM'!AD522 -> 0 | J62: =-'4. 2011-2014 LRAM'!AE522 -> 0 | K62: =-'4. 2011-2014 LRAM'!AF522 -> 0 | L62: =-'4. 2011-2014 LRAM'!AG522 -> 0 | M62: =-'4. 2011-2014 LRAM'!AH522 -> 0 | N62: =-'4. 2011-2014 LRAM'!AI522 -> 0 | O62: =-'4. 2011-2014 LRAM'!AJ522 -> 0 | ... Q62: =-'4. 2011-2014 LRAM'!AL522 -> 0 | R62: =SUM(D62:Q62) -> 0
B63: Amount Cleared
B64: 2015 Actuals | D64: ='5. 2015-2020 LRAM'!Y204 -> 13900.329 | E64: ='5. 2015-2020 LRAM'!Z204 -> 12668.745 | F64: ='5. 2015-2020 LRAM'!AA204 -> 5508.5609 | G64: ='8. Streetlighting'!C40*'3. Distribution Rates'!F128 -> 10082.908 | H64: ='5. 2015-2020 LRAM'!AC204 -> 0 | I64: ='5. 2015-2020 LRAM'!AD204 -> 0 | J64: ='5. 2015-2020 LRAM'!AE204 -> 0 | K64: ='5. 2015-2020 LRAM'!AF204 -> 0 | L64: ='5. 2015-2020 LRAM'!AG204 -> 0 | M64: ='5. 2015-2020 LRAM'!AH204 -> 0 | N64: ='5. 2015-2020 LRAM'!AI204 -> 0 | O64: ='5. 2015-2020 LRAM'!AJ204 -> 0 | ... Q64: ='5. 2015-2020 LRAM'!AL204 -> 0 | R64: =SUM(D64:Q64) -> 42160.543 | S64: 9646.85 | T64: =R64+R65-S64 -> 21368.53
B65: 2015 Forecast | D65: =-'5. 2015-2020 LRAM'!Y205 -> -7782.7915 | E65: =-'5. 2015-2020 LRAM'!Z205 -> -2134.8232 | F65: =-'5. 2015-2020 LRAM'!AA205 -> -1227.5474 | G65: =-'5. 2015-2020 LRAM'!AB205 -> 0 | H65: =-'5. 2015-2020 LRAM'!AC205 -> 0 | I65: =-'5. 2015-2020 LRAM'!AD205 -> 0 | J65: =-'5. 2015-2020 LRAM'!AE205 -> 0 | K65: =-'5. 2015-2020 LRAM'!AF205 -> 0 | ... Q65: =-'5. 2015-2020 LRAM'!AL205 -> 0 | R65: =SUM(D65:Q65) -> -11145.162
B66: Amount Cleared
B67: 2016 Actuals | R67: =SUM(D67:Q67) -> 0
B68: 2016 Forecast | R68: =SUM(D68:Q68) -> 0
B69: Amount Cleared
B70: 2017 Actuals | D70: ='5. 2015-2020 LRAM'!Y572 -> 0 | E70: ='5. 2015-2020 LRAM'!Z572 -> 0 | F70: ='5. 2015-2020 LRAM'!AA572 -> 0 | G70: ='5. 2015-2020 LRAM'!AB572 -> 0 | H70: ='5. 2015-2020 LRAM'!AC572 -> 0 | I70: ='5. 2015-2020 LRAM'!AD572 -> 0 | J70: ='5. 2015-2020 LRAM'!AE572 -> 0 | K70: ='5. 2015-2020 LRAM'!AF572 -> 0 | ... Q70: ='5. 2015-2020 LRAM'!AL572 -> 0 | R70: =SUM(D70:Q70) -> 0
B71: 2017 Forecast | D71: =-'5. 2015-2020 LRAM'!Y573 -> 0 | E71: =-'5. 2015-2020 LRAM'!Z573 -> 0 | F71: =-'5. 2015-2020 LRAM'!AA573 -> 0 | G71: =-'5. 2015-2020 LRAM'!AB573 -> 0 | H71: =-'5. 2015-2020 LRAM'!AC573 -> 0 | I71: =-'5. 2015-2020 LRAM'!AD573 -> 0 | J71: =-'5. 2015-2020 LRAM'!AE573 -> 0 | K71: =-'5. 2015-2020 LRAM'!AF573 -> 0 | ... Q71: =-'5. 2015-2020 LRAM'!AL573 -> 0 | R71: =SUM(D71:Q71) -> 0
B72: Amount Cleared
B73: 2018 Actuals | D73: ='5. 2015-2020 LRAM'!Y756 -> 0 | E73: ='5. 2015-2020 LRAM'!Z756 -> 0 | F73: ='5. 2015-2020 LRAM'!AA756 -> 0 | G73: ='5. 2015-2020 LRAM'!AB756 -> 0 | H73: ='5. 2015-2020 LRAM'!AC756 -> 0 | I73: ='5. 2015-2020 LRAM'!AD756 -> 0 | J73: ='5. 2015-2020 LRAM'!AE756 -> 0 | K73: ='5. 2015-2020 LRAM'!AF756 -> 0 | ... Q73: ='5. 2015-2020 LRAM'!AL756 -> 0 | R73: =SUM(D73:Q73) -> 0
B74: 2018 Forecast | D74: =-'5. 2015-2020 LRAM'!Y757 -> 0 | E74: =-'5. 2015-2020 LRAM'!Z757 -> 0 | F74: =-'5. 2015-2020 LRAM'!AA757 -> 0 | G74: =-'5. 2015-2020 LRAM'!AB757 -> 0 | H74: =-'5. 2015-2020 LRAM'!AC757 -> 0 | I74: =-'5. 2015-2020 LRAM'!AD757 -> 0 | J74: =-'5. 2015-2020 LRAM'!AE757 -> 0 | K74: =-'5. 2015-2020 LRAM'!AF757 -> 0 | ... Q74: =-'5. 2015-2020 LRAM'!AL757 -> 0 | R74: =SUM(D74:Q74) -> 0
B75: Amount Cleared
B76: 2019 Actuals | D76: ='5. 2015-2020 LRAM'!Y940 -> 0 | E76: ='5. 2015-2020 LRAM'!Z940 -> 0 | F76: ='5. 2015-2020 LRAM'!AA940 -> 0 | G76: ='5. 2015-2020 LRAM'!AB940 -> 0 | H76: ='5. 2015-2020 LRAM'!AC940 -> 0 | I76: ='5. 2015-2020 LRAM'!AD940 -> 0 | J76: ='5. 2015-2020 LRAM'!AE940 -> 0 | K76: ='5. 2015-2020 LRAM'!AF940 -> 0 | ... Q76: ='5. 2015-2020 LRAM'!AL940 -> 0 | R76: =SUM(D76:Q76) -> 0
B77: 2019 Forecast | D77: =-'5. 2015-2020 LRAM'!Y941 -> 0 | E77: =-'5. 2015-2020 LRAM'!Z941 -> 0 | F77: =-'5. 2015-2020 LRAM'!AA941 -> 0 | G77: =-'5. 2015-2020 LRAM'!AB941 -> 0 | H77: =-'5. 2015-2020 LRAM'!AC941 -> 0 | I77: =-'5. 2015-2020 LRAM'!AD941 -> 0 | J77: =-'5. 2015-2020 LRAM'!AE941 -> 0 | K77: =-'5. 2015-2020 LRAM'!AF941 -> 0 | ... Q77: =-'5. 2015-2020 LRAM'!AL941 -> 0 | R77: =SUM(D77:Q77) -> 0
B78: Amount Cleared
B79: 2020 Actuals | D79: ='5. 2015-2020 LRAM'!Y1124 -> 0 | E79: ='5. 2015-2020 LRAM'!Z1124 -> 0 | F79: ='5. 2015-2020 LRAM'!AA1124 -> 0 | G79: ='5. 2015-2020 LRAM'!AB1124 -> 0 | H79: ='5. 2015-2020 LRAM'!AC1124 -> 0 | I79: ='5. 2015-2020 LRAM'!AD1124 -> 0 | J79: ='5. 2015-2020 LRAM'!AE1124 -> 0 | K79: ='5. 2015-2020 LRAM'!AF1124 -> 0 | ... Q79: ='5. 2015-2020 LRAM'!AL1124 -> 0 | R79: =SUM(D79:Q79) -> 0
B80: 2020 Forecast | D80: =-'5. 2015-2020 LRAM'!Y1125 -> 0 | E80: =-'5. 2015-2020 LRAM'!Z1125 -> 0 | F80: =-'5. 2015-2020 LRAM'!AA1125 -> 0 | G80: =-'5. 2015-2020 LRAM'!AB1125 -> 0 | H80: =-'5. 2015-2020 LRAM'!AC1125 -> 0 | I80: =-'5. 2015-2020 LRAM'!AD1125 -> 0 | J80: =-'5. 2015-2020 LRAM'!AE1125 -> 0 | K80: =-'5. 2015-2020 LRAM'!AF1125 -> 0 | ... Q80: =-'5. 2015-2020 LRAM'!AL1125 -> 0 | R80: =SUM(D80:Q80) -> 0
B81: Amount Cleared
B82: Carrying Charges | D82: ='6. Carrying Charges'!I132 -> 202.60518 | E82: ='6. Carrying Charges'!J132 -> 348.87032 | F82: ='6. Carrying Charges'!K132 -> 141.78182 | G82: ='6. Carrying Charges'!L132 -> 333.93331 | H82: ='6. Carrying Charges'!M102 -> 0 | I82: ='6. Carrying Charges'!N102 -> 0 | J82: ='6. Carrying Charges'!O102 -> 0 | K82: ='6. Carrying Charges'!P102 -> 0 | L82: ='6. Carrying Charges'!Q102 -> 0 | M82: ='6. Carrying Charges'!R102 -> 0 | N82: ='6. Carrying Charges'!S102 -> 0 | O82: ='6. Carrying Charges'!T102 -> 0 | ... Q82: ='6. Carrying Charges'!V102 -> 0 | R82: =SUM(D82:Q82) -> 1027.1906
B83: Total LRAMVA Balance | D83: =SUM(D52:D69)+D82 -> 6320.1422 | E83: =SUM(E52:E69)+E82 -> 10882.792 | F83: =SUM(F52:F69)+F82 -> 4422.7953 | G83: =SUM(G52:G69)+G82 -> 10416.841 | H83: =SUM(H52:H69)+H82 -> 0 | I83: =SUM(I52:I69)+I82 -> 0 | J83: =SUM(J52:J69)+J82 -> 0 | K83: =SUM(K52:K69)+K82 -> 0 | ... R83: =SUM(R52:R69)+R82 -> 32042.571
B84: Note: LDC to make note of assumptions included above, if any
B87: Table 1-c. Breakdown of Incremental and Persisting Lost Revenues Amounts (Dollars)
B88: LDCs are requested to clear the cells in the table to show only the amounts related to this LRAMVA application. This table is a check on the LRAMVA disposition providing a breakdown of actual incremental and persisting savings by year.
C90: 2011 | D90: 2012 | E90: 2013 | F90: 2014 | G90: 2015 | H90: 2016 | I90: 2017 | J90: 2018 | K90: 2019 | L90: 2020 | M90: Total
B91: 2011 | C91: ='4. 2011-2014 LRAM'!AM131 -> 6275.5363 | D91: =SUM('4. 2011-2014 LRAM'!Y259:AL259) -> 7044.2179 | E91: =SUM('4. 2011-2014 LRAM'!Y388:AL388) -> 7830.1232 | F91: =SUM('4. 2011-2014 LRAM'!Y517:AL517) -> 7115.2285 | G91: =SUM('5. 2015-2020 LRAM'!Y199:AL199) -> 6927.6232 | H91: =SUM('5. 2015-2020 LRAM'!Y382:AL382) -> 6420.6392 | I91: =SUM('5. 2015-2020 LRAM'!Y565:AL565) -> 0 | J91: =SUM('5. 2015-2020 LRAM'!Y748:AL748) -> 0 | K91: =SUM('5. 2015-2020 LRAM'!Y931:AL931) -> 0 | L91: =SUM('5. 2015-2020 LRAM'!Y1114:AL1114) -> 0 | M91: =SUM(C91:L91) -> 41613.368
B92: 2012 | D92: =SUM('4. 2011-2014 LRAM'!Y260:AL260) -> 6158.6393 | E92: =SUM('4. 2011-2014 LRAM'!Y389:AL389) -> 6982.986 | F92: =SUM('4. 2011-2014 LRAM'!Y518:AL518) -> 7054.1715 | G92: =SUM('5. 2015-2020 LRAM'!Y200:AL200) -> 6561.4233 | H92: =SUM('5. 2015-2020 LRAM'!Y383:AL383) -> 6222.9429 | I92: =SUM('5. 2015-2020 LRAM'!Y566:AL566) -> 0 | J92: =SUM('5. 2015-2020 LRAM'!Y749:AL749) -> 0 | K92: =SUM('5. 2015-2020 LRAM'!Y932:AL932) -> 0 | L92: =SUM('5. 2015-2020 LRAM'!Y1115:AL1115) -> 0 | M92: =SUM(D92:L92) -> 32980.163
B93: 2013 | E93: =SUM('4. 2011-2014 LRAM'!Y390:AL390) -> 2814.8935 | F93: =SUM('4. 2011-2014 LRAM'!Y519:AL519) -> 2826.2431 | G93: =SUM('5. 2015-2020 LRAM'!Y201:AL201) -> 2840.7188 | H93: =SUM('5. 2015-2020 LRAM'!Y384:AL384) -> 2710.0222 | I93: =SUM('5. 2015-2020 LRAM'!Y567:AL567) -> 0 | J93: =SUM('5. 2015-2020 LRAM'!Y750:AL750) -> 0 | K93: =SUM('5. 2015-2020 LRAM'!Y933:AL933) -> 0 | L93: =SUM('5. 2015-2020 LRAM'!Y1116:AL1116) -> 0 | M93: =SUM(C93:L93) -> 11191.878
B94: 2014 | F94: =SUM('4. 2011-2014 LRAM'!Y520:AL520) -> 9868.1954 | G94: =SUM('5. 2015-2020 LRAM'!Y202:AL202) -> 9668.09 | H94: =SUM('5. 2015-2020 LRAM'!Y385:AL385) -> 8790.3171 | I94: =SUM('5. 2015-2020 LRAM'!Y568:AL568) -> 0 | J94: =SUM('5. 2015-2020 LRAM'!Y751:AL751) -> 0 | K94: =SUM('5. 2015-2020 LRAM'!Y934:AL934) -> 0 | L94: =SUM('5. 2015-2020 LRAM'!Y1117:AL1117) -> 0 | M94: =SUM(F94:L94) -> 28326.603
B95: 2015 | G95: =SUM('5. 2015-2020 LRAM'!Y203:AL203) -> 13063.554 | H95: =SUM('5. 2015-2020 LRAM'!Y386:AL386) -> 12741.316 | I95: =SUM('5. 2015-2020 LRAM'!Y569:AL569) -> 0 | J95: =SUM('5. 2015-2020 LRAM'!Y752:AL752) -> 0 | K95: =SUM('5. 2015-2020 LRAM'!Y935:AL935) -> 0 | L95: =SUM('5. 2015-2020 LRAM'!Y1118:AL1118) -> 0 | M95: =SUM(G95:L95) -> 25804.87
B96: 2016 | H96: =SUM('5. 2015-2020 LRAM'!Y387:AL387) -> 0 | I96: =SUM('5. 2015-2020 LRAM'!Y570:AL570) -> 0 | J96: =SUM('5. 2015-2020 LRAM'!Y753:AL753) -> 0 | K96: =SUM('5. 2015-2020 LRAM'!Y936:AL936) -> 0 | L96: =SUM('5. 2015-2020 LRAM'!Y1119:AL1119) -> 0 | M96: =SUM(H96:L96) -> 0
B97: 2017 | I97: =SUM('5. 2015-2020 LRAM'!Y571:AL571) -> 0 | J97: =SUM('5. 2015-2020 LRAM'!Y754:AL754) -> 0 | K97: =SUM('5. 2015-2020 LRAM'!Y937:AL937) -> 0 | L97: =SUM('5. 2015-2020 LRAM'!Y1120:AL1120) -> 0 | M97: =SUM(I97:L97) -> 0
B98: 2018 | J98: =SUM('5. 2015-2020 LRAM'!Y755:AL755) -> 0 | K98: =SUM('5. 2015-2020 LRAM'!Y938:AL938) -> 0 | L98: =SUM('5. 2015-2020 LRAM'!Y1121:AL1121) -> 0 | M98: =SUM(J98:L98) -> 0
B99: 2019 | K99: =SUM('5. 2015-2020 LRAM'!Y939:AL939) -> 0 | L99: =SUM('5. 2015-2020 LRAM'!Y1122:AL1122) -> 0 | M99: =SUM(K99:L99) -> 0
B100: 2020 | L100: =SUM('5. 2015-2020 LRAM'!Y1123:AL1123) -> 0 | M100: =L100 -> 0
B101: Actual Lost Revenues | C101: =C91 -> 6275.5363 | D101: =D91+D92 -> 13202.857 | E101: =E91+E92+E93 -> 17628.003 | F101: =F91+F92+F93+F94 -> 26863.839 | G101: =G91+G92+G93+G94+G95 -> 39061.41 | H101: =H91+H92+H93+H94+H95+H96 -> 36885.237 | I101: =I91+I92+I93+I94+I95+I96+I97 -> 0 | J101: =J91+J92+J93+J94+J95+J96+J97+J98 -> 0 | K101: =K91+K92+K93+K94+K95+K96+K97+K98+K99 -> 0 | L101: =SUM(L91:L100) -> 0 | M101: =SUM(M91:M100) -> 139916.88
B102: Forecast Lost Revenues | C102: ='4. 2011-2014 LRAM'!AM132 -> 0 | D102: ='4. 2011-2014 LRAM'!AM262 -> 9735.2785 | E102: ='4. 2011-2014 LRAM'!AM392 -> 10911.07 | F102: ='4. 2011-2014 LRAM'!AM522 -> 11000.769 | G102: ='5. 2015-2020 LRAM'!AM205 -> 11145.162 | H102: ='5. 2015-2020 LRAM'!AM389 -> 0 | I102: ='5. 2015-2020 LRAM'!AM573 -> 0 | J102: ='5. 2015-2020 LRAM'!AM757 -> 0 | K102: ='5. 2015-2020 LRAM'!AM941 -> 0 | L102: ='5. 2015-2020 LRAM'!AM1125 -> 0 | M102: =SUM(C102:L102) -> 42792.28
B103: Carrying Charges | C103: ='6. Carrying Charges'!W27 -> 0 | D103: ='6. Carrying Charges'!W42 -> 0 | E103: ='6. Carrying Charges'!W57 -> 0 | F103: ='6. Carrying Charges'!W72 -> 0 | G103: ='6. Carrying Charges'!W87 -> 158.75998 | H103: ='6. Carrying Charges'!W102 -> 499.92916 | I103: ='6. Carrying Charges'!W117 -> 872.11373 | J103: ='6. Carrying Charges'!W132 -> 1027.1906 | K103: ='6. Carrying Charges'!W147 -> 1027.1906 | L103: ='6. Carrying Charges'!W162 -> 1027.1906 | M103: =SUM(C103:L103) -> 4612.3748
B104: Total | C104: =C101-C102+C103 -> 6275.5363 | D104: =D101-D102+D103 -> 3467.5786 | E104: =E101-E102+E103 -> 6716.9325 | F104: =F101-F102+F103 -> 15863.07 | G104: =G101-G102+G103 -> 28075.007 | H104: =H101-H102+H103 -> 37385.167 | I104: =I101-I102+I103 -> 872.11373 | J104: =J101-J102+J103 -> 1027.1906 | ... M104: =M101-M102+M103 -> 101736.98
B106: Return to top
D109: ='6. Carrying Charges'!I132 -> 202.60518 | E109: ='6. Carrying Charges'!J132 -> 348.87032 | F109: ='6. Carrying Charges'!K132 -> 141.78182 | G109: ='6. Carrying Charges'!L132 -> 333.93331
D111: =D83-D82+D109 -> 6320.1422 | E111: =E83-E82+E109 -> 10882.792 | F111: =F83-F82+F109 -> 4422.7953 | G111: =G83-G82+G109 -> 10416.841 | H111: =SUM(D111:G111) -> 32042.571

Sheet 1-a.  Summary of Changes
B14: Legend | C14: User Inputs (Green)
C15: Drop Down List (Blue)
C16: Instructions (Grey)
B19: Table A-1. Changes to Generic Assumptions in LRAMVA Work Form
B21: Please document any changes in assumptions made to the generic inputs of the LRAMVA work form. This may include, but are not limited to, the use of different monthly multipliers to claim demand savings from energy efficiency programs; use of different rate allocations between current year savings and prior year savings adjustments; inclusion of additional adjustments affecting distribution rates; use of a different LRAMVA threshold; etc. All important changes should be highlighted in the work form as well.
B23: No. | C23: Tab | D23: Cell Reference | E23: Description | G23: Rationale
B24: 1 | C24: 1. LRAMVA Summary | D24: G61,G64 | E24: Insert formulary to calculate lost revenue in street lighting | G24: RSL lost revenue in street lighting due to implementation of LED projects in 2014 and 2015. But the savings are not included in the OPA final results.
B25: 2
B26: 3
B27: 4
B28: 5
B29: 6
B30: 7
B31: 8
B32: 9
B33: 10
B34: etc.
B36: Table A-2. Updates to LRAMVA Disposition
B37: Please document any changes related to interrogatories or questions during the application process that affect the LRAMVA amount.
B39: No. | C39: Tab | D39: Cell Reference | E39: Description | G39: Rationale
B40: 1
B41: 2
B42: 3
B43: 4
B44: 5
B45: 6
B46: 7
B47: 8
B48: 9
B49: 10
B50: etc.

Sheet 2. LRAMVA Threshold
B4: Legend | D4: User Inputs (Green)
D5: Drop Down List (Blue)
D6: Auto Populated Cells (White)
D7: Instructions (Grey)
B9: Table 2-a. LRAMVA Threshold | D9: 2008
B11: Please provide the LRAMVA threshold approved in the cost of service (COS) application, which is used as the comparator against actual savings in the period of the LRAMVA claim. The LRAMVA threshold should generally be consistent with the annualized savings targets developed from Appendix 2-I. If a manual update is required to reflect a different allocation of forecast savings that was approved by the OEB, please note the changes and provide rationale for the change in Tab 1-a.
C13: ='1. LRAMVA Summary'!R50 -> Total | D13: ='1. LRAMVA Summary'!D50 -> Residential | E13: ='1. LRAMVA Summary'!E50 -> GS<50 kW | F13: ='1. LRAMVA Summary'!F50 -> GS 50 TO 4,999 KW | G13: ='1. LRAMVA Summary'!G50 -> Street Lighting | H13: ='1. LRAMVA Summary'!H50 | I13: ='1. LRAMVA Summary'!I50 | J13: ='1. LRAMVA Summary'!J50 | K13: ='1. LRAMVA Summary'!K50 | ... Q13: ='1. LRAMVA Summary'!Q50
D14: ='1. LRAMVA Summary'!D51 -> kWh | E14: ='1. LRAMVA Summary'!E51 -> kWh | F14: ='1. LRAMVA Summary'!F51 -> kW | G14: ='1. LRAMVA Summary'!G51 -> kW | H14: ='1. LRAMVA Summary'!H51 -> 0 | I14: ='1. LRAMVA Summary'!I51 -> 0 | J14: ='1. LRAMVA Summary'!J51 -> 0 | K14: ='1. LRAMVA Summary'!K51 -> 0 | ... Q14: ='1. LRAMVA Summary'!Q51 -> 0
B15: kWh | C15: =SUM(D15:Q15) -> 0 | D15: 0 | E15: 0
B16: kW | C16: =SUM(D16:Q16) -> 0 | F16: 0
B18: Summary | D18: =IF(D14="kw",HLOOKUP(D14,D14:D16,3,FALSE),HLOOKUP(D14,D14:D16,2,FALSE)) -> 0 | E18: =IF(E14="kw",HLOOKUP(E14,E14:E16,3,FALSE),HLOOKUP(E14,E14:E16,2,FALSE)) -> 0 | F18: =IF(F14="kw",HLOOKUP(F14,F14:F16,3,FALSE),HLOOKUP(F14,F14:F16,2,FALSE)) -> 0 | G18: =IF(G14="kw",HLOOKUP(G14,G14:G16,3,FALSE),HLOOKUP(G14,G14:G16,2,FALSE)) -> 0 | H18: =IF(H14="kw",HLOOKUP(H14,H14:H16,3,FALSE),HLOOKUP(H14,H14:H16,2,FALSE)) -> 0 | I18: =IF(I14="kw",HLOOKUP(I14,I14:I16,3,FALSE),HLOOKUP(I14,I14:I16,2,FALSE)) -> 0 | J18: =IF(J14="kw",HLOOKUP(J14,J14:J16,3,FALSE),HLOOKUP(J14,J14:J16,2,FALSE)) -> 0 | K18: =IF(K14="kw",HLOOKUP(K14,K14:K16,3,FALSE),HLOOKUP(K14,K14:K16,2,FALSE)) -> 0 | ... Q18: =IF(Q14="kw",HLOOKUP(Q14,Q14:Q16,3,FALSE),HLOOKUP(Q14,Q14:Q16,2,FALSE)) -> 0
B20: Basis of Threshold | C20: N/A
B21: Source of Threshold | C21: 2008 Settlement Agreement, EB-2007-0762
B24: Table 2-b. LRAMVA Threshold | D24: 2012
B26: Please provide the LRAMVA threshold approved in the last COS application, which is used as the comparator against actual savings in the period of the LRAMVA claim. The LRAMVA threshold should generally be consistent with the annualized savings targets developed from Appendix 2-I. If a manual update is required to reflect a different allocation of forecast savings that was approved by the OEB, please note the changes and provide rationale for the change in Tab 1-a.
C28: ='1. LRAMVA Summary'!R50 -> Total | D28: ='1. LRAMVA Summary'!D50 -> Residential | E28: ='1. LRAMVA Summary'!E50 -> GS<50 kW | F28: ='1. LRAMVA Summary'!F50 -> GS 50 TO 4,999 KW | G28: ='1. LRAMVA Summary'!G50 -> Street Lighting | H28: ='1. LRAMVA Summary'!H50 | I28: ='1. LRAMVA Summary'!I50 | J28: ='1. LRAMVA Summary'!J50 | K28: ='1. LRAMVA Summary'!K50 | ... Q28: ='1. LRAMVA Summary'!Q50
D29: ='1. LRAMVA Summary'!D51 -> kWh | E29: ='1. LRAMVA Summary'!E51 -> kWh | F29: ='1. LRAMVA Summary'!F51 -> kW | G29: ='1. LRAMVA Summary'!G51 -> kW | H29: ='1. LRAMVA Summary'!H51 -> 0 | I29: ='1. LRAMVA Summary'!I51 -> 0 | J29: ='1. LRAMVA Summary'!J51 -> 0 | K29: ='1. LRAMVA Summary'!K51 -> 0 | ... Q29: ='1. LRAMVA Summary'!Q51 -> 0
B30: kWh | C30: =SUM(D30:Q30) -> 754381 | D30: 522335 | E30: 232046 | G30: 0
B31: kW | C31: =SUM(D31:Q31) -> 631 | F31: 631
B33: Summary | D33: =IF(D29="kw",HLOOKUP(D29,D29:D31,3,FALSE),HLOOKUP(D29,D29:D31,2,FALSE)) -> 522335 | E33: =IF(E29="kw",HLOOKUP(E29,E29:E31,3,FALSE),HLOOKUP(E29,E29:E31,2,FALSE)) -> 232046 | F33: =IF(F29="kw",HLOOKUP(F29,F29:F31,3,FALSE),HLOOKUP(F29,F29:F31,2,FALSE)) -> 631 | G33: =IF(G29="kw",HLOOKUP(G29,G29:G31,3,FALSE),HLOOKUP(G29,G29:G31,2,FALSE)) -> 0 | H33: =IF(H29="kw",HLOOKUP(H29,H29:H31,3,FALSE),HLOOKUP(H29,H29:H31,2,FALSE)) -> 0 | I33: =IF(I29="kw",HLOOKUP(I29,I29:I31,3,FALSE),HLOOKUP(I29,I29:I31,2,FALSE)) -> 0 | J33: =IF(J29="kw",HLOOKUP(J29,J29:J31,3,FALSE),HLOOKUP(J29,J29:J31,2,FALSE)) -> 0 | K33: =IF(K29="kw",HLOOKUP(K29,K29:K31,3,FALSE),HLOOKUP(K29,K29:K31,2,FALSE)) -> 0 | ... Q33: =IF(Q29="kw",HLOOKUP(Q29,Q29:Q31,3,FALSE),HLOOKUP(Q29,Q29:Q31,2,FALSE)) -> 0
B35: Basis of Threshold | C35: Savings from 2012 CDM programs
B36: Source of Threshold | C36: 2012 Settlement Agreement, EB-2011-0274
B39: Table 2-c. Inputs for LRAMVA Thresholds
B40: Please complete Table 2-c below by selecting the appropriate LRAMVA threshold year in column C. The LRAMVA threshold values in Table 2-c will auto-populate from Tables 2-a and 2-b depending on the year selected. If there was no LRAMVA threshold established for a particular year, please select the "blank" option. The LRAMVA threshold values in Table 2-c will be auto-populated in Tabs 4 and 5 of this work form.
B42: Year | C42: LRAMVA Threshold | D42: ='1. LRAMVA Summary'!D50 -> Residential | E42: ='1. LRAMVA Summary'!E50 -> GS<50 kW | F42: ='1. LRAMVA Summary'!F50 -> GS 50 TO 4,999 KW | G42: ='1. LRAMVA Summary'!G50 -> Street Lighting | H42: ='1. LRAMVA Summary'!H50 | I42: ='1. LRAMVA Summary'!I50 | J42: ='1. LRAMVA Summary'!J50 | K42: ='1. LRAMVA Summary'!K50 | ... Q42: ='1. LRAMVA Summary'!Q50
D43: ='1. LRAMVA Summary'!D51 -> kWh | E43: ='1. LRAMVA Summary'!E51 -> kWh | F43: ='1. LRAMVA Summary'!F51 -> kW | G43: ='1. LRAMVA Summary'!G51 -> kW | H43: ='1. LRAMVA Summary'!H51 -> 0 | I43: ='1. LRAMVA Summary'!I51 -> 0 | J43: ='1. LRAMVA Summary'!J51 -> 0 | K43: ='1. LRAMVA Summary'!K51 -> 0 | ... Q43: ='1. LRAMVA Summary'!Q51 -> 0
B44: 2011 | C44: 2008 | D44: =IF(ISBLANK($C$44),0,IF($C44=$D$9,HLOOKUP(D43,D14:D18,5,FALSE),HLOOKUP(D43,D29:D33,5,FALSE))) -> 0 | E44: =IF(ISBLANK($C$44),0,IF($C44=$D$9,HLOOKUP(E43,E14:E18,5,FALSE),HLOOKUP(E43,E29:E33,5,FALSE))) -> 0 | F44: =IF(ISBLANK($C$44),0,IF($C44=$D$9,HLOOKUP(F43,F14:F18,5,FALSE),HLOOKUP(F43,F29:F33,5,FALSE))) -> 0 | G44: =IF(ISBLANK($C$44),0,IF($C44=$D$9,HLOOKUP(G43,G14:G18,5,FALSE),HLOOKUP(G43,G29:G33,5,FALSE))) -> 0 | H44: =IF(ISBLANK($C$44),0,IF($C44=$D$9,HLOOKUP(H43,H14:H18,5,FALSE),HLOOKUP(H43,H29:H33,5,FALSE))) -> 0 | I44: =IF(ISBLANK($C$44),0,IF($C44=$D$9,HLOOKUP(I43,I14:I18,5,FALSE),HLOOKUP(I43,I29:I33,5,FALSE))) -> 0 | J44: =IF(ISBLANK($C$44),0,IF($C44=$D$9,HLOOKUP(J43,J14:J18,5,FALSE),HLOOKUP(J43,J29:J33,5,FALSE))) -> 0 | K44: =IF(ISBLANK($C$44),0,IF($C44=$D$9,HLOOKUP(K43,K14:K18,5,FALSE),HLOOKUP(K43,K29:K33,5,FALSE))) -> 0 | ... Q44: =IF(ISBLANK($C$44),0,IF($C44=$D$9,HLOOKUP(Q43,Q14:Q18,5,FALSE),HLOOKUP(Q43,Q29:Q33,5,FALSE))) -> 0
B45: 2012 | C45: 2012 | D45: =IF(ISBLANK($C$45),0,IF($C$45=$D$9,HLOOKUP(D43,D14:D18,5,FALSE),HLOOKUP(D43,D29:D33,5,FALSE))) -> 522335 | E45: =IF(ISBLANK($C$45),0,IF($C$45=$D$9,HLOOKUP(E43,E14:E18,5,FALSE),HLOOKUP(E43,E29:E33,5,FALSE))) -> 232046 | F45: =IF(ISBLANK($C$45),0,IF($C$45=$D$9,HLOOKUP(F43,F14:F18,5,FALSE),HLOOKUP(F43,F29:F33,5,FALSE))) -> 631 | G45: =IF(ISBLANK($C$45),0,IF($C$45=$D$9,HLOOKUP(G43,G14:G18,5,FALSE),HLOOKUP(G43,G29:G33,5,FALSE))) -> 0 | H45: =IF(ISBLANK($C$45),0,IF($C$45=$D$9,HLOOKUP(H43,H14:H18,5,FALSE),HLOOKUP(H43,H29:H33,5,FALSE))) -> 0 | I45: =IF(ISBLANK($C$45),0,IF($C$45=$D$9,HLOOKUP(I43,I14:I18,5,FALSE),HLOOKUP(I43,I29:I33,5,FALSE))) -> 0 | J45: =IF(ISBLANK($C$45),0,IF($C$45=$D$9,HLOOKUP(J43,J14:J18,5,FALSE),HLOOKUP(J43,J29:J33,5,FALSE))) -> 0 | K45: =IF(ISBLANK($C$45),0,IF($C$45=$D$9,HLOOKUP(K43,K14:K18,5,FALSE),HLOOKUP(K43,K29:K33,5,FALSE))) -> 0 | ... Q45: =IF(ISBLANK($C$45),0,IF($C$45=$D$9,HLOOKUP(Q43,Q14:Q18,5,FALSE),HLOOKUP(Q43,Q29:Q33,5,FALSE))) -> 0
B46: 2013 | C46: 2012 | D46: =IF(ISBLANK($C$46),0,IF($C$46=$D$9,HLOOKUP(D43,D14:D18,5,FALSE),HLOOKUP(D43,D29:D33,5,FALSE))) -> 522335 | E46: =IF(ISBLANK($C$46),0,IF($C$46=$D$9,HLOOKUP(E43,E14:E18,5,FALSE),HLOOKUP(E43,E29:E33,5,FALSE))) -> 232046 | F46: =IF(ISBLANK($C$46),0,IF($C$46=$D$9,HLOOKUP(F43,F14:F18,5,FALSE),HLOOKUP(F43,F29:F33,5,FALSE))) -> 631 | G46: =IF(ISBLANK($C$46),0,IF($C$46=$D$9,HLOOKUP(G43,G14:G18,5,FALSE),HLOOKUP(G43,G29:G33,5,FALSE))) -> 0 | H46: =IF(ISBLANK($C$46),0,IF($C$46=$D$9,HLOOKUP(H43,H14:H18,5,FALSE),HLOOKUP(H43,H29:H33,5,FALSE))) -> 0 | I46: =IF(ISBLANK($C$46),0,IF($C$46=$D$9,HLOOKUP(I43,I14:I18,5,FALSE),HLOOKUP(I43,I29:I33,5,FALSE))) -> 0 | J46: =IF(ISBLANK($C$46),0,IF($C$46=$D$9,HLOOKUP(J43,J14:J18,5,FALSE),HLOOKUP(J43,J29:J33,5,FALSE))) -> 0 | K46: =IF(ISBLANK($C$46),0,IF($C$46=$D$9,HLOOKUP(K43,K14:K18,5,FALSE),HLOOKUP(K43,K29:K33,5,FALSE))) -> 0 | ... Q46: =IF(ISBLANK($C$46),0,IF($C$46=$D$9,HLOOKUP(Q43,Q14:Q18,5,FALSE),HLOOKUP(Q43,Q29:Q33,5,FALSE))) -> 0
B47: 2014 | C47: 2012 | D47: =IF(ISBLANK($C$47),0,IF($C$47=$D$9,HLOOKUP(D43,D14:D18,5,FALSE),HLOOKUP(D43,D29:D33,5,FALSE))) -> 522335 | E47: =IF(ISBLANK($C$47),0,IF($C$47=$D$9,HLOOKUP(E43,E14:E18,5,FALSE),HLOOKUP(E43,E29:E33,5,FALSE))) -> 232046 | F47: =IF(ISBLANK($C$47),0,IF($C$47=$D$9,HLOOKUP(F43,F14:F18,5,FALSE),HLOOKUP(F43,F29:F33,5,FALSE))) -> 631 | G47: =IF(ISBLANK($C$47),0,IF($C$47=$D$9,HLOOKUP(G43,G14:G18,5,FALSE),HLOOKUP(G43,G29:G33,5,FALSE))) -> 0 | H47: =IF(ISBLANK($C$47),0,IF($C$47=$D$9,HLOOKUP(H43,H14:H18,5,FALSE),HLOOKUP(H43,H29:H33,5,FALSE))) -> 0 | I47: =IF(ISBLANK($C$47),0,IF($C$47=$D$9,HLOOKUP(I43,I14:I18,5,FALSE),HLOOKUP(I43,I29:I33,5,FALSE))) -> 0 | J47: =IF(ISBLANK($C$47),0,IF($C$47=$D$9,HLOOKUP(J43,J14:J18,5,FALSE),HLOOKUP(J43,J29:J33,5,FALSE))) -> 0 | K47: =IF(ISBLANK($C$47),0,IF($C$47=$D$9,HLOOKUP(K43,K14:K18,5,FALSE),HLOOKUP(K43,K29:K33,5,FALSE))) -> 0 | ... Q47: =IF(ISBLANK($C$47),0,IF($C$47=$D$9,HLOOKUP(Q43,Q14:Q18,5,FALSE),HLOOKUP(Q43,Q29:Q33,5,FALSE))) -> 0
B48: 2015 | C48: 2012 | D48: =IF(ISBLANK($C$48),0,IF($C$48=$D$9,HLOOKUP(D43,D14:D18,5,FALSE),HLOOKUP(D43,D29:D33,5,FALSE))) -> 522335 | E48: =IF(ISBLANK($C$48),0,IF($C$48=$D$9,HLOOKUP(E43,E14:E18,5,FALSE),HLOOKUP(E43,E29:E33,5,FALSE))) -> 232046 | F48: =IF(ISBLANK($C$48),0,IF($C$48=$D$9,HLOOKUP(F43,F14:F18,5,FALSE),HLOOKUP(F43,F29:F33,5,FALSE))) -> 631 | G48: =IF(ISBLANK($C$48),0,IF($C$48=$D$9,HLOOKUP(G43,G14:G18,5,FALSE),HLOOKUP(G43,G29:G33,5,FALSE))) -> 0 | H48: =IF(ISBLANK($C$48),0,IF($C$48=$D$9,HLOOKUP(H43,H14:H18,5,FALSE),HLOOKUP(H43,H29:H33,5,FALSE))) -> 0 | I48: =IF(ISBLANK($C$48),0,IF($C$48=$D$9,HLOOKUP(I43,I14:I18,5,FALSE),HLOOKUP(I43,I29:I33,5,FALSE))) -> 0 | J48: =IF(ISBLANK($C$48),0,IF($C$48=$D$9,HLOOKUP(J43,J14:J18,5,FALSE),HLOOKUP(J43,J29:J33,5,FALSE))) -> 0 | K48: =IF(ISBLANK($C$48),0,IF($C$48=$D$9,HLOOKUP(K43,K14:K18,5,FALSE),HLOOKUP(K43,K29:K33,5,FALSE))) -> 0 | ... Q48: =IF(ISBLANK($C$48),0,IF($C$48=$D$9,HLOOKUP(Q43,Q14:Q18,5,FALSE),HLOOKUP(Q43,Q29:Q33,5,FALSE))) -> 0
B49: 2016 | D49: =IF(ISBLANK($C$49),0,IF($C$49=$D$9,HLOOKUP(D43,D14:D18,5,FALSE),HLOOKUP(D43,D29:D33,5,FALSE))) -> 0 | E49: =IF(ISBLANK($C$49),0,IF($C$49=$D$9,HLOOKUP(E43,E14:E18,5,FALSE),HLOOKUP(E43,E29:E33,5,FALSE))) -> 0 | F49: =IF(ISBLANK($C$49),0,IF($C$49=$D$9,HLOOKUP(F43,F14:F18,5,FALSE),HLOOKUP(F43,F29:F33,5,FALSE))) -> 0 | G49: =IF(ISBLANK($C$49),0,IF($C$49=$D$9,HLOOKUP(G43,G14:G18,5,FALSE),HLOOKUP(G43,G29:G33,5,FALSE))) -> 0 | H49: =IF(ISBLANK($C$49),0,IF($C$49=$D$9,HLOOKUP(H43,H14:H18,5,FALSE),HLOOKUP(H43,H29:H33,5,FALSE))) -> 0 | I49: =IF(ISBLANK($C$49),0,IF($C$49=$D$9,HLOOKUP(I43,I14:I18,5,FALSE),HLOOKUP(I43,I29:I33,5,FALSE))) -> 0 | J49: =IF(ISBLANK($C$49),0,IF($C$49=$D$9,HLOOKUP(J43,J14:J18,5,FALSE),HLOOKUP(J43,J29:J33,5,FALSE))) -> 0 | K49: =IF(ISBLANK($C$49),0,IF($C$49=$D$9,HLOOKUP(K43,K14:K18,5,FALSE),HLOOKUP(K43,K29:K33,5,FALSE))) -> 0 | ... Q49: =IF(ISBLANK($C$49),0,IF($C$49=$D$9,HLOOKUP(Q43,Q14:Q18,5,FALSE),HLOOKUP(Q43,Q29:Q33,5,FALSE))) -> 0
B50: 2017 | D50: =IF(ISBLANK($C$50),0,IF($C$50=$D$9,HLOOKUP(D43,D14:D18,5,FALSE),HLOOKUP(D43,D29:D33,5,FALSE))) -> 0 | E50: =IF(ISBLANK($C$50),0,IF($C$50=$D$9,HLOOKUP(E43,E14:E18,5,FALSE),HLOOKUP(E43,E29:E33,5,FALSE))) -> 0 | F50: =IF(ISBLANK($C$50),0,IF($C$50=$D$9,HLOOKUP(F43,F14:F18,5,FALSE),HLOOKUP(F43,F29:F33,5,FALSE))) -> 0 | G50: =IF(ISBLANK($C$50),0,IF($C$50=$D$9,HLOOKUP(G43,G14:G18,5,FALSE),HLOOKUP(G43,G29:G33,5,FALSE))) -> 0 | H50: =IF(ISBLANK($C$50),0,IF($C$50=$D$9,HLOOKUP(H43,H14:H18,5,FALSE),HLOOKUP(H43,H29:H33,5,FALSE))) -> 0 | I50: =IF(ISBLANK($C$50),0,IF($C$50=$D$9,HLOOKUP(I43,I14:I18,5,FALSE),HLOOKUP(I43,I29:I33,5,FALSE))) -> 0 | J50: =IF(ISBLANK($C$50),0,IF($C$50=$D$9,HLOOKUP(J43,J14:J18,5,FALSE),HLOOKUP(J43,J29:J33,5,FALSE))) -> 0 | K50: =IF(ISBLANK($C$50),0,IF($C$50=$D$9,HLOOKUP(K43,K14:K18,5,FALSE),HLOOKUP(K43,K29:K33,5,FALSE))) -> 0 | ... Q50: =IF(ISBLANK($C$50),0,IF($C$50=$D$9,HLOOKUP(Q43,Q14:Q18,5,FALSE),HLOOKUP(Q43,Q29:Q33,5,FALSE))) -> 0
B51: 2018 | D51: =IF(ISBLANK($C$51),0,IF($C$51=$D$9,HLOOKUP(D43,D14:D18,5,FALSE),HLOOKUP(D43,D29:D33,5,FALSE))) -> 0 | E51: =IF(ISBLANK($C$51),0,IF($C$51=$D$9,HLOOKUP(E43,E14:E18,5,FALSE),HLOOKUP(E43,E29:E33,5,FALSE))) -> 0 | F51: =IF(ISBLANK($C$51),0,IF($C$51=$D$9,HLOOKUP(F43,F14:F18,5,FALSE),HLOOKUP(F43,F29:F33,5,FALSE))) -> 0 | G51: =IF(ISBLANK($C$51),0,IF($C$51=$D$9,HLOOKUP(G43,G14:G18,5,FALSE),HLOOKUP(G43,G29:G33,5,FALSE))) -> 0 | H51: =IF(ISBLANK($C$51),0,IF($C$51=$D$9,HLOOKUP(H43,H14:H18,5,FALSE),HLOOKUP(H43,H29:H33,5,FALSE))) -> 0 | I51: =IF(ISBLANK($C$51),0,IF($C$51=$D$9,HLOOKUP(I43,I14:I18,5,FALSE),HLOOKUP(I43,I29:I33,5,FALSE))) -> 0 | J51: =IF(ISBLANK($C$51),0,IF($C$51=$D$9,HLOOKUP(J43,J14:J18,5,FALSE),HLOOKUP(J43,J29:J33,5,FALSE))) -> 0 | K51: =IF(ISBLANK($C$51),0,IF($C$51=$D$9,HLOOKUP(K43,K14:K18,5,FALSE),HLOOKUP(K43,K29:K33,5,FALSE))) -> 0 | ... Q51: =IF(ISBLANK($C$51),0,IF($C$51=$D$9,HLOOKUP(Q43,Q14:Q18,5,FALSE),HLOOKUP(Q43,Q29:Q33,5,FALSE))) -> 0
B52: 2019 | D52: =IF(ISBLANK($C$52),0,IF($C$52=$D$9,HLOOKUP(D43,D14:D18,5,FALSE),HLOOKUP(D43,D29:D33,5,FALSE))) -> 0 | E52: =IF(ISBLANK($C$52),0,IF($C$52=$D$9,HLOOKUP(E43,E14:E18,5,FALSE),HLOOKUP(E43,E29:E33,5,FALSE))) -> 0 | F52: =IF(ISBLANK($C$52),0,IF($C$52=$D$9,HLOOKUP(F43,F14:F18,5,FALSE),HLOOKUP(F43,F29:F33,5,FALSE))) -> 0 | G52: =IF(ISBLANK($C$52),0,IF($C$52=$D$9,HLOOKUP(G43,G14:G18,5,FALSE),HLOOKUP(G43,G29:G33,5,FALSE))) -> 0 | H52: =IF(ISBLANK($C$52),0,IF($C$52=$D$9,HLOOKUP(H43,H14:H18,5,FALSE),HLOOKUP(H43,H29:H33,5,FALSE))) -> 0 | I52: =IF(ISBLANK($C$52),0,IF($C$52=$D$9,HLOOKUP(I43,I14:I18,5,FALSE),HLOOKUP(I43,I29:I33,5,FALSE))) -> 0 | J52: =IF(ISBLANK($C$52),0,IF($C$52=$D$9,HLOOKUP(J43,J14:J18,5,FALSE),HLOOKUP(J43,J29:J33,5,FALSE))) -> 0 | K52: =IF(ISBLANK($C$52),0,IF($C$52=$D$9,HLOOKUP(K43,K14:K18,5,FALSE),HLOOKUP(K43,K29:K33,5,FALSE))) -> 0 | ... Q52: =IF(ISBLANK($C$52),0,IF($C$52=$D$9,HLOOKUP(Q43,Q14:Q18,5,FALSE),HLOOKUP(Q43,Q29:Q33,5,FALSE))) -> 0
B53: 2020 | D53: =IF(ISBLANK($C$53),0,IF($C$53=$D$9,HLOOKUP(D43,D14:D18,5,FALSE),HLOOKUP(D43,D29:D33,5,FALSE))) -> 0 | E53: =IF(ISBLANK($C$53),0,IF($C$53=$D$9,HLOOKUP(E43,E14:E18,5,FALSE),HLOOKUP(E43,E29:E33,5,FALSE))) -> 0 | F53: =IF(ISBLANK($C$53),0,IF($C$53=$D$9,HLOOKUP(F43,F14:F18,5,FALSE),HLOOKUP(F43,F29:F33,5,FALSE))) -> 0 | G53: =IF(ISBLANK($C$53),0,IF($C$53=$D$9,HLOOKUP(G43,G14:G18,5,FALSE),HLOOKUP(G43,G29:G33,5,FALSE))) -> 0 | H53: =IF(ISBLANK($C$53),0,IF($C$53=$D$9,HLOOKUP(H43,H14:H18,5,FALSE),HLOOKUP(H43,H29:H33,5,FALSE))) -> 0 | I53: =IF(ISBLANK($C$53),0,IF($C$53=$D$9,HLOOKUP(I43,I14:I18,5,FALSE),HLOOKUP(I43,I29:I33,5,FALSE))) -> 0 | J53: =IF(ISBLANK($C$53),0,IF($C$53=$D$9,HLOOKUP(J43,J14:J18,5,FALSE),HLOOKUP(J43,J29:J33,5,FALSE))) -> 0 | K53: =IF(ISBLANK($C$53),0,IF($C$53=$D$9,HLOOKUP(K43,K14:K18,5,FALSE),HLOOKUP(K43,K29:K33,5,FALSE))) -> 0 | ... Q53: =IF(ISBLANK($C$53),0,IF($C$53=$D$9,HLOOKUP(Q43,Q14:Q18,5,FALSE),HLOOKUP(Q43,Q29:Q33,5,FALSE))) -> 0
B54: Note: LDC to make note of assumptions included above, if any

Sheet 3.  Distribution Rates
B4: Legend | C4: User Inputs (Green)
C5: Auto Populated Cells (White)
C6: Instructions (Grey)
B8: Tables | C8: Table 3
C9: Table 3-a.
B11: Table 3. Inputs for Distribution Rates and Adjustments by Rate Class
B12: Please complete Table 3 with the rate class specific distribution rates that pertain to the years of the LRAMVA disposition. Any adjustments that affect distribution rates can be incorporated in the calculation by expanding the "plus" button at the left hand bar. Table 3 will convert the distribution rates to a calendar year rate (January to December) based on the number of months entered in row 16 of each rate year starting from January to the start of the LDC's rate year. Please enter 0 in row 16, if the rate year begins on January 1. If there are additional adjustments (i.e., rows) added to Table 3, please adjust the formulas in Table 3-a accordingly.
C14: Billing Unit | D14: EB-2009-0248 | E14: EB-2010-0113 | F14: EB-2011-0274 | G14: EB-2012-0164 | H14: EB-2013-0169 | I14: EB-2014-0111 | J14: EB-2015-0100 | K14: EB-2016-XXXX | L14: EB-2017-XXXX | M14: EB-2018-XXXX | N14: EB-2019-XXXX | O14: EB-2020-XXXX
B15: Rate Year | D15: 2010 | E15: 2011 | F15: 2012 | G15: 2013 | H15: 2014 | I15: 2015 | J15: 2016 | K15: 2017 | L15: 2018 | M15: 2019 | N15: 2020 | O15: 2021
B16: Period 1 (# months) | D16: 4 | E16: 4 | F16: 6 | G16: 4 | H16: 4 | I16: 4 | J16: 12
B17: Period 2 (# months) | D17: =12-D16 -> 8 | E17: =12-E16 -> 8 | F17: =12-F16 -> 6 | G17: =12-G16 -> 8 | H17: =12-H16 -> 8 | I17: =12-I16 -> 8 | J17: =12-J16 -> 0 | K17: =12-K16 -> 12 | ... O17: =12-O16 -> 12
B18: ='1. LRAMVA Summary'!B27 -> Residential | C18: ='2. LRAMVA Threshold'!D43 -> kWh | D18: 0.0117 | E18: 0.0117 | F18: 0.0145 | G18: 0.0146 | H18: 0.0148 | I18: 0.015 | J18: 0.0122
B19: Rate rider for tax sharing
B20: Rate rider for foregone revenue
B21: Other
B22: Adjusted rate | D22: =SUM(D18:D21) -> 0.0117 | E22: =SUM(E18:E21) -> 0.0117 | F22: =SUM(F18:F21) -> 0.0145 | G22: =SUM(G18:G21) -> 0.0146 | H22: =SUM(H18:H21) -> 0.0148 | I22: =SUM(I18:I21) -> 0.015 | J22: =SUM(J18:J21) -> 0.0122 | K22: =SUM(K18:K21) -> 0 | ... N22: =SUM(N18:N21) -> 0
B23: Calendar year equivalent | E23: =ROUND(SUM(D22*E16+E22*E17)/12,4) -> 0.0117 | F23: =ROUND(SUM(E22*F16+F22*F17)/12,4) -> 0.0131 | G23: =ROUND(SUM(F22*G16+G22*G17)/12,4) -> 0.0146 | H23: =ROUND(SUM(G22*H16+H22*H17)/12,4) -> 0.0147 | I23: =ROUND(SUM(H22*I16+I22*I17)/12,4) -> 0.0149 | J23: =ROUND(SUM(I22*J16+J22*J17)/12,4) -> 0.015 | K23: =ROUND(SUM(J22*K16+K22*K17)/12,4) -> 0 | L23: =ROUND(SUM(K22*L16+L22*L17)/12,4) -> 0 | ... N23: =ROUND(SUM(M22*N16+N22*N17)/12,4) -> 0
B25: ='1. LRAMVA Summary'!B28 -> GS<50 kW | C25: ='2. LRAMVA Threshold'!E43 -> kWh | D25: 0.0074 | E25: 0.0074 | F25: 0.009 | G25: 0.009 | H25: 0.0091 | I25: 0.0092 | J25: 0.011
B26: Rate rider for tax sharing
B27: Rate rider for foregone revenue
B28: Other
B29: Adjusted rate | D29: =SUM(D25:D28) -> 0.0074 | E29: =SUM(E25:E28) -> 0.0074 | F29: =SUM(F25:F28) -> 0.009 | G29: =SUM(G25:G28) -> 0.009 | H29: =SUM(H25:H28) -> 0.0091 | I29: =SUM(I25:I28) -> 0.0092 | J29: =SUM(J25:J28) -> 0.011 | K29: =SUM(K25:K28) -> 0 | ... N29: =SUM(N25:N28) -> 0
B30: Calendar year equivalent | E30: =ROUND(SUM(D29*E16+E29*E17)/12,4) -> 0.0074 | F30: =ROUND(SUM(E29*F16+F29*F17)/12,4) -> 0.0082 | G30: =ROUND(SUM(F29*G16+G29*G17)/12,4) -> 0.009 | H30: =ROUND(SUM(G29*H16+H29*H17)/12,4) -> 0.0091 | I30: =ROUND(SUM(H29*I16+I29*I17)/12,4) -> 0.0092 | J30: =ROUND(SUM(I29*J16+J29*J17)/12,4) -> 0.0092 | K30: =ROUND(SUM(J29*K16+K29*K17)/12,4) -> 0 | L30: =ROUND(SUM(K29*L16+L29*L17)/12,4) -> 0 | ... N30: =ROUND(SUM(M29*N16+N29*N17)/12,4) -> 0
B32: ='1. LRAMVA Summary'!B29 -> GS 50 TO 4,999 KW | C32: ='2. LRAMVA Threshold'!F43 -> kW | D32: 1.2451 | E32: 1.2473 | F32: 1.8902 | G32: 1.8993 | H32: 1.9287 | I32: 1.9538 | J32: 2.2394
B33: Rate rider for tax sharing
B34: Rate rider for foregone revenue
B35: Other
B36: Adjusted rate | D36: =SUM(D32:D35) -> 1.2451 | E36: =SUM(E32:E35) -> 1.2473 | F36: =SUM(F32:F35) -> 1.8902 | G36: =SUM(G32:G35) -> 1.8993 | H36: =SUM(H32:H35) -> 1.9287 | I36: =SUM(I32:I35) -> 1.9538 | J36: =SUM(J32:J35) -> 2.2394 | K36: =SUM(K32:K35) -> 0 | ... N36: =SUM(N32:N35) -> 0
B37: Calendar year equivalent | E37: =ROUND(SUM(D36*E16+E36*E17)/12,4) -> 1.2466 | F37: =ROUND(SUM(E36*F16+F36*F17)/12,4) -> 1.5688 | G37: =ROUND(SUM(F36*G16+G36*G17)/12,4) -> 1.8963 | H37: =ROUND(SUM(G36*H16+H36*H17)/12,4) -> 1.9189 | I37: =ROUND(SUM(H36*I16+I36*I17)/12,4) -> 1.9454 | J37: =ROUND(SUM(I36*J16+J36*J17)/12,4) -> 1.9538 | K37: =ROUND(SUM(J36*K16+K36*K17)/12,4) -> 0 | L37: =ROUND(SUM(K36*L16+L36*L17)/12,4) -> 0 | ... N37: =ROUND(SUM(M36*N16+N36*N17)/12,4) -> 0
B39: ='1. LRAMVA Summary'!B30 -> Street Lighting | C39: ='2. LRAMVA Threshold'!G43 -> kW | D39: =8.7236 -> 8.7236 | E39: =8.7393 -> 8.7393 | F39: =12.7064 -> 12.7064 | G39: =12.7674 -> 12.7674 | H39: =12.9653 -> 12.9653 | I39: =13.1338 -> 13.1338 | J39: =12.7431 -> 12.7431
B40: Rate rider for tax sharing
B41: Rate rider for foregone revenue
B42: Other
B43: Adjusted rate | D43: =SUM(D39:D42) -> 8.7236 | E43: =SUM(E39:E42) -> 8.7393 | F43: =SUM(F39:F42) -> 12.7064 | G43: =SUM(G39:G42) -> 12.7674 | H43: =SUM(H39:H42) -> 12.9653 | I43: =SUM(I39:I42) -> 13.1338 | J43: =SUM(J39:J42) -> 12.7431 | K43: =SUM(K39:K42) -> 0 | ... N43: =SUM(N39:N42) -> 0
B44: Calendar year equivalent | E44: =ROUND(SUM(D43*E16+E43*E17)/12,4) -> 8.7341 | F44: =ROUND(SUM(E43*F16+F43*F17)/12,4) -> 10.7229 | G44: =ROUND(SUM(F43*G16+G43*G17)/12,4) -> 12.7471 | H44: =ROUND(SUM(G43*H16+H43*H17)/12,4) -> 12.8993 | I44: =ROUND(SUM(H43*I16+I43*I17)/12,4) -> 13.0776 | J44: =ROUND(SUM(I43*J16+J43*J17)/12,4) -> 13.1338 | K44: =ROUND(SUM(J43*K16+K43*K17)/12,4) -> 0 | L44: =ROUND(SUM(K43*L16+L43*L17)/12,4) -> 0 | ... N44: =ROUND(SUM(M43*N16+N43*N17)/12,4) -> 0
B46: ='1. LRAMVA Summary'!B31 -> 0 | C46: ='2. LRAMVA Threshold'!H43 -> 0
B47: Rate rider for tax sharing
B48: Rate rider for foregone revenue
B49: Other
B50: Adjusted rate | D50: =SUM(D46:D49) -> 0 | E50: =SUM(E46:E49) -> 0 | F50: =SUM(F46:F49) -> 0 | G50: =SUM(G46:G49) -> 0 | H50: =SUM(H46:H49) -> 0 | I50: =SUM(I46:I49) -> 0 | J50: =SUM(J46:J49) -> 0 | K50: =SUM(K46:K49) -> 0 | ... N50: =SUM(N46:N49) -> 0
B51: Calendar year equivalent | E51: =ROUND(SUM(D50*E16+E50*E17)/12,4) -> 0 | F51: =ROUND(SUM(E50*F16+F50*F17)/12,4) -> 0 | G51: =ROUND(SUM(F50*G16+G50*G17)/12,4) -> 0 | H51: =ROUND(SUM(G50*H16+H50*H17)/12,4) -> 0 | I51: =ROUND(SUM(H50*I16+I50*I17)/12,4) -> 0 | J51: =ROUND(SUM(I50*J16+J50*J17)/12,4) -> 0 | K51: =ROUND(SUM(J50*K16+K50*K17)/12,4) -> 0 | L51: =ROUND(SUM(K50*L16+L50*L17)/12,4) -> 0 | ... N51: =ROUND(SUM(M50*N16+N50*N17)/12,4) -> 0
B53: ='1. LRAMVA Summary'!B32 -> 0 | C53: ='2. LRAMVA Threshold'!I43 -> 0
B54: Rate rider for tax sharing
B55: Rate rider for foregone revenue
B56: Other
B57: Adjusted rate | D57: =SUM(D53:D56) -> 0 | E57: =SUM(E53:E56) -> 0 | F57: =SUM(F53:F56) -> 0 | G57: =SUM(G53:G56) -> 0 | H57: =SUM(H53:H56) -> 0 | I57: =SUM(I53:I56) -> 0 | J57: =SUM(J53:J56) -> 0 | K57: =SUM(K53:K56) -> 0 | ... N57: =SUM(N53:N56) -> 0
B58: Calendar year equivalent | E58: =ROUND(SUM(D57*E16+E57*E17)/12,4) -> 0 | F58: =ROUND(SUM(E57*F16+F57*F17)/12,4) -> 0 | G58: =ROUND(SUM(F57*G16+G57*G17)/12,4) -> 0 | H58: =ROUND(SUM(G57*H16+H57*H17)/12,4) -> 0 | I58: =ROUND(SUM(H57*I16+I57*I17)/12,4) -> 0 | J58: =ROUND(SUM(I57*J16+J57*J17)/12,4) -> 0 | K58: =ROUND(SUM(J57*K16+K57*K17)/12,4) -> 0 | L58: =ROUND(SUM(K57*L16+L57*L17)/12,4) -> 0 | ... N58: =ROUND(SUM(M57*N16+N57*N17)/12,4) -> 0
B60: ='1. LRAMVA Summary'!B33 -> 0 | C60: ='2. LRAMVA Threshold'!J43 -> 0
B61: Rate rider for tax sharing
B62: Rate rider for foregone revenue
B63: Other
B64: Adjusted rate | D64: =SUM(D60:D63) -> 0 | E64: =SUM(E60:E63) -> 0 | F64: =SUM(F60:F63) -> 0 | G64: =SUM(G60:G63) -> 0 | H64: =SUM(H60:H63) -> 0 | I64: =SUM(I60:I63) -> 0 | J64: =SUM(J60:J63) -> 0 | K64: =SUM(K60:K63) -> 0 | ... N64: =SUM(N60:N63) -> 0
B65: Calendar year equivalent | E65: =ROUND(SUM(D64*E16+E64*E17)/12,4) -> 0 | F65: =ROUND(SUM(E64*F16+F64*F17)/12,4) -> 0 | G65: =ROUND(SUM(F64*G16+G64*G17)/12,4) -> 0 | H65: =ROUND(SUM(G64*H16+H64*H17)/12,4) -> 0 | I65: =ROUND(SUM(H64*I16+I64*I17)/12,4) -> 0 | J65: =ROUND(SUM(I64*J16+J64*J17)/12,4) -> 0 | K65: =ROUND(SUM(J64*K16+K64*K17)/12,4) -> 0 | L65: =ROUND(SUM(K64*L16+L64*L17)/12,4) -> 0 | ... N65: =ROUND(SUM(M64*N16+N64*N17)/12,4) -> 0
B67: ='1. LRAMVA Summary'!B34 -> 0 | C67: ='2. LRAMVA Threshold'!K43 -> 0
B68: Rate rider for tax sharing
B69: Rate rider for foregone revenue
B70: Other
B71: Adjusted rate | D71: =SUM(D67:D70) -> 0 | E71: =SUM(E67:E70) -> 0 | F71: =SUM(F67:F70) -> 0 | G71: =SUM(G67:G70) -> 0 | H71: =SUM(H67:H70) -> 0 | I71: =SUM(I67:I70) -> 0 | J71: =SUM(J67:J70) -> 0 | K71: =SUM(K67:K70) -> 0 | ... N71: =SUM(N67:N70) -> 0
B72: Calendar year equivalent | E72: =ROUND(SUM(D71*E16+E71*E17)/12,4) -> 0 | F72: =ROUND(SUM(E71*F16+F71*F17)/12,4) -> 0 | G72: =ROUND(SUM(F71*G16+G71*G17)/12,4) -> 0 | H72: =ROUND(SUM(G71*H16+H71*H17)/12,4) -> 0 | I72: =ROUND(SUM(H71*I16+I71*I17)/12,4) -> 0 | J72: =ROUND(SUM(I71*J16+J71*J17)/12,4) -> 0 | K72: =ROUND(SUM(J71*K16+K71*K17)/12,4) -> 0 | L72: =ROUND(SUM(K71*L16+L71*L17)/12,4) -> 0 | ... N72: =ROUND(SUM(M71*N16+N71*N17)/12,4) -> 0
B74: ='1. LRAMVA Summary'!B35 -> 0 | C74: ='2. LRAMVA Threshold'!L43 -> 0
B75: Rate rider for tax sharing
B76: Rate rider for foregone revenue
B77: Other
B78: Adjusted rate | D78: =SUM(D74:D77) -> 0 | E78: =SUM(E74:E77) -> 0 | F78: =SUM(F74:F77) -> 0 | G78: =SUM(G74:G77) -> 0 | H78: =SUM(H74:H77) -> 0 | I78: =SUM(I74:I77) -> 0 | J78: =SUM(J74:J77) -> 0 | K78: =SUM(K74:K77) -> 0 | ... N78: =SUM(N74:N77) -> 0
B79: Calendar year equivalent | E79: =ROUND(SUM(D78*E16+E78*E17)/12,4) -> 0 | F79: =ROUND(SUM(E78*F16+F78*F17)/12,4) -> 0 | G79: =ROUND(SUM(F78*G16+G78*G17)/12,4) -> 0 | H79: =ROUND(SUM(G78*H16+H78*H17)/12,4) -> 0 | I79: =ROUND(SUM(H78*I16+I78*I17)/12,4) -> 0 | J79: =ROUND(SUM(I78*J16+J78*J17)/12,4) -> 0 | K79: =ROUND(SUM(J78*K16+K78*K17)/12,4) -> 0 | L79: =ROUND(SUM(K78*L16+L78*L17)/12,4) -> 0 | ... N79: =ROUND(SUM(M78*N16+N78*N17)/12,4) -> 0
B81: ='1. LRAMVA Summary'!B36 -> 0 | C81: ='2. LRAMVA Threshold'!M43 -> 0
B82: Rate rider for tax sharing
B83: Rate rider for foregone revenue
B84: Other
B85: Adjusted rate | D85: =SUM(D81:D84) -> 0 | E85: =SUM(E81:E84) -> 0 | F85: =SUM(F81:F84) -> 0 | G85: =SUM(G81:G84) -> 0 | H85: =SUM(H81:H84) -> 0 | I85: =SUM(I81:I84) -> 0 | J85: =SUM(J81:J84) -> 0 | K85: =SUM(K81:K84) -> 0 | ... N85: =SUM(N81:N84) -> 0
B86: Calendar year equivalent | E86: =ROUND(SUM(D85*E16+E85*E17)/12,4) -> 0 | F86: =ROUND(SUM(E85*F16+F85*F17)/12,4) -> 0 | G86: =ROUND(SUM(F85*G16+G85*G17)/12,4) -> 0 | H86: =ROUND(SUM(G85*H16+H85*H17)/12,4) -> 0 | I86: =ROUND(SUM(H85*I16+I85*I17)/12,4) -> 0 | J86: =ROUND(SUM(I85*J16+J85*J17)/12,4) -> 0 | K86: =ROUND(SUM(J85*K16+K85*K17)/12,4) -> 0 | L86: =ROUND(SUM(K85*L16+L85*L17)/12,4) -> 0 | ... N86: =ROUND(SUM(M85*N16+N85*N17)/12,4) -> 0
B88: ='1. LRAMVA Summary'!B37 -> 0 | C88: ='2. LRAMVA Threshold'!N43 -> 0
B89: Rate rider for tax sharing
B90: Rate rider for foregone revenue
B91: Other
B92: Adjusted rate | D92: =SUM(D88:D91) -> 0 | E92: =SUM(E88:E91) -> 0 | F92: =SUM(F88:F91) -> 0 | G92: =SUM(G88:G91) -> 0 | H92: =SUM(H88:H91) -> 0 | I92: =SUM(I88:I91) -> 0 | J92: =SUM(J88:J91) -> 0 | K92: =SUM(K88:K91) -> 0 | ... N92: =SUM(N88:N91) -> 0
B93: Calendar year equivalent | E93: =ROUND(SUM(D92*E16+E92*E17)/12,4) -> 0 | F93: =ROUND(SUM(E92*F16+F92*F17)/12,4) -> 0 | G93: =ROUND(SUM(F92*G16+G92*G17)/12,4) -> 0 | H93: =ROUND(SUM(G92*H16+H92*H17)/12,4) -> 0 | I93: =ROUND(SUM(H92*I16+I92*I17)/12,4) -> 0 | J93: =ROUND(SUM(I92*J16+J92*J17)/12,4) -> 0 | K93: =ROUND(SUM(J92*K16+K92*K17)/12,4) -> 0 | L93: =ROUND(SUM(K92*L16+L92*L17)/12,4) -> 0 | ... N93: =ROUND(SUM(M92*N16+N92*N17)/12,4) -> 0
B95: ='1. LRAMVA Summary'!B38 -> 0 | C95: ='2. LRAMVA Threshold'!O43 -> 0
B96: Rate rider for tax sharing
B97: Rate rider for foregone revenue
B98: Other
B99: Adjusted rate | D99: =SUM(D95:D98) -> 0 | E99: =SUM(E95:E98) -> 0 | F99: =SUM(F95:F98) -> 0 | G99: =SUM(G95:G98) -> 0 | H99: =SUM(H95:H98) -> 0 | I99: =SUM(I95:I98) -> 0 | J99: =SUM(J95:J98) -> 0 | K99: =SUM(K95:K98) -> 0 | ... N99: =SUM(N95:N98) -> 0
B100: Calendar year equivalent | E100: =ROUND(SUM(D99*E16+E99*E17)/12,4) -> 0 | F100: =ROUND(SUM(E99*F16+F99*F17)/12,4) -> 0 | G100: =ROUND(SUM(F99*G16+G99*G17)/12,4) -> 0 | H100: =ROUND(SUM(G99*H16+H99*H17)/12,4) -> 0 | I100: =ROUND(SUM(H99*I16+I99*I17)/12,4) -> 0 | J100: =ROUND(SUM(I99*J16+J99*J17)/12,4) -> 0 | K100: =ROUND(SUM(J99*K16+K99*K17)/12,4) -> 0 | L100: =ROUND(SUM(K99*L16+L99*L17)/12,4) -> 0 | ... N100: =ROUND(SUM(M99*N16+N99*N17)/12,4) -> 0
B102: ='1. LRAMVA Summary'!B39 -> 0 | C102: ='2. LRAMVA Threshold'!P43 -> 0
B103: Rate rider for tax sharing
B104: Rate rider for foregone revenue
B105: Other
B106: Adjusted rate | D106: =SUM(D102:D105) -> 0 | E106: =SUM(E102:E105) -> 0 | F106: =SUM(F102:F105) -> 0 | G106: =SUM(G102:G105) -> 0 | H106: =SUM(H102:H105) -> 0 | I106: =SUM(I102:I105) -> 0 | J106: =SUM(J102:J105) -> 0 | K106: =SUM(K102:K105) -> 0 | ... N106: =SUM(N102:N105) -> 0
B107: Calendar year equivalent | E107: =ROUND(SUM(D106*E16+E106*E17)/12,4) -> 0 | F107: =ROUND(SUM(E106*F16+F106*F17)/12,4) -> 0 | G107: =ROUND(SUM(F106*G16+G106*G17)/12,4) -> 0 | H107: =ROUND(SUM(G106*H16+H106*H17)/12,4) -> 0 | I107: =ROUND(SUM(H106*I16+I106*I17)/12,4) -> 0 | J107: =ROUND(SUM(I106*J16+J106*J17)/12,4) -> 0 | K107: =ROUND(SUM(J106*K16+K106*K17)/12,4) -> 0 | L107: =ROUND(SUM(K106*L16+L106*L17)/12,4) -> 0 | ... N107: =ROUND(SUM(M106*N16+N106*N17)/12,4) -> 0
B109: ='1. LRAMVA Summary'!B40 -> 0 | C109: ='2. LRAMVA Threshold'!Q43 -> 0
B110: Rate rider for tax sharing
B111: Rate rider for foregone revenue
B112: Other
B113: Adjusted rate | D113: =SUM(D109:D112) -> 0 | E113: =SUM(E109:E112) -> 0 | F113: =SUM(F109:F112) -> 0 | G113: =SUM(G109:G112) -> 0 | H113: =SUM(H109:H112) -> 0 | I113: =SUM(I109:I112) -> 0 | J113: =SUM(J109:J112) -> 0 | K113: =SUM(K109:K112) -> 0 | ... N113: =SUM(N109:N112) -> 0
B114: Calendar year equivalent | E114: =ROUND(SUM(D113*E16+E113*E17)/12,4) -> 0 | F114: =ROUND(SUM(E113*F16+F113*F17)/12,4) -> 0 | G114: =ROUND(SUM(F113*G16+G113*G17)/12,4) -> 0 | H114: =ROUND(SUM(G113*H16+H113*H17)/12,4) -> 0 | I114: =ROUND(SUM(H113*I16+I113*I17)/12,4) -> 0 | J114: =ROUND(SUM(I113*J16+J113*J17)/12,4) -> 0 | K114: =ROUND(SUM(J113*K16+K113*K17)/12,4) -> 0 | L114: =ROUND(SUM(K113*L16+L113*L17)/12,4) -> 0 | ... N114: =ROUND(SUM(M113*N16+N113*N17)/12,4) -> 0
B116: Note: LDC to make note of adjustments made to Table 3 to accommodate the LDC's specific circumstances
B119: Table 3-a. Distribution Rates by Rate Class
B120: Table 3-a below autopopulates the average distribution rates from Table 3. Please ensure that the distribution rates relevant to the years of the LRAMVA disposition are used. As such, please clear the rates related to the year(s) that are not part of the LRAMVA claim. The distribution rates that remain in Table 3-a will be used in Tabs 4 and 5 of the work form to calculate actual and forecast lost revenues. If there are additional adjustments (i.e., rows) added to Table 3, please adjust the formulas from Table 3-a, as well as the distribution rate links in Tabs 4 and 5.
B122: Year | C122: ='1. LRAMVA Summary'!D50 -> Residential | D122: ='1. LRAMVA Summary'!E50 -> GS<50 kW | E122: ='1. LRAMVA Summary'!F50 -> GS 50 TO 4,999 KW | F122: ='1. LRAMVA Summary'!G50 -> Street Lighting | G122: ='1. LRAMVA Summary'!H50 | H122: ='1. LRAMVA Summary'!I50 | I122: ='1. LRAMVA Summary'!J50 | J122: ='1. LRAMVA Summary'!K50 | ... P122: ='1. LRAMVA Summary'!Q50
C123: ='1. LRAMVA Summary'!D51 -> kWh | D123: ='1. LRAMVA Summary'!E51 -> kWh | E123: ='1. LRAMVA Summary'!F51 -> kW | F123: ='1. LRAMVA Summary'!G51 -> kW | G123: ='1. LRAMVA Summary'!H51 -> 0 | H123: ='1. LRAMVA Summary'!I51 -> 0 | I123: ='1. LRAMVA Summary'!J51 -> 0 | J123: ='1. LRAMVA Summary'!K51 -> 0 | ... P123: ='1. LRAMVA Summary'!Q51 -> 0
...

Sheet 3-a.  Rate Class Allocations
B14: Instructions
B16: LDCs must clearly show how it has allocated actual CDM savings to applicable rate classes, including supporting documentation and rationale for its proposal. This should be shown by customer class and program each year.
B18: RSL has allocated actual CDM savings based on the IESO's final results which segment the program results into sectors. The results for Retrofit and HPNC items are initially collected for all rate classes then using verified project savings the result savings are divided into the appropriate rate classes.
B19: The allocation of retrofit results is shown in the tables below .
C23: kWh | D23: 2011 | E23: 2012 | F23: 2013 | G23: 2014 | H23: 2015
C24: GS<50 | D24: 0.5 | E24: 0 | F24: 0.25669919 | G24: 0.018795861 | H24: 0.21260388
C25: GS>50 | D25: 0.5 | E25: 1 | F25: 0.74330081 | G25: 0.62919657 | H25: 0.36971086
C26: Street Lights | D26: 0 | E26: 0 | F26: 0 | G26: 0.35200756 | H26: 0.29029265
C28: kW | D28: 2011 | E28: 2012 | F28: 2013 | G28: 2014 | H28: 2015
C29: GS<50 | D29: 0.5 | E29: 0 | F29: 0.29100735 | G29: 0.037456946 | H29: 0.28725252
C30: GS>50 | D30: 0.5 | E30: 1 | F30: 0.70899265 | G30: 0.96254305 | H30: 0.56033345
C31: Street Lights | D31: 0 | E31: 0 | F31: 0 | G31: 0 | H31: 0

Sheet 4.  2011-2014 LRAM
B3: Legend | C3: User Inputs (Green)
C4: Auto Populated Cells (White)
C5: Instructions (Grey)
B7: Instructions | C7: 1. LDCs can apply for disposition of LRAMVA amounts at any time, but at a minimum, must do so as part of a cost of service (COS) application. The following LRAMVA work forms apply to LDCs that need to recover lost revenues from the 2011-2014 period. Please input or manually link the savings, adjustments and program savings persistence data in these tables from the LDC's Persistence Reports provided by the IESO (in Tab 7). As noted earlier, persistence data is available upon request from the IESO. Please also be advised that the same rate classes (of up to 14) are carried over from the Summary Tab 1.
C8: 2. Please ensure that the IESO verified savings adjustments apply back to the program year it relates to. For example, savings adjustments related to 2012 programs that were reported by the IESO in 2013 should be included in the 2012 program savings table. In order for persisting savings to be claimed in future years, past year's initiative level savings results need to be filled out in the tables below. If the IESO adjustments were made available to the LDC after the LRAMVA was approved, the persistence of those savings adjustments in the future can be claimed as approved LRAMVA amounts are considered to be final.
C9: 3. The work forms below include the monthly multipliers for most programs in order to claim demand savings from energy efficiency programs, consistent with the monthly multipliers indicated in the OEB's updated LRAM policy related to peak demand savings in EB-2016-0182. Demand Response (DR3) savings should generally not be included with the LRAMVA calculation, unless suported by empirical evidence. LDCs are requested to confirm the monthly multipliers for all programs each year as placeholder values are provided. If a different monthly multiplier is used, please include rationale in Tab 1-a and highlight the new multiplier that has been used.
C10: 4. LDC are requested to input the applicable rate class allocation percentages to allocate actual savings to the rate classes. The generic template currently includes the same allocation percentage for program savings and its savings adjustments. If a different allocation is proposed for savings adjustments, LDCs must provide supporting rationale in Tab 1-a and highlight the change.
C11: 5. The persistence of future savings is expected to be included in the distributor's load forecast after re-basing. LDCs are requested to delete the applicable savings persistence rows (auto-calculated after the LRAMVA totals for the year) if future year's persistence of savings is already captured in the updated load forecast. Please also provide assumptions about the years in which persistence is captured in the load forecast calculation in the "Notes" section below each table.
B13: Tables | C13: Table 4-a. 2011 Lost Revenues
C14: Table 4-b. 2012 Lost Revenues
C15: Table 4-c. 2013 Lost Revenues
C16: Table 4-d. 2014 Lost Revenues
B18: Table 4-a. 2011 Lost Revenues Work Form
B19: Program | C19: Results Status | D19: Net Energy Savings (kWh) | E19: Net Energy Savings Persistence (kWh) | N19: Monthly Multiplier | O19: Net Demand Savings (kW) | P19: Net Peak Demand Savings Persistence (kW) | Y19: Rate Allocations for LRAMVA
D20: 2011 | E20: 2012 | F20: 2013 | G20: 2014 | H20: 2015 | I20: 2016 | J20: 2017 | K20: 2018 | L20: 2019 | M20: 2020 | O20: 2011 | P20: 2012 | Q20: 2013 | R20: 2014 | S20: 2015 | T20: 2016 | U20: 2017 | V20: 2018 | W20: 2019 | X20: 2020 | Y20: ='1. LRAMVA Summary'!D50 -> Residential | Z20: ='1. LRAMVA Summary'!E50 -> GS<50 kW | AA20: ='1. LRAMVA Summary'!F50 -> GS 50 TO 4,999 KW | AB20: ='1. LRAMVA Summary'!G50 -> Street Lighting | AC20: ='1. LRAMVA Summary'!H50 | AD20: ='1. LRAMVA Summary'!I50 | AE20: ='1. LRAMVA Summary'!J50 | AF20: ='1. LRAMVA Summary'!K50 | ... AM20: ='1. LRAMVA Summary'!R50 -> Total
B21: Consumer Program | Y21: ='1. LRAMVA Summary'!D51 -> kWh | Z21: ='1. LRAMVA Summary'!E51 -> kWh | AA21: ='1. LRAMVA Summary'!F51 -> kW | AB21: ='1. LRAMVA Summary'!G51 -> kW | AC21: ='1. LRAMVA Summary'!H51 -> 0 | AD21: ='1. LRAMVA Summary'!I51 -> 0 | AE21: ='1. LRAMVA Summary'!J51 -> 0 | AF21: ='1. LRAMVA Summary'!K51 -> 0 | ... AL21: ='1. LRAMVA Summary'!Q51 -> 0
A22: 1 | B22: Appliance Retirement | C22: Verified | D22: 43725.781 | E22: 43725.781 | F22: 43725.781 | G22: 43523.796 | H22: 29725.232 | I22: 0 | J22: 0 | O22: 6.1199298 | P22: 6.1199298 | Q22: 6.1199298 | R22: 5.8940599 | S22: 3.9082652 | T22: 0 | U22: 0 | Y22: 1 | AM22: =SUM(Y22:AL22) -> 1
B23: Adjustment to 2011 savings | C23: True-up | Y23: =Y22 -> 1 | Z23: =Z22 -> 0 | AA23: =AA22 -> 0 | AB23: =AB22 -> 0 | AC23: =AC22 -> 0 | AD23: =AD22 -> 0 | AE23: =AE22 -> 0 | AF23: =AF22 -> 0 | ... AL23: =AL22 -> 0
A25: 2 | B25: Appliance Exchange | C25: Verified | D25: 1139.0643 | E25: 1139.0643 | F25: 1139.0643 | G25: 63.783491 | H25: 0 | I25: 0 | J25: 0 | O25: 1.2382046 | P25: 1.2382046 | Q25: 1.2382046 | R25: 0.035771891 | S25: 0 | T25: 0 | U25: 0 | Y25: 1 | AM25: =SUM(Y25:AL25) -> 1
B26: Adjustment to 2011 savings | C26: True-up | Y26: =Y25 -> 1 | Z26: =Z25 -> 0 | AA26: =AA25 -> 0 | AB26: =AB25 -> 0 | AC26: =AC25 -> 0 | AD26: =AD25 -> 0 | AE26: =AE25 -> 0 | AF26: =AF25 -> 0 | ... AL26: =AL25 -> 0
A28: 3 | B28: HVAC Incentives | C28: Verified | D28: 61704.381 | E28: 61704.381 | F28: 61704.381 | G28: 61704.381 | H28: 61704.381 | I28: 61704.381 | J28: 61704.381 | O28: 31.068265 | P28: 31.068265 | Q28: 31.068265 | R28: 31.068265 | S28: 31.068265 | T28: 31.068265 | U28: 31.068265 | Y28: 1 | AM28: =SUM(Y28:AL28) -> 1
B29: Adjustment to 2011 savings | C29: True-up | D29: -10571.716 | E29: -10571.716 | F29: -10571.716 | G29: -10571.716 | H29: -10571.716 | I29: -10571.716 | J29: -10571.716 | O29: -5.4691773 | P29: -5.4691773 | Q29: -5.4691773 | R29: -5.4691773 | S29: -5.4691773 | T29: -5.4691773 | U29: -5.4691773 | Y29: =Y28 -> 1 | Z29: =Z28 -> 0 | AA29: =AA28 -> 0 | AB29: =AB28 -> 0 | AC29: =AC28 -> 0 | AD29: =AD28 -> 0 | AE29: =AE28 -> 0 | AF29: =AF28 -> 0 | ... AL29: =AL28 -> 0
A31: 4 | B31: Conservation Instant Coupon Booklet | C31: Verified | D31: 20878.313 | E31: 20878.313 | F31: 20878.313 | G31: 20878.313 | H31: 19210.002 | I31: 17387.442 | J31: 13550.872 | O31: 1.2871493 | P31: 1.2871493 | Q31: 1.2871493 | R31: 1.2871493 | S31: 1.2099016 | T31: 1.1255117 | U31: 0.94786721 | Y31: 1 | AM31: =SUM(Y31:AL31) -> 1
B32: Adjustment to 2011 savings | C32: True-up | D32: 308.76911 | E32: 308.76911 | F32: 308.76911 | G32: 308.76911 | H32: 308.76911 | I32: 282.1164 | J32: 173.07597 | O32: 0.018032936 | P32: 0.018032936 | Q32: 0.018032936 | R32: 0.018032936 | S32: 0.018032936 | T32: 0.016798837 | U32: 0.011749943 | Y32: =Y31 -> 1 | Z32: =Z31 -> 0 | AA32: =AA31 -> 0 | AB32: =AB31 -> 0 | AC32: =AC31 -> 0 | AD32: =AD31 -> 0 | AE32: =AE31 -> 0 | AF32: =AF31 -> 0 | ... AL32: =AL31 -> 0
A34: 5 | B34: Bi-Annual Retailer Event | C34: Verified | D34: 32917.734 | E34: 32917.734 | F34: 32917.734 | G34: 32917.734 | H34: 30084.385 | I34: 26989.07 | J34: 20348.038 | O34: 1.8834711 | P34: 1.8834711 | Q34: 1.8834711 | R34: 1.8834711 | S34: 1.7522787 | T34: 1.6089565 | U34: 1.3014571 | Y34: 1 | AM34: =SUM(Y34:AL34) -> 1
B35: Adjustment to 2011 savings | C35: True-up | D35: 2445.6777 | E35: 2445.6777 | F35: 2445.6777 | G35: 2445.6777 | H35: 2445.6777 | I35: 2222.42 | J35: 1199.8605 | O35: 0.12082159 | P35: 0.12082159 | Q35: 0.12082159 | R35: 0.12082159 | S35: 0.12082159 | T35: 0.1104841 | U35: 0.063136581 | Y35: =Y34 -> 1 | Z35: =Z34 -> 0 | AA35: =AA34 -> 0 | AB35: =AB34 -> 0 | AC35: =AC34 -> 0 | AD35: =AD34 -> 0 | AE35: =AE34 -> 0 | AF35: =AF34 -> 0 | ... AL35: =AL34 -> 0
A37: 6 | B37: Retailer Co-op | C37: Verified | D37: 0 | E37: 0 | F37: 0 | G37: 0 | H37: 0 | I37: 0 | J37: 0 | O37: 0 | P37: 0 | Q37: 0 | R37: 0 | S37: 0 | T37: 0 | U37: 0 | Y37: 1 | AM37: =SUM(Y37:AL37) -> 1
B38: Adjustment to 2011 savings | C38: True-up | Y38: =Y37 -> 1 | Z38: =Z37 -> 0 | AA38: =AA37 -> 0 | AB38: =AB37 -> 0 | AC38: =AC37 -> 0 | AD38: =AD37 -> 0 | AE38: =AE37 -> 0 | AF38: =AF37 -> 0 | ... AL38: =AL37 -> 0
A40: 7 | B40: Residential Demand Response | C40: Verified | AM40: =SUM(Y40:AL40) -> 0
B41: Adjustment to 2011 savings | C41: True-up | Y41: =Y40 -> 0 | Z41: =Z40 -> 0 | AA41: =AA40 -> 0 | AB41: =AB40 -> 0 | AC41: =AC40 -> 0 | AD41: =AD40 -> 0 | AE41: =AE40 -> 0 | AF41: =AF40 -> 0 | ... AL41: =AL40 -> 0
A43: 8 | B43: Residential Demand Response (IHD) | C43: Verified | AM43: =SUM(Y43:AL43) -> 0
B44: Adjustment to 2011 savings | C44: True-up | Y44: =Y43 -> 0 | Z44: =Z43 -> 0 | AA44: =AA43 -> 0 | AB44: =AB43 -> 0 | AC44: =AC43 -> 0 | AD44: =AD43 -> 0 | AE44: =AE43 -> 0 | AF44: =AF43 -> 0 | ... AL44: =AL43 -> 0
A46: 9 | B46: Residential New Construction | C46: Verified | AM46: =SUM(Y46:AL46) -> 0
B47: Adjustment to 2011 savings | C47: True-up | Y47: =Y46 -> 0 | Z47: =Z46 -> 0 | AA47: =AA46 -> 0 | AB47: =AB46 -> 0 | AC47: =AC46 -> 0 | AD47: =AD46 -> 0 | AE47: =AE46 -> 0 | AF47: =AF46 -> 0 | ... AL47: =AL46 -> 0
B49: Business Program
A50: 10 | B50: Retrofit | C50: Verified | D50: 340676.31 | E50: 340676.31 | F50: 340676.31 | G50: 340676.31 | H50: 340676.31 | I50: 340676.31 | J50: 340676.31 | N50: 12 | O50: 61.916212 | P50: 61.916212 | Q50: 61.916212 | R50: 61.916212 | S50: 61.916212 | T50: 61.916212 | U50: 61.916212 | Z50: 0.5 | AA50: 0.5 | AM50: =SUM(Y50:AL50) -> 1
B51: Adjustment to 2011 savings | C51: True-up | N51: =N50 -> 12 | Y51: =Y50 -> 0 | Z51: =Z50 -> 0.5 | AA51: =AA50 -> 0.5 | AB51: =AB50 -> 0 | AC51: =AC50 -> 0 | AD51: =AD50 -> 0 | AE51: =AE50 -> 0 | AF51: =AF50 -> 0 | ... AL51: =AL50 -> 0
A53: 11 | B53: Direct Install Lighting | C53: Verified | D53: 267169.06 | E53: 267169.06 | F53: 267169.06 | G53: 182289.73 | H53: 182289.73 | I53: 182289.73 | J53: 19233.308 | N53: 12 | O53: 106.12394 | P53: 106.12394 | Q53: 106.12394 | R53: 75.402852 | S53: 75.402852 | T53: 75.402852 | U53: 7.5132095 | Z53: 1 | AM53: =SUM(Y53:AL53) -> 1
B54: Adjustment to 2011 savings | C54: True-up | D54: 5137.2573 | E54: 5137.2573 | F54: 5137.2573 | G54: 4940.0127 | H54: 4940.0127 | I54: 4940.0127 | J54: 740.32887 | N54: =N53 -> 12 | O54: 2.6223072 | P54: 2.6223072 | Q54: 2.6223072 | R54: 2.5370476 | S54: 2.5370476 | T54: 2.5370476 | U54: 0.38021149 | Y54: =Y53 -> 0 | Z54: =Z53 -> 1 | AA54: =AA53 -> 0 | AB54: =AB53 -> 0 | AC54: =AC53 -> 0 | AD54: =AD53 -> 0 | AE54: =AE53 -> 0 | AF54: =AF53 -> 0 | ... AL54: =AL53 -> 0
A56: 12 | B56: Building Commissioning | C56: Verified | N56: 3 | AM56: =SUM(Y56:AL56) -> 0
B57: Adjustment to 2011 savings | C57: True-up | N57: =N56 -> 3 | Y57: =Y56 -> 0 | Z57: =Z56 -> 0 | AA57: =AA56 -> 0 | AB57: =AB56 -> 0 | AC57: =AC56 -> 0 | AD57: =AD56 -> 0 | AE57: =AE56 -> 0 | AF57: =AF56 -> 0 | ... AL57: =AL56 -> 0
A59: 13 | B59: New Construction | C59: Verified | N59: 12 | AM59: =SUM(Y59:AL59) -> 0
B60: Adjustment to 2011 savings | C60: True-up | N60: =N59 -> 12 | Y60: =Y59 -> 0 | Z60: =Z59 -> 0 | AA60: =AA59 -> 0 | AB60: =AB59 -> 0 | AC60: =AC59 -> 0 | AD60: =AD59 -> 0 | AE60: =AE59 -> 0 | AF60: =AF59 -> 0 | ... AL60: =AL59 -> 0
A62: 14 | B62: Energy Audit | C62: Verified | N62: 12 | AM62: =SUM(Y62:AL62) -> 0
B63: Adjustment to 2011 savings | C63: True-up | N63: =N62 -> 12 | Y63: =Y62 -> 0 | Z63: =Z62 -> 0 | AA63: =AA62 -> 0 | AB63: =AB62 -> 0 | AC63: =AC62 -> 0 | AD63: =AD62 -> 0 | AE63: =AE62 -> 0 | AF63: =AF62 -> 0 | ... AL63: =AL62 -> 0
A65: 15 | B65: Small Commercial Demand Response | C65: Verified | AM65: =SUM(Y65:AL65) -> 0
B66: Adjustment to 2011 savings | C66: True-up | Y66: =Y65 -> 0 | Z66: =Z65 -> 0 | AA66: =AA65 -> 0 | AB66: =AB65 -> 0 | AC66: =AC65 -> 0 | AD66: =AD65 -> 0 | AE66: =AE65 -> 0 | AF66: =AF65 -> 0 | ... AL66: =AL65 -> 0
A68: 16 | B68: Small Commercial Demand Response (IHD) | C68: Verified | AM68: =SUM(Y68:AL68) -> 0
B69: Adjustment to 2011 savings | C69: True-up | Y69: =Y68 -> 0 | Z69: =Z68 -> 0 | AA69: =AA68 -> 0 | AB69: =AB68 -> 0 | AC69: =AC68 -> 0 | AD69: =AD68 -> 0 | AE69: =AE68 -> 0 | AF69: =AF68 -> 0 | ... AL69: =AL68 -> 0
A71: 17 | B71: Demand Response 3 | C71: Verified | AM71: =SUM(Y71:AL71) -> 0
B72: Adjustment to 2011 savings | C72: True-up | Y72: =Y71 -> 0 | Z72: =Z71 -> 0 | AA72: =AA71 -> 0 | AB72: =AB71 -> 0 | AC72: =AC71 -> 0 | AD72: =AD71 -> 0 | AE72: =AE71 -> 0 | AF72: =AF71 -> 0 | ... AL72: =AL71 -> 0
B74: Industrial Program
A75: 18 | B75: Process & System Upgrades | C75: Verified | N75: 12 | AM75: =SUM(Y75:AL75) -> 0
B76: Adjustment to 2011 savings | C76: True-up | N76: =N75 -> 12 | Y76: =Y75 -> 0 | Z76: =Z75 -> 0 | AA76: =AA75 -> 0 | AB76: =AB75 -> 0 | AC76: =AC75 -> 0 | AD76: =AD75 -> 0 | AE76: =AE75 -> 0 | AF76: =AF75 -> 0 | ... AL76: =AL75 -> 0
A78: 19 | B78: Monitoring & Targeting | C78: Verified | N78: 12 | AM78: =SUM(Y78:AL78) -> 0
B79: Adjustment to 2011 savings | C79: True-up | N79: =N78 -> 12 | Y79: =Y78 -> 0 | Z79: =Z78 -> 0 | AA79: =AA78 -> 0 | AB79: =AB78 -> 0 | AC79: =AC78 -> 0 | AD79: =AD78 -> 0 | AE79: =AE78 -> 0 | AF79: =AF78 -> 0 | ... AL79: =AL78 -> 0
A81: 20 | B81: Energy Manager | C81: Verified | N81: 12 | AM81: =SUM(Y81:AL81) -> 0
B82: Adjustment to 2011 savings | C82: True-up | N82: =N81 -> 12 | Y82: =Y81 -> 0 | Z82: =Z81 -> 0 | AA82: =AA81 -> 0 | AB82: =AB81 -> 0 | AC82: =AC81 -> 0 | AD82: =AD81 -> 0 | AE82: =AE81 -> 0 | AF82: =AF81 -> 0 | ... AL82: =AL81 -> 0
A84: 21 | B84: Retrofit | C84: Verified | N84: 12 | AM84: =SUM(Y84:AL84) -> 0
B85: Adjustment to 2011 savings | C85: True-up | N85: =N84 -> 12 | Y85: =Y84 -> 0 | Z85: =Z84 -> 0 | AA85: =AA84 -> 0 | AB85: =AB84 -> 0 | AC85: =AC84 -> 0 | AD85: =AD84 -> 0 | AE85: =AE84 -> 0 | AF85: =AF84 -> 0 | ... AL85: =AL84 -> 0
A87: 22 | B87: Demand Response 3 | C87: Verified | AM87: =SUM(Y87:AL87) -> 0
B88: Adjustment to 2011 savings | C88: True-up | Y88: =Y87 -> 0 | Z88: =Z87 -> 0 | AA88: =AA87 -> 0 | AB88: =AB87 -> 0 | AC88: =AC87 -> 0 | AD88: =AD87 -> 0 | AE88: =AE87 -> 0 | AF88: =AF87 -> 0 | ... AL88: =AL87 -> 0
B90: Home Assistance Program
A91: 23 | B91: Home Assistance Program | C91: Verified | AM91: =SUM(Y91:AL91) -> 0
B92: Adjustment to 2011 savings | C92: True-up | Y92: =Y91 -> 0 | Z92: =Z91 -> 0 | AA92: =AA91 -> 0 | AB92: =AB91 -> 0 | AC92: =AC91 -> 0 | AD92: =AD91 -> 0 | AE92: =AE91 -> 0 | AF92: =AF91 -> 0 | ... AL92: =AL91 -> 0
B94: Aboriginal Program
A95: 24 | B95: Home Assistance Program | C95: Verified | AM95: =SUM(Y95:AL95) -> 0
B96: Adjustment to 2011 savings | C96: True-up | Y96: =Y95 -> 0 | Z96: =Z95 -> 0 | AA96: =AA95 -> 0 | AB96: =AB95 -> 0 | AC96: =AC95 -> 0 | AD96: =AD95 -> 0 | AE96: =AE95 -> 0 | AF96: =AF95 -> 0 | ... AL96: =AL95 -> 0
A98: 25 | B98: Direct Install Lighting | C98: Verified | N98: 0 | AM98: =SUM(Y98:AL98) -> 0
B99: Adjustment to 2011 savings | C99: True-up | N99: =N98 -> 0 | Y99: =Y98 -> 0 | Z99: =Z98 -> 0 | AA99: =AA98 -> 0 | AB99: =AB98 -> 0 | AC99: =AC98 -> 0 | AD99: =AD98 -> 0 | AE99: =AE98 -> 0 | AF99: =AF98 -> 0 | ... AL99: =AL98 -> 0
B101: Pre-2011 Programs completed in 2011
A102: 26 | B102: Electricity Retrofit Incentive Program | C102: Verified | D102: 7842.983 | E102: 7842.983 | F102: 7842.983 | G102: 7842.983 | H102: 7842.983 | I102: 7842.983 | J102: 7842.983 | N102: 12 | O102: 1.3497484 | P102: 1.3497484 | Q102: 1.3497484 | R102: 1.3497484 | S102: 1.3497484 | T102: 1.3497484 | U102: 1.3497484 | Z102: 1 | AM102: =SUM(Y102:AL102) -> 1
B103: Adjustment to 2011 savings | C103: True-up | N103: =N102 -> 12 | Y103: =Y102 -> 0 | Z103: =Z102 -> 1 | AA103: =AA102 -> 0 | AB103: =AB102 -> 0 | AC103: =AC102 -> 0 | AD103: =AD102 -> 0 | AE103: =AE102 -> 0 | AF103: =AF102 -> 0 | ... AL103: =AL102 -> 0
A105: 27 | B105: High Performance New Construction | C105: Verified | D105: 238332.29 | E105: 238332.29 | F105: 238332.29 | G105: 238332.29 | H105: 238332.29 | I105: 238332.29 | J105: 238332.29 | N105: 12 | O105: 46.404263 | P105: 46.404263 | Q105: 46.404263 | R105: 46.404263 | S105: 46.404263 | T105: 46.404263 | U105: 46.404263 | Z105: 1 | AM105: =SUM(Y105:AL105) -> 1
B106: Adjustment to 2011 savings | C106: True-up | D106: -144547.29 | E106: -144547.29 | F106: -144547.29 | G106: -144547.29 | H106: -144547.29 | I106: -144547.29 | J106: -144547.29 | N106: =N105 -> 12 | O106: -0.054262962 | P106: -0.054262962 | Q106: -0.054262962 | R106: -0.054262962 | S106: -0.054262962 | T106: -0.054262962 | U106: -0.054262962 | Y106: =Y105 -> 0 | Z106: =Z105 -> 1 | AA106: =AA105 -> 0 | AB106: =AB105 -> 0 | AC106: =AC105 -> 0 | AD106: =AD105 -> 0 | AE106: =AE105 -> 0 | AF106: =AF105 -> 0 | ... AL106: =AL105 -> 0
A108: 28 | B108: Toronto Comprehensive | C108: Verified | N108: 0 | AM108: =SUM(Y108:AL108) -> 0
B109: Adjustment to 2011 savings | C109: True-up | N109: =N108 -> 0 | Y109: =Y108 -> 0 | Z109: =Z108 -> 0 | AA109: =AA108 -> 0 | AB109: =AB108 -> 0 | AC109: =AC108 -> 0 | AD109: =AD108 -> 0 | AE109: =AE108 -> 0 | AF109: =AF108 -> 0 | ... AL109: =AL108 -> 0
A111: 29 | B111: Multifamily Energy Efficiency Rebates | C111: Verified | N111: 0 | AM111: =SUM(Y111:AL111) -> 0
B112: Adjustment to 2011 savings | C112: True-up | N112: =N111 -> 0 | Y112: =Y111 -> 0 | Z112: =Z111 -> 0 | AA112: =AA111 -> 0 | AB112: =AB111 -> 0 | AC112: =AC111 -> 0 | AD112: =AD111 -> 0 | AE112: =AE111 -> 0 | AF112: =AF111 -> 0 | ... AL112: =AL111 -> 0
A114: 30 | B114: LDC Custom Programs | C114: Verified | N114: 0 | AM114: =SUM(Y114:AL114) -> 0
B115: Adjustment to 2011 savings | C115: True-up | N115: =N114 -> 0 | Y115: =Y114 -> 0 | Z115: =Z114 -> 0 | AA115: =AA114 -> 0 | AB115: =AB114 -> 0 | AC115: =AC114 -> 0 | AD115: =AD114 -> 0 | AE115: =AE114 -> 0 | AF115: =AF114 -> 0 | ... AL115: =AL114 -> 0
B117: Other
A118: 31 | B118: Program Enabled Savings | C118: Verified | N118: 0 | AM118: =SUM(Y118:AL118) -> 0
B119: Adjustment to 2011 savings | C119: True-up | N119: =N118 -> 0 | Y119: =Y118 -> 0 | Z119: =Z118 -> 0 | AA119: =AA118 -> 0 | AB119: =AB118 -> 0 | AC119: =AC118 -> 0 | AD119: =AD118 -> 0 | AE119: =AE118 -> 0 | AF119: =AF118 -> 0 | ... AL119: =AL118 -> 0
A121: 32 | B121: Time of Use Savings | C121: Verified | N121: 0 | AM121: =SUM(Y121:AL121) -> 0
B122: Adjustment to 2011 savings | C122: True-up | N122: =N121 -> 0 | Y122: =Y121 -> 0 | Z122: =Z121 -> 0 | AA122: =AA121 -> 0 | AB122: =AB121 -> 0 | AC122: =AC121 -> 0 | AD122: =AD121 -> 0 | AE122: =AE121 -> 0 | AF122: =AF121 -> 0 | ... AL122: =AL121 -> 0
A124: 33 | B124: LDC Pilots | C124: Verified | N124: 0 | AM124: =SUM(Y124:AL124) -> 0
B125: Adjustment to 2011 savings | C125: True-up | N125: =N124 -> 0 | Y125: =Y124 -> 0 | Z125: =Z124 -> 0 | AA125: =AA124 -> 0 | AB125: =AB124 -> 0 | AC125: =AC124 -> 0 | AD125: =AD124 -> 0 | AE125: =AE124 -> 0 | AF125: =AF124 -> 0 | ... AL125: =AL124 -> 0
B127: Actual CDM Savings in 2011 | D127: =SUM(D22:D125) -> 867158.61 | O127: =SUM(O22:O125) -> 254.62891 | Y127: =IF(Y21="kWh",SUMPRODUCT(D22:D125,Y22:Y125)) -> 152548 | Z127: =IF(Z21="kWh",SUMPRODUCT(D22:D125,Z22:Z125)) -> 544272.45 | AA127: =IF(AA21="kW",SUMPRODUCT(N22:N125,O22:O125,AA22:AA125),SUMPRODUCT(D22:D125,AA22:AA125)) -> 371.49727 | AB127: =IF(AB21="kW",SUMPRODUCT(N22:N125,O22:O125,AB22:AB125),SUMPRODUCT(D22:D125,AB22:AB125)) -> 0 | AC127: =IF(AC21="kW",SUMPRODUCT(N22:N125,O22:O125,AC22:AC125),SUMPRODUCT(D22:D125,AC22:AC125)) -> 0 | AD127: =IF(AD21="kW",SUMPRODUCT(N22:N125,O22:O125,AD22:AD125),SUMPRODUCT(D22:D125,AD22:AD125)) -> 0 | AE127: =IF(AE21="kW",SUMPRODUCT(N22:N125,O22:O125,AE22:AE125),SUMPRODUCT(D22:D125,AE22:AE125)) -> 0 | AF127: =IF(AF21="kW",SUMPRODUCT(N22:N125,O22:O125,AF22:AF125),SUMPRODUCT(D22:D125,AF22:AF125)) -> 0 | AG127: =IF(AG21="kW",SUMPRODUCT(N22:N125,O22:O125,AG22:AG125),SUMPRODUCT(D22:D125,AG22:AG125)) -> 0 | AH127: =IF(AH21="kW",SUMPRODUCT(N22:N125,O22:O125,AH22:AH125),SUMPRODUCT(D22:D125,AH22:AH125)) -> 0 | AI127: =IF(AI21="kW",SUMPRODUCT(N22:N125,O22:O125,AI22:AI125),SUMPRODUCT(D22:D125,AI22:AI125)) -> 0 | AJ127: =IF(AJ21="kW",SUMPRODUCT(N22:N125,O22:O125,AJ22:AJ125),SUMPRODUCT(D22:D125,AJ22:AJ125)) -> 0 | AK127: =IF(AK21="kW",SUMPRODUCT(N22:N125,O22:O125,AK22:AK125),SUMPRODUCT(D22:D125,AK22:AK125)) -> 0 | AL127: =IF(AL21="kW",SUMPRODUCT(N22:N125,O22:O125,AL22:AL125),SUMPRODUCT(D22:D125,AL22:AL125)) -> 0
B128: Forecast CDM Savings in 2011 | Y128: =HLOOKUP(Y20,'2. LRAMVA Threshold'!$B$42:$Q$53,3,FALSE) -> 0 | Z128: =HLOOKUP(Z20,'2. LRAMVA Threshold'!$B$42:$Q$53,3,FALSE) -> 0 | AA128: =HLOOKUP(AA20,'2. LRAMVA Threshold'!$B$42:$Q$53,3,FALSE) -> 0 | AB128: =HLOOKUP(AB20,'2. LRAMVA Threshold'!$B$42:$Q$53,3,FALSE) -> 0 | AC128: =HLOOKUP(AC20,'2. LRAMVA Threshold'!$B$42:$Q$53,3,FALSE) -> 0 | AD128: =HLOOKUP(AD20,'2. LRAMVA Threshold'!$B$42:$Q$53,3,FALSE) -> 0 | AE128: =HLOOKUP(AE20,'2. LRAMVA Threshold'!$B$42:$Q$53,3,FALSE) -> 0 | AF128: =HLOOKUP(AF20,'2. LRAMVA Threshold'!$B$42:$Q$53,3,FALSE) -> 0 | ... AL128: =HLOOKUP(AL20,'2. LRAMVA Threshold'!$B$42:$Q$53,3,FALSE) -> 0
B130: Distribution Rate in 2011 | Y130: =HLOOKUP(Y$20,'3. Distribution Rates'!$C$122:$P$133,3,FALSE) -> 0.0117 | Z130: =HLOOKUP(Z$20,'3. Distribution Rates'!$C$122:$P$133,3,FALSE) -> 0.0074 | AA130: =HLOOKUP(AA$20,'3. Distribution Rates'!$C$122:$P$133,3,FALSE) -> 1.2466 | AB130: =HLOOKUP(AB$20,'3. Distribution Rates'!$C$122:$P$133,3,FALSE) -> 8.7341 | AC130: =HLOOKUP(AC$20,'3. Distribution Rates'!$C$122:$P$133,3,FALSE) -> 0 | AD130: =HLOOKUP(AD$20,'3. Distribution Rates'!$C$122:$P$133,3,FALSE) -> 0 | AE130: =HLOOKUP(AE$20,'3. Distribution Rates'!$C$122:$P$133,3,FALSE) -> 0 | AF130: =HLOOKUP(AF$20,'3. Distribution Rates'!$C$122:$P$133,3,FALSE) -> 0 | ... AL130: =HLOOKUP(AL$20,'3. Distribution Rates'!$C$122:$P$133,3,FALSE) -> 0
B131: Lost Revenue in 2011 from 2011 programs | Y131: =Y127*Y130 -> 1784.8116 | Z131: =Z127*Z130 -> 4027.6161 | AA131: =AA127*AA130 -> 463.1085 | AB131: =AB127*AB130 -> 0 | AC131: =AC127*AC130 -> 0 | AD131: =AD127*AD130 -> 0 | AE131: =AE127*AE130 -> 0 | AF131: =AF127*AF130 -> 0 | ... AL131: =AL127*AL130 -> 0 | AM131: =SUM(Y131:AL131) -> 6275.5363
B132: Forecast Lost Revenues in 2011 | Y132: =Y128*Y130 -> 0 | Z132: =Z128*Z130 -> 0 | AA132: =AA128*AA130 -> 0 | AB132: =AB128*AB130 -> 0 | AC132: =AC128*AC130 -> 0 | AD132: =AD128*AD130 -> 0 | AE132: =AE128*AE130 -> 0 | AF132: =AF128*AF130 -> 0 | ... AL132: =AL128*AL130 -> 0 | AM132: =SUM(Y132:AL132) -> 0
B133: LRAMVA in 2011 | AM133: =AM131-AM132 -> 6275.5363
B135: 2011 Savings Persisting in 2012 | Y135: =SUMPRODUCT(E22:E125,Y22:Y125) -> 152548 | Z135: =SUMPRODUCT(E22:E125,Z22:Z125) -> 544272.45 | AA135: =IF(AA21="kW",SUMPRODUCT(N22:N125,P22:P125,AA22:AA125),SUMPRODUCT(E22:E125,AA22:AA125)) -> 371.49727 | AB135: =IF(AB21="kW",SUMPRODUCT(N22:N125,P22:P125,AB22:AB125),SUMPRODUCT(E22:E125,AB22:AB125)) -> 0 | AC135: =IF(AC21="kW",SUMPRODUCT(N22:N125,P22:P125,AC22:AC125),SUMPRODUCT(E22:E125,AC22:AC125)) -> 0 | AD135: =IF(AD21="kW",SUMPRODUCT(N22:N125,P22:P125,AD22:AD125),SUMPRODUCT(E22:E125, AD22:AD125)) -> 0 | AE135: =IF(AE21="kW",SUMPRODUCT(N22:N125,P22:P125,AE22:AE125),SUMPRODUCT(E22:E125,AE22:AE125)) -> 0 | AF135: =IF(AF21="kW",SUMPRODUCT(N22:N125,P22:P125,AF22:AF125),SUMPRODUCT(E22:E125,AF22:AF125)) -> 0 | AG135: =IF(AG21="kW",SUMPRODUCT(N22:N125,P22:P125,AG22:AG125),SUMPRODUCT(E22:E125,AG22:AG125)) -> 0 | AH135: =IF(AH21="kW",SUMPRODUCT(N22:N125,P22:P125,AH22:AH125),SUMPRODUCT(E22:E125,AH22:AH125)) -> 0 | AI135: =IF(AI21="kW",SUMPRODUCT(N22:N125,P22:P125,AI22:AI125),SUMPRODUCT(E22:E125,AI22:AI125)) -> 0 | AJ135: =IF(AJ21="kW",SUMPRODUCT(N22:N125,P22:P125,AJ22:AJ125),SUMPRODUCT(E22:E125,AJ22:AJ125)) -> 0 | AK135: =IF(AK21="kW",SUMPRODUCT(N22:N125,P22:P125,AK22:AK125),SUMPRODUCT(E22:E125,AK22:AK125)) -> 0 | AL135: =IF(AL21="kW",SUMPRODUCT(N22:N125,P22:P125,AL22:AL125),SUMPRODUCT(E22:E125,AL22:AL125)) -> 0
B136: 2011 Savings Persisting in 2013 | Y136: =SUMPRODUCT(F22:F125,Y22:Y125) -> 152548 | Z136: =SUMPRODUCT(F22:F125,Z22:Z125) -> 544272.45 | AA136: =IF(AA21="kW",SUMPRODUCT(N22:N125,Q22:Q125,AA22:AA125),SUMPRODUCT(F22:F125,AA22:AA125)) -> 371.49727 | AB136: =IF(AB21="kW",SUMPRODUCT(N22:N125,Q22:Q125,AB22:AB125),SUMPRODUCT(F22:F125,AB22:AB125)) -> 0 | AC136: =IF(AC21="kW",SUMPRODUCT(N22:N125,Q22:Q125,AC22:AC125),SUMPRODUCT(F22:F125, AC22:AC125)) -> 0 | AD136: =IF(AD21="kW",SUMPRODUCT(N22:N125,Q22:Q125,AD22:AD125),SUMPRODUCT(F22:F125, AD22:AD125)) -> 0 | AE136: =IF(AE21="kW",SUMPRODUCT(N22:N125,Q22:Q125,AE22:AE125),SUMPRODUCT(F22:F125,AE22:AE125)) -> 0 | AF136: =IF(AF21="kW",SUMPRODUCT(N22:N125,Q22:Q125,AF22:AF125),SUMPRODUCT(F22:F125,AF22:AF125)) -> 0 | AG136: =IF(AG21="kW",SUMPRODUCT(N22:N125,Q22:Q125,AG22:AG125),SUMPRODUCT(F22:F125,AG22:AG125)) -> 0 | AH136: =IF(AH21="kW",SUMPRODUCT(N22:N125,Q22:Q125,AH22:AH125),SUMPRODUCT(F22:F125,AH22:AH125)) -> 0 | AI136: =IF(AI21="kW",SUMPRODUCT(N22:N125,Q22:Q125,AI22:AI125),SUMPRODUCT(F22:F125,AI22:AI125)) -> 0 | AJ136: =IF(AJ21="kW",SUMPRODUCT(N22:N125,Q22:Q125,AJ22:AJ125),SUMPRODUCT(F22:F125,AJ22:AJ125)) -> 0 | AK136: =IF(AK21="kW",SUMPRODUCT(N22:N125,Q22:Q125,AK22:AK125),SUMPRODUCT(F22:F125,AK22:AK125)) -> 0 | AL136: =IF(AL21="kW",SUMPRODUCT(N22:N125,Q22:Q125,AL22:AL125),SUMPRODUCT(F22:F125,AL22:AL125)) -> 0
B137: 2011 Savings Persisting in 2014 | Y137: =SUMPRODUCT(G22:G125,Y22:Y125) -> 151270.74 | Z137: =SUMPRODUCT(G22:G125,Z22:Z125) -> 459195.88 | AA137: =IF(AA21="kW",SUMPRODUCT(N22:N125,R22:R125,AA22:AA125),SUMPRODUCT(G22:G125,AA22:AA125)) -> 371.49727 | AB137: =IF(AB21="kW",SUMPRODUCT(N22:N125,R22:R125,AB22:AB125),SUMPRODUCT(G22:G125,AB22:AB125)) -> 0 | AC137: =IF(AC21="kW",SUMPRODUCT(N22:N125,R22:R125,AC22:AC125),SUMPRODUCT(G22:G125, AC22:AC125)) -> 0 | AD137: =IF(AD21="kW",SUMPRODUCT(N22:N125,R22:R125,AD22:AD125),SUMPRODUCT(G22:G125, AD22:AD125)) -> 0 | AE137: =IF(AE21="kW",SUMPRODUCT(N22:N125,R22:R125,AE22:AE125),SUMPRODUCT(G22:G125,AE22:AE125)) -> 0 | AF137: =IF(AF21="kW",SUMPRODUCT(N22:N125,R22:R125,AF22:AF125),SUMPRODUCT(G22:G125,AF22:AF125)) -> 0 | AG137: =IF(AG21="kW",SUMPRODUCT(N22:N125,R22:R125,AG22:AG125),SUMPRODUCT(G22:G125,AG22:AG125)) -> 0 | AH137: =IF(AH21="kW",SUMPRODUCT(N22:N125,R22:R125,AH22:AH125),SUMPRODUCT(G22:G125,AH22:AH125)) -> 0 | AI137: =IF(AI21="kW",SUMPRODUCT(N22:N125,R22:R125,AI22:AI125),SUMPRODUCT(G22:G125,AI22:AI125)) -> 0 | AJ137: =IF(AJ21="kW",SUMPRODUCT(N22:N125,R22:R125,AJ22:AJ125),SUMPRODUCT(G22:G125,AJ22:AJ125)) -> 0 | AK137: =IF(AK21="kW",SUMPRODUCT(N22:N125,R22:R125,AK22:AK125),SUMPRODUCT(G22:G125,AK22:AK125)) -> 0 | AL137: =IF(AL21="kW",SUMPRODUCT(N22:N125,R22:R125,AL22:AL125),SUMPRODUCT(G22:G125,AL22:AL125)) -> 0
B138: 2011 Savings Persisting in 2015 | Y138: =SUMPRODUCT(H22:H125,Y22:Y125) -> 132906.73 | Z138: =SUMPRODUCT(H22:H125,Z22:Z125) -> 459195.88 | AA138: =IF(AA21="kW",SUMPRODUCT(N22:N125,S22:S125,AA22:AA125),SUMPRODUCT(H22:H125,AA22:AA125)) -> 371.49727 | AB138: =IF(AB21="kW",SUMPRODUCT(N22:N125,S22:S125,AB22:AB125),SUMPRODUCT(H22:H125,AB22:AB125)) -> 0 | AC138: =IF(AC21="kW",SUMPRODUCT(N22:N125,S22:S125,AC22:AC125),SUMPRODUCT(H22:H125, AC22:AC125)) -> 0 | AD138: =IF(AD21="kW",SUMPRODUCT(N22:N125,S22:S125,AD22:AD125),SUMPRODUCT(H22:H125, AD22:AD125)) -> 0 | AE138: =IF(AE21="kW",SUMPRODUCT(N22:N125,S22:S125,AE22:AE125),SUMPRODUCT(H22:H125,AE22:AE125)) -> 0 | AF138: =IF(AF21="kW",SUMPRODUCT(N22:N125,S22:S125,AF22:AF125),SUMPRODUCT(H22:H125,AF22:AF125)) -> 0 | AG138: =IF(AG21="kW",SUMPRODUCT(N22:N125,S22:S125,AG22:AG125),SUMPRODUCT(H22:H125,AG22:AG125)) -> 0 | AH138: =IF(AH21="kW",SUMPRODUCT(N22:N125,S22:S125,AH22:AH125),SUMPRODUCT(H22:H125,AH22:AH125)) -> 0 | AI138: =IF(AI21="kW",SUMPRODUCT(N22:N125,S22:S125,AI22:AI125),SUMPRODUCT(H22:H125,AI22:AI125)) -> 0 | AJ138: =IF(AJ21="kW",SUMPRODUCT(N22:N125,S22:S125,AJ22:AJ125),SUMPRODUCT(H22:H125,AJ22:AJ125)) -> 0 | AK138: =IF(AK21="kW",SUMPRODUCT(N22:N125,S22:S125,AK22:AK125),SUMPRODUCT(H22:H125,AK22:AK125)) -> 0 | AL138: =IF(AL21="kW",SUMPRODUCT(N22:N125,S22:S125,AL22:AL125),SUMPRODUCT(H22:H125,AL22:AL125)) -> 0
B139: 2011 Savings Persisting in 2016 | Y139: =SUMPRODUCT(I22:I125,Y22:Y125) -> 98013.713 | Z139: =SUMPRODUCT(I22:I125,Z22:Z125) -> 459195.88 | AA139: =IF(AA21="kW",SUMPRODUCT(N22:N125,T22:T125,AA22:AA125),SUMPRODUCT(I22:I125,AA22:AA125)) -> 371.49727 | AB139: =IF(AB21="kW",SUMPRODUCT(N22:N125,T22:T125,AB22:AB125),SUMPRODUCT(I22:I125,AB22:AB125)) -> 0 | AC139: =IF(AC21="kW",SUMPRODUCT(N22:N125,T22:T125,AC22:AC125),SUMPRODUCT(I22:I125, AC22:AC125)) -> 0 | AD139: =IF(AD21="kW",SUMPRODUCT(N22:N125,T22:T125,AD22:AD125),SUMPRODUCT(I22:I125, AD22:AD125)) -> 0 | AE139: =IF(AE21="kW",SUMPRODUCT(N22:N125,T22:T125,AE22:AE125),SUMPRODUCT(I22:I125,AE22:AE125)) -> 0 | AF139: =IF(AF21="kW",SUMPRODUCT(N22:N125,T22:T125,AF22:AF125),SUMPRODUCT(I22:I125,AF22:AF125)) -> 0 | AG139: =IF(AG21="kW",SUMPRODUCT(N22:N125,T22:T125,AG22:AG125),SUMPRODUCT(I22:I125,AG22:AG125)) -> 0 | AH139: =IF(AH21="kW",SUMPRODUCT(N22:N125,T22:T125,AH22:AH125),SUMPRODUCT(I22:I125,AH22:AH125)) -> 0 | AI139: =IF(AI21="kW",SUMPRODUCT(N22:N125,T22:T125,AI22:AI125),SUMPRODUCT(I22:I125,AI22:AI125)) -> 0 | AJ139: =IF(AJ21="kW",SUMPRODUCT(N22:N125,T22:T125,AJ22:AJ125),SUMPRODUCT(I22:I125,AJ22:AJ125)) -> 0 | AK139: =IF(AK21="kW",SUMPRODUCT(N22:N125,T22:T125,AK22:AK125),SUMPRODUCT(I22:I125,AK22:AK125)) -> 0 | AL139: =IF(AL21="kW",SUMPRODUCT(N22:N125,T22:T125,AL22:AL125),SUMPRODUCT(I22:I125,AL22:AL125)) -> 0
B140: 2011 Savings Persisting in 2017 | Y140: =SUMPRODUCT(J22:J125,Y22:Y125) -> 86404.511 | Z140: =SUMPRODUCT(J22:J125,Z22:Z125) -> 291939.77 | AA140: =IF(AA21="kW",SUMPRODUCT(N22:N125,U22:U125,AA22:AA125),SUMPRODUCT(J22:J125,AA22:AA125)) -> 371.49727 | AB140: =IF(AB21="kW",SUMPRODUCT(N22:N125,U22:U125,AB22:AB125),SUMPRODUCT(J22:J125,AB22:AB125)) -> 0 | AC140: =IF(AC21="kW",SUMPRODUCT(N22:N125,U22:U125,AC22:AC125),SUMPRODUCT(J22:J125, AC22:AC125)) -> 0 | AD140: =IF(AD21="kW",SUMPRODUCT(N22:N125,U22:U125,AD22:AD125),SUMPRODUCT(J22:J125, AD22:AD125)) -> 0 | AE140: =IF(AE21="kW",SUMPRODUCT(N22:N125,U22:U125,AE22:AE125),SUMPRODUCT(J22:J125,AE22:AE125)) -> 0 | AF140: =IF(AF21="kW",SUMPRODUCT(N22:N125,U22:U125,AF22:AF125),SUMPRODUCT(J22:J125,AF22:AF125)) -> 0 | AG140: =IF(AG21="kW",SUMPRODUCT(N22:N125,U22:U125,AG22:AG125),SUMPRODUCT(J22:J125,AG22:AG125)) -> 0 | AH140: =IF(AH21="kW",SUMPRODUCT(N22:N125,U22:U125,AH22:AH125),SUMPRODUCT(J22:J125,AH22:AH125)) -> 0 | AI140: =IF(AI21="kW",SUMPRODUCT(N22:N125,U22:U125,AI22:AI125),SUMPRODUCT(J22:J125,AI22:AI125)) -> 0 | AJ140: =IF(AJ21="kW",SUMPRODUCT(N22:N125,U22:U125,AJ22:AJ125),SUMPRODUCT(J22:J125,AJ22:AJ125)) -> 0 | AK140: =IF(AK21="kW",SUMPRODUCT(N22:N125,U22:U125,AK22:AK125),SUMPRODUCT(J22:J125,AK22:AK125)) -> 0 | AL140: =IF(AL21="kW",SUMPRODUCT(N22:N125,U22:U125,AL22:AL125),SUMPRODUCT(J22:J125,AL22:AL125)) -> 0
...

Sheet 5.  2015-2020 LRAM
B14: Legend | C14: User Inputs (Green)
C15: Auto Populated Cells (White)
C16: Instructions (Grey)
B18: Instructions | C18: 1. LDCs can apply for disposition of LRAMVA amounts at any time, but at a minimum, must do so as part of a cost of service (COS) application. The following LRAMVA work forms apply to LDCs that need to recover lost revenues from the 2015-2020 period. Please input or manually link the savings, adjustments and program savings persistence data in these tables from the LDC's Persistence Reports provided by the IESO (in Tab 7). As noted earlier, persistence data is available upon request from the IESO. Please also be advised that the same rate classes (of up to 14) are carried over from the Summary Tab 1.
C19: 2. Please ensure that the IESO verified savings adjustments apply back to the program year it relates to. For example, savings adjustments related to 2016 programs that were reported by the IESO in 2017 should be included in the 2016 program savings table. In order for persisting savings to be claimed in future years, past year's initiative level savings results need to be filled out in the tables below. If the IESO adjustments were made available to the LDC after the LRAMVA was approved, the persistence of those savings adjustments in the future can be claimed as approved LRAMVA amounts are considered to be final.
C20: 3. The work forms below include the monthly multipliers for most programs in order to claim demand savings from energy efficiency programs, consistent with the monthly multipliers indicated in the OEB's updated LRAM policy related to peak demand savings in EB-2016-0182. Demand Response (DR3) savings should generally not be included with the LRAMVA calculation, unless suported by empirical evidence. LDCs are requested to confirm the monthly multipliers for all programs each year as placeholder values are provided. If a different monthly multiplier is used, please include rationale in Tab 1-a and highlight the new multiplier that has been used.
C21: 4. LDC are requested to input the applicable rate class allocation percentages to allocate actual savings to the rate classes. The generic template currently includes the same allocation percentage for program savings and its savings adjustments. If a different allocation is proposed for savings adjustments, LDCs must provide supporting rationale in Tab 1-a and highlight the change.
C22: 5. The persistence of future savings is expected to be included in the distributor's load forecast after re-basing. LDCs are requested to delete the applicable savings persistence rows (auto-calculated after the LRAMVA totals for the year) if future year's persistence of savings is already captured in the updated load forecast. Please also provide assumptions about the years in which persistence is captured in the load forecast calculation in the "Notes" section below each table.
B24: Tables | C24: Table 5-a. 2015 Lost Revenues
C25: Table 5-b. 2016 Lost Revenues
C26: Table 5-c. 2017 Lost Revenues
C27: Table 5-d. 2018 Lost Revenues
C28: Table 5-e. 2019 Lost Revenues
C29: Table 5-f. 2020 Lost Revenues
B33: Table 5-a. 2015 Lost Revenues Work Form
B34: Program | C34: Results Status | D34: Net Energy Savings (kWh) | E34: Net Energy Savings Persistence (kWh) | N34: Monthly Multiplier | O34: Net Demand Savings (kW) | P34: Net Peak Demand Savings Persistence (kW) | Y34: Rate Allocations for LRAMVA
D35: 2015 | E35: 2016 | F35: 2017 | G35: 2018 | H35: 2019 | I35: 2020 | J35: 2021 | K35: 2022 | L35: 2023 | M35: 2024 | O35: 2015 | P35: 2016 | Q35: 2017 | R35: 2018 | S35: 2019 | T35: 2020 | U35: 2021 | V35: 2022 | W35: 2023 | X35: 2024 | Y35: ='1. LRAMVA Summary'!D50 -> Residential | Z35: ='1. LRAMVA Summary'!E50 -> GS<50 kW | AA35: ='1. LRAMVA Summary'!F50 -> GS 50 TO 4,999 KW | AB35: ='1. LRAMVA Summary'!G50 -> Street Lighting | AC35: ='1. LRAMVA Summary'!H50 | AD35: ='1. LRAMVA Summary'!I50 | AE35: ='1. LRAMVA Summary'!J50 | AF35: ='1. LRAMVA Summary'!K50 | ... AM35: ='1. LRAMVA Summary'!R50 -> Total
B36: Legacy Framework | Y36: ='1. LRAMVA Summary'!D51 -> kWh | Z36: ='1. LRAMVA Summary'!E51 -> kWh | AA36: ='1. LRAMVA Summary'!F51 -> kW | AB36: ='1. LRAMVA Summary'!G51 -> kW | AC36: ='1. LRAMVA Summary'!H51 -> 0 | AD36: ='1. LRAMVA Summary'!I51 -> 0 | AE36: ='1. LRAMVA Summary'!J51 -> 0 | AF36: ='1. LRAMVA Summary'!K51 -> 0 | ... AL36: ='1. LRAMVA Summary'!Q51 -> 0
B37: Residential Program
A38: 1 | B38: Coupon Initiative | C38: Verified | D38: 56186 | E38: 55675 | F38: 55675 | G38: 55675 | H38: 55675 | I38: 55675 | J38: 55675 | K38: 55663 | L38: 55663 | M38: 55663 | O38: 4 | P38: 4 | Q38: 4 | R38: 4 | S38: 4 | T38: 4 | U38: 4 | V38: 4 | W38: 4 | X38: 4 | Y38: 1 | AM38: =SUM(Y38:AL38) -> 1
B39: Adjustment to 2015 savings | C39: True-up | Y39: =Y38 -> 1 | Z39: =Z38 -> 0 | AA39: =AA38 -> 0 | AB39: =AB38 -> 0 | AC39: =AC38 -> 0 | AD39: =AD38 -> 0 | AE39: =AE38 -> 0 | AF39: =AF38 -> 0 | ... AL39: =AL38 -> 0
A41: 2 | B41: Bi-Annual Retailer Event Initiative | C41: Verified | D41: 103800 | E41: 101955 | F41: 101955 | G41: 101955 | H41: 101955 | I41: 101955 | J41: 101955 | K41: 101902 | L41: 101902 | M41: 101902 | O41: 7 | P41: 7 | Q41: 7 | R41: 7 | S41: 7 | T41: 7 | U41: 7 | V41: 7 | W41: 7 | X41: 7 | Y41: 1 | AM41: =SUM(Y41:AL41) -> 1
B42: Adjustment to 2015 savings | C42: True-up | Y42: =Y41 -> 1 | Z42: =Z41 -> 0 | AA42: =AA41 -> 0 | AB42: =AB41 -> 0 | AC42: =AC41 -> 0 | AD42: =AD41 -> 0 | AE42: =AE41 -> 0 | AF42: =AF41 -> 0 | ... AL42: =AL41 -> 0
A44: 3 | B44: Appliance Retirement Initiative | C44: Verified | D44: 28450 | E44: 28450 | F44: 28450 | G44: 28346 | H44: 15058 | I44: 0 | J44: 0 | K44: 0 | L44: 0 | M44: 0 | O44: 5 | P44: 5 | Q44: 5 | R44: 5 | S44: 2 | T44: 0 | U44: 0 | V44: 0 | W44: 0 | X44: 0 | Y44: 1 | AM44: =SUM(Y44:AL44) -> 1
B45: Adjustment to 2015 savings | C45: True-up | Y45: =Y44 -> 1 | Z45: =Z44 -> 0 | AA45: =AA44 -> 0 | AB45: =AB44 -> 0 | AC45: =AC44 -> 0 | AD45: =AD44 -> 0 | AE45: =AE44 -> 0 | AF45: =AF44 -> 0 | ... AL45: =AL44 -> 0
A47: 4 | B47: HVAC Incentives Initaitive | C47: Verified | D47: 41750 | E47: 41750 | F47: 41750 | G47: 41750 | H47: 41750 | I47: 41750 | J47: 41750 | K47: 41750 | L47: 41750 | M47: 41750 | O47: 21 | P47: 21 | Q47: 21 | R47: 21 | S47: 21 | T47: 21 | U47: 21 | V47: 21 | W47: 21 | X47: 21 | Y47: 1 | AM47: =SUM(Y47:AL47) -> 1
B48: Adjustment to 2015 savings | C48: True-up | Y48: =Y47 -> 1 | Z48: =Z47 -> 0 | AA48: =AA47 -> 0 | AB48: =AB47 -> 0 | AC48: =AC47 -> 0 | AD48: =AD47 -> 0 | AE48: =AE47 -> 0 | AF48: =AF47 -> 0 | ... AL48: =AL47 -> 0
A50: 5 | B50: Residential New Construction and Major Renovation Initiative | C50: Verified | D50: 13672 | E50: 13672 | F50: 13672 | G50: 13672 | H50: 13672 | I50: 13672 | J50: 13672 | K50: 13672 | L50: 13672 | M50: 13672 | O50: 4 | P50: 4 | Q50: 4 | R50: 4 | S50: 4 | T50: 4 | U50: 4 | V50: 4 | W50: 4 | X50: 4 | Y50: 1 | AM50: =SUM(Y50:AL50) -> 1
B51: Adjustment to 2015 savings | C51: True-up | Y51: =Y50 -> 1 | Z51: =Z50 -> 0 | AA51: =AA50 -> 0 | AB51: =AB50 -> 0 | AC51: =AC50 -> 0 | AD51: =AD50 -> 0 | AE51: =AE50 -> 0 | AF51: =AF50 -> 0 | ... AL51: =AL50 -> 0
B53: Commercial & Institutional Program
A54: 6 | B54: Energy Audit Initiative | C54: Verified | N54: 12 | AM54: =SUM(Y54:AL54) -> 0
B55: Adjustment to 2015 savings | C55: True-up | N55: =N54 -> 12 | Y55: =Y54 -> 0 | Z55: =Z54 -> 0 | AA55: =AA54 -> 0 | AB55: =AB54 -> 0 | AC55: =AC54 -> 0 | AD55: =AD54 -> 0 | AE55: =AE54 -> 0 | AF55: =AF54 -> 0 | ... AL55: =AL54 -> 0
A57: 7 | B57: Efficiency: Equipment Replacement Incentive Initiative | C57: Verified | D57: 1067522 | E57: 1067522 | F57: 1066725 | G57: 1066725 | H57: 1066725 | I57: 1066725 | J57: 1041283 | K57: 1041283 | L57: 1039707 | M57: 956178 | N57: 12 | O57: 106 | P57: 106 | Q57: 106 | R57: 106 | S57: 106 | T57: 106 | U57: 101 | V57: 101 | W57: 101 | X57: 86 | Z57: 0.21260388 | AA57: 0.56033345 | AB57: 0.29029265 | AM57: =SUM(Y57:AL57) -> 1.06323
B58: Adjustment to 2015 savings | C58: True-up | N58: =N57 -> 12 | Y58: =Y57 -> 0 | Z58: =Z57 -> 0.21260388 | AA58: =AA57 -> 0.56033345 | AB58: =AB57 -> 0.29029265 | AC58: =AC57 -> 0 | AD58: =AD57 -> 0 | AE58: =AE57 -> 0 | AF58: =AF57 -> 0 | ... AL58: =AL57 -> 0
A60: 8 | B60: Direct Install Lighting and Water Heating Initiative | C60: Verified | D60: 113803 | E60: 77768 | F60: 66569 | G60: 66569 | H60: 66569 | I60: 66569 | J60: 66569 | K60: 66569 | L60: 66569 | M60: 66569 | N60: 12 | O60: 25 | P60: 17 | Q60: 14 | R60: 14 | S60: 14 | T60: 14 | U60: 14 | V60: 14 | W60: 14 | X60: 14 | Z60: 1 | AM60: =SUM(Y60:AL60) -> 1
B61: Adjustment to 2015 savings | C61: True-up | N61: =N60 -> 12 | Y61: =Y60 -> 0 | Z61: =Z60 -> 1 | AA61: =AA60 -> 0 | AB61: =AB60 -> 0 | AC61: =AC60 -> 0 | AD61: =AD60 -> 0 | AE61: =AE60 -> 0 | AF61: =AF60 -> 0 | ... AL61: =AL60 -> 0
A63: 9 | B63: New Construction and Major Renovation Initiative | C63: Verified | N63: 12 | AM63: =SUM(Y63:AL63) -> 0
B64: Adjustment to 2015 savings | C64: True-up | N64: =N63 -> 12 | Y64: =Y63 -> 0 | Z64: =Z63 -> 0 | AA64: =AA63 -> 0 | AB64: =AB63 -> 0 | AC64: =AC63 -> 0 | AD64: =AD63 -> 0 | AE64: =AE63 -> 0 | AF64: =AF63 -> 0 | ... AL64: =AL63 -> 0
A66: 10 | B66: Existing Building Commissioning Incentive Initiative | C66: Verified | N66: 3 | AM66: =SUM(Y66:AL66) -> 0
B67: Adjustment to 2015 savings | C67: True-up | N67: =N66 -> 3 | Y67: =Y66 -> 0 | Z67: =Z66 -> 0 | AA67: =AA66 -> 0 | AB67: =AB66 -> 0 | AC67: =AC66 -> 0 | AD67: =AD66 -> 0 | AE67: =AE66 -> 0 | AF67: =AF66 -> 0 | ... AL67: =AL66 -> 0
B69: Industrial Program
A70: 11 | B70: Process and Systems Upgrades Initiatives - Project Incentive Initiative | C70: Verified | N70: 12 | AM70: =SUM(Y70:AL70) -> 0
B71: Adjustment to 2015 savings | C71: True-up | N71: =N70 -> 12 | Y71: =Y70 -> 0 | Z71: =Z70 -> 0 | AA71: =AA70 -> 0 | AB71: =AB70 -> 0 | AC71: =AC70 -> 0 | AD71: =AD70 -> 0 | AE71: =AE70 -> 0 | AF71: =AF70 -> 0 | ... AL71: =AL70 -> 0
A73: 12 | B73: Process and Systems Upgrades Initiatives - Monitoring and Targeting Initiative | C73: Verified | N73: 12 | AM73: =SUM(Y73:AL73) -> 0
B74: Adjustment to 2015 savings | C74: True-up | N74: =N73 -> 12 | Y74: =Y73 -> 0 | Z74: =Z73 -> 0 | AA74: =AA73 -> 0 | AB74: =AB73 -> 0 | AC74: =AC73 -> 0 | AD74: =AD73 -> 0 | AE74: =AE73 -> 0 | AF74: =AF73 -> 0 | ... AL74: =AL73 -> 0
A76: 13 | B76: Process and Systems Upgrades Initiatives - Energy Manager Initiative | C76: Verified | D76: 2774 | E76: 2774 | F76: 2774 | G76: 2774 | H76: 2774 | I76: 2774 | J76: 2774 | K76: 2774 | L76: 1474 | M76: 1474 | N76: 12 | O76: 0 | P76: 0 | Q76: 0 | R76: 0 | S76: 0 | T76: 0 | U76: 0 | V76: 0 | W76: 0 | X76: 0 | AA76: 1 | AM76: =SUM(Y76:AL76) -> 1
B77: Adjustment to 2015 savings | C77: True-up | N77: =N76 -> 12 | Y77: =Y76 -> 0 | Z77: =Z76 -> 0 | AA77: =AA76 -> 1 | AB77: =AB76 -> 0 | AC77: =AC76 -> 0 | AD77: =AD76 -> 0 | AE77: =AE76 -> 0 | AF77: =AF76 -> 0 | ... AL77: =AL76 -> 0
B79: Low Income Program
A80: 14 | B80: Low Income Initiative | C80: Verified | D80: 5339 | E80: 4870 | F80: 4794 | G80: 4717 | H80: 4717 | I80: 4717 | J80: 4486 | K80: 4486 | L80: 3856 | M80: 3856 | N80: 12 | O80: 1 | P80: 1 | Q80: 1 | R80: 1 | S80: 1 | T80: 1 | U80: 1 | V80: 1 | W80: 1 | X80: 1 | Y80: 1 | AM80: =SUM(Y80:AL80) -> 1
B81: Adjustment to 2015 savings | C81: True-up | N81: =N80 -> 12 | Y81: =Y80 -> 1 | Z81: =Z80 -> 0 | AA81: =AA80 -> 0 | AB81: =AB80 -> 0 | AC81: =AC80 -> 0 | AD81: =AD80 -> 0 | AE81: =AE80 -> 0 | AF81: =AF80 -> 0 | ... AL81: =AL80 -> 0
B83: Other
A84: 15 | B84: Aboriginal Conservation Program | C84: Verified | N84: 0 | AM84: =SUM(Y84:AL84) -> 0
B85: Adjustment to 2015 savings | C85: True-up | N85: =N84 -> 0 | Y85: =Y84 -> 0 | Z85: =Z84 -> 0 | AA85: =AA84 -> 0 | AB85: =AB84 -> 0 | AC85: =AC84 -> 0 | AD85: =AD84 -> 0 | AE85: =AE84 -> 0 | AF85: =AF84 -> 0 | ... AL85: =AL84 -> 0
A87: 16 | B87: Program Enabled Savings | C87: Verified | N87: 0 | AM87: =SUM(Y87:AL87) -> 0
B88: Adjustment to 2015 savings | C88: True-up | N88: =N87 -> 0 | Y88: =Y87 -> 0 | Z88: =Z87 -> 0 | AA88: =AA87 -> 0 | AB88: =AB87 -> 0 | AC88: =AC87 -> 0 | AD88: =AD87 -> 0 | AE88: =AE87 -> 0 | AF88: =AF87 -> 0 | ... AL88: =AL87 -> 0
B90: Conservation Fund Pilots
A91: 17 | B91: Conservation Fund Pilot - EnerNOC | C91: Verified | N91: 0 | AM91: =SUM(Y91:AL91) -> 0
B92: Adjustment to 2015 savings | C92: True-up | N92: =N91 -> 0 | Y92: =Y91 -> 0 | Z92: =Z91 -> 0 | AA92: =AA91 -> 0 | AB92: =AB91 -> 0 | AC92: =AC91 -> 0 | AD92: =AD91 -> 0 | AE92: =AE91 -> 0 | AF92: =AF91 -> 0 | ... AL92: =AL91 -> 0
A94: 18 | B94: Loblaws Pilot | C94: Verified | N94: 0 | AM94: =SUM(Y94:AL94) -> 0
B95: Adjustment to 2015 savings | C95: True-up | N95: =N94 -> 0 | Y95: =Y94 -> 0 | Z95: =Z94 -> 0 | AA95: =AA94 -> 0 | AB95: =AB94 -> 0 | AC95: =AC94 -> 0 | AD95: =AD94 -> 0 | AE95: =AE94 -> 0 | AF95: =AF94 -> 0 | ... AL95: =AL94 -> 0
A97: 19 | B97: Conservation Fund Pilot - SEG | C97: Verified | N97: 0 | AM97: =SUM(Y97:AL97) -> 0
B98: Adjustment to 2015 savings | C98: True-up | N98: =N97 -> 0 | Y98: =Y97 -> 0 | Z98: =Z97 -> 0 | AA98: =AA97 -> 0 | AB98: =AB97 -> 0 | AC98: =AC97 -> 0 | AD98: =AD97 -> 0 | AE98: =AE97 -> 0 | AF98: =AF97 -> 0 | ... AL98: =AL97 -> 0
A100: 20 | B100: Social Benchmarking Pliot | C100: Verified | N100: 0 | AM100: =SUM(Y100:AL100) -> 0
B101: Adjustment to 2015 savings | C101: True-up | N101: =N100 -> 0 | Y101: =Y100 -> 0 | Z101: =Z100 -> 0 | AA101: =AA100 -> 0 | AB101: =AB100 -> 0 | AC101: =AC100 -> 0 | AD101: =AD100 -> 0 | AE101: =AE100 -> 0 | AF101: =AF100 -> 0 | ... AL101: =AL100 -> 0
B103: Conservation First Framework
B104: Residential Province-Wide Programs
A105: 21 | B105: Save on Energy Coupon Program | C105: Verified | AM105: =SUM(Y105:AL105) -> 0
B106: Adjustment to 2015 savings | C106: True-up | Y106: =Y105 -> 0 | Z106: =Z105 -> 0 | AA106: =AA105 -> 0 | AB106: =AB105 -> 0 | AC106: =AC105 -> 0 | AD106: =AD105 -> 0 | AE106: =AE105 -> 0 | AF106: =AF105 -> 0 | ... AL106: =AL105 -> 0
A108: 22 | B108: Save on Energy Heating and Cooling Program | C108: Verified | AM108: =SUM(Y108:AL108) -> 0
B109: Adjustment to 2015 savings | C109: True-up | Y109: =Y108 -> 0 | Z109: =Z108 -> 0 | AA109: =AA108 -> 0 | AB109: =AB108 -> 0 | AC109: =AC108 -> 0 | AD109: =AD108 -> 0 | AE109: =AE108 -> 0 | AF109: =AF108 -> 0 | ... AL109: =AL108 -> 0
A111: 23 | B111: Save on Energy New Construction Program | C111: Verified | AM111: =SUM(Y111:AL111) -> 0
B112: Adjustment to 2015 savings | C112: True-up | Y112: =Y111 -> 0 | Z112: =Z111 -> 0 | AA112: =AA111 -> 0 | AB112: =AB111 -> 0 | AC112: =AC111 -> 0 | AD112: =AD111 -> 0 | AE112: =AE111 -> 0 | AF112: =AF111 -> 0 | ... AL112: =AL111 -> 0
A114: 24 | B114: Save on Energy Home Assistance Program | C114: Verified | AM114: =SUM(Y114:AL114) -> 0
B115: Adjustment to 2015 savings | C115: True-up | Y115: =Y114 -> 0 | Z115: =Z114 -> 0 | AA115: =AA114 -> 0 | AB115: =AB114 -> 0 | AC115: =AC114 -> 0 | AD115: =AD114 -> 0 | AE115: =AE114 -> 0 | AF115: =AF114 -> 0 | ... AL115: =AL114 -> 0
B117: Non-Residential Province-Wide Programs
A118: 25 | B118: Save on Energy Audit Funding Program | C118: Verified | N118: 12 | AM118: =SUM(Y118:AL118) -> 0
B119: Adjustment to 2015 savings | C119: True-up | N119: =N118 -> 12 | Y119: =Y118 -> 0 | Z119: =Z118 -> 0 | AA119: =AA118 -> 0 | AB119: =AB118 -> 0 | AC119: =AC118 -> 0 | AD119: =AD118 -> 0 | AE119: =AE118 -> 0 | AF119: =AF118 -> 0 | ... AL119: =AL118 -> 0
A121: 26 | B121: Save on Energy Retrofit Program | C121: Verified | N121: 12 | AM121: =SUM(Y121:AL121) -> 0
B122: Adjustment to 2015 savings | C122: True-up | N122: =N121 -> 12 | Y122: =Y121 -> 0 | Z122: =Z121 -> 0 | AA122: =AA121 -> 0 | AB122: =AB121 -> 0 | AC122: =AC121 -> 0 | AD122: =AD121 -> 0 | AE122: =AE121 -> 0 | AF122: =AF121 -> 0 | ... AL122: =AL121 -> 0
A124: 27 | B124: Save on Energy Small Business Lighting Program | C124: Verified | N124: 12 | AM124: =SUM(Y124:AL124) -> 0
B125: Adjustment to 2015 savings | C125: True-up | N125: =N124 -> 12 | Y125: =Y124 -> 0 | Z125: =Z124 -> 0 | AA125: =AA124 -> 0 | AB125: =AB124 -> 0 | AC125: =AC124 -> 0 | AD125: =AD124 -> 0 | AE125: =AE124 -> 0 | AF125: =AF124 -> 0 | ... AL125: =AL124 -> 0
A127: 28 | B127: Save on Energy High Performance New Construction Program | C127: Verified | N127: 12 | AM127: =SUM(Y127:AL127) -> 0
B128: Adjustment to 2015 savings | C128: True-up | N128: =N127 -> 12 | Y128: =Y127 -> 0 | Z128: =Z127 -> 0 | AA128: =AA127 -> 0 | AB128: =AB127 -> 0 | AC128: =AC127 -> 0 | AD128: =AD127 -> 0 | AE128: =AE127 -> 0 | AF128: =AF127 -> 0 | ... AL128: =AL127 -> 0
A130: 29 | B130: Save on Energy Existing Building Commissioning Program | C130: Verified | N130: 3 | AM130: =SUM(Y130:AL130) -> 0
B131: Adjustment to 2015 savings | C131: True-up | N131: =N130 -> 3 | Y131: =Y130 -> 0 | Z131: =Z130 -> 0 | AA131: =AA130 -> 0 | AB131: =AB130 -> 0 | AC131: =AC130 -> 0 | AD131: =AD130 -> 0 | AE131: =AE130 -> 0 | AF131: =AF130 -> 0 | ... AL131: =AL130 -> 0
A133: 30 | B133: Save on Energy Process & Systems Upgrades Program | C133: Verified | N133: 12 | AM133: =SUM(Y133:AL133) -> 0
B134: Adjustment to 2015 savings | C134: True-up | N134: =N133 -> 12 | Y134: =Y133 -> 0 | Z134: =Z133 -> 0 | AA134: =AA133 -> 0 | AB134: =AB133 -> 0 | AC134: =AC133 -> 0 | AD134: =AD133 -> 0 | AE134: =AE133 -> 0 | AF134: =AF133 -> 0 | ... AL134: =AL133 -> 0
A136: 31 | B136: Save on Energy Monitoring & Targeting Program | C136: Verified | N136: 12 | AM136: =SUM(Y136:AL136) -> 0
B137: Adjustment to 2015 savings | C137: True-up | N137: =N136 -> 12 | Y137: =Y136 -> 0 | Z137: =Z136 -> 0 | AA137: =AA136 -> 0 | AB137: =AB136 -> 0 | AC137: =AC136 -> 0 | AD137: =AD136 -> 0 | AE137: =AE136 -> 0 | AF137: =AF136 -> 0 | ... AL137: =AL136 -> 0
A139: 32 | B139: Save on Energy Energy Manager Program | C139: Verified | N139: 12 | AM139: =SUM(Y139:AL139) -> 0
B140: Adjustment to 2015 savings | C140: True-up | N140: =N139 -> 12 | Y140: =Y139 -> 0 | Z140: =Z139 -> 0 | AA140: =AA139 -> 0 | AB140: =AB139 -> 0 | AC140: =AC139 -> 0 | AD140: =AD139 -> 0 | AE140: =AE139 -> 0 | AF140: =AF139 -> 0 | ... AL140: =AL139 -> 0
B142: Local & Regional Programs
A143: 33 | B143: Business Refrigeration Local Program | C143: Verified | N143: 0 | AM143: =SUM(Y143:AL143) -> 0
B144: Adjustment to 2015 savings | C144: True-up | N144: =N143 -> 0 | Y144: =Y143 -> 0 | Z144: =Z143 -> 0 | AA144: =AA143 -> 0 | AB144: =AB143 -> 0 | AC144: =AC143 -> 0 | AD144: =AD143 -> 0 | AE144: =AE143 -> 0 | AF144: =AF143 -> 0 | ... AL144: =AL143 -> 0
A146: 34 | B146: First Nation Conservation Local Program | C146: Verified | N146: 0 | AM146: =SUM(Y146:AL146) -> 0
B147: Adjustment to 2015 savings | C147: True-up | N147: =N146 -> 0 | Y147: =Y146 -> 0 | Z147: =Z146 -> 0 | AA147: =AA146 -> 0 | AB147: =AB146 -> 0 | AC147: =AC146 -> 0 | AD147: =AD146 -> 0 | AE147: =AE146 -> 0 | AF147: =AF146 -> 0 | ... AL147: =AL146 -> 0
A149: 35 | B149: Social Benchmarking Local Program | C149: Verified | N149: 0 | AM149: =SUM(Y149:AL149) -> 0
B150: Adjustment to 2015 savings | C150: True-up | N150: =N149 -> 0 | Y150: =Y149 -> 0 | Z150: =Z149 -> 0 | AA150: =AA149 -> 0 | AB150: =AB149 -> 0 | AC150: =AC149 -> 0 | AD150: =AD149 -> 0 | AE150: =AE149 -> 0 | AF150: =AF149 -> 0 | ... AL150: =AL149 -> 0
B152: Pilot Programs
A153: 36 | B153: Enersource Hydro Mississauga Inc. - Performance-Based Conservation Pilot Program - Conservation Fund | C153: Verified | N153: 0 | AM153: =SUM(Y153:AL153) -> 0
...

Sheet 6.  Carrying Charges
B4: Legend | C4: User Inputs (Green)
C5: Auto Populated Cells (White)
C6: Instructions (Grey)
B8: Instructions | C8: 1. Please update Table 6 as new approved prescribed interest rates for deferral and variance accounts become available. Monthly interest rates are used to calculate the variance on the carrying charges for LRAMVA. Starting from column I, the principal will auto-populate as monthly variances in Table 6-a, and are multiplied by the interest rate from column H to determine the monthly variances on carrying charges for each rate class by year.
C9: 2. The annual carrying charges totals in Table 6-a below pertain to the amount that was originally collected in interest from forecasted CDM savings and what should have been collected based on actual CDM savings. As the amounts calculated in Table 6-a are cumulative, LDCs are requested to enter any collected interest amounts into the "Amounts Cleared" row in order to clear the balance and calculate outstanding variances on carrying charges.
B12: Table 6. Prescribed Interest Rates | E12: Table 6-a. Calculation of Carrying Costs by Rate Class | K12: Go to Tab 1: Summary
B14: Quarter | C14: Approved Deferral & Variance Accounts | E14: Month | F14: Period | G14: Quarter | H14: Monthly Rate | I14: ='1. LRAMVA Summary'!D50 -> Residential | J14: ='1. LRAMVA Summary'!E50 -> GS<50 kW | K14: ='1. LRAMVA Summary'!F50 -> GS 50 TO 4,999 KW | L14: ='1. LRAMVA Summary'!G50 -> Street Lighting | M14: ='1. LRAMVA Summary'!H50 | N14: ='1. LRAMVA Summary'!I50 | O14: ='1. LRAMVA Summary'!J50 | P14: ='1. LRAMVA Summary'!K50 | ... W14: ='1. LRAMVA Summary'!R50 -> Total
B15: 2011 Q1 | C15: 0.0147 | E15: 40544 | F15: 2011 | G15: Q1 | H15: =C$15/12 -> 0.001225 | I15: =SUM('1. LRAMVA Summary'!D$52:D$53)*(MONTH($E15)-1)/12*$H15 -> 0 | J15: =SUM('1. LRAMVA Summary'!E$52:E$53)*(MONTH($E15)-1)/12*$H15 -> 0 | K15: =SUM('1. LRAMVA Summary'!F$52:F$53)*(MONTH($E15)-1)/12*$H15 -> 0 | L15: =SUM('1. LRAMVA Summary'!G$52:G$53)*(MONTH($E15)-1)/12*$H15 -> 0 | M15: =SUM('1. LRAMVA Summary'!H$52:H$53)*(MONTH($E15)-1)/12*$H15 -> 0 | N15: =SUM('1. LRAMVA Summary'!I$52:I$53)*(MONTH($E15)-1)/12*$H15 -> 0 | O15: =SUM('1. LRAMVA Summary'!J$52:J$53)*(MONTH($E15)-1)/12*$H15 -> 0 | P15: =SUM('1. LRAMVA Summary'!K$52:K$53)*(MONTH($E15)-1)/12*$H15 -> 0 | ... V15: =SUM('1. LRAMVA Summary'!Q$52:Q$53)*(MONTH($E15)-1)/12*$H15 -> 0 | W15: =SUM(I15:V15) -> 0
B16: 2011 Q2 | C16: 0.0147 | E16: 40575 | F16: 2011 | G16: Q1 | H16: =C$15/12 -> 0.001225 | I16: =SUM('1. LRAMVA Summary'!D$52:D$53)*(MONTH($E16)-1)/12*$H16 -> 0 | J16: =SUM('1. LRAMVA Summary'!E$52:E$53)*(MONTH($E16)-1)/12*$H16 -> 0 | K16: =SUM('1. LRAMVA Summary'!F$52:F$53)*(MONTH($E16)-1)/12*$H16 -> 0 | L16: =SUM('1. LRAMVA Summary'!G$52:G$53)*(MONTH($E16)-1)/12*$H16 -> 0 | M16: =SUM('1. LRAMVA Summary'!H$52:H$53)*(MONTH($E16)-1)/12*$H16 -> 0 | N16: =SUM('1. LRAMVA Summary'!I$52:I$53)*(MONTH($E16)-1)/12*$H16 -> 0 | O16: =SUM('1. LRAMVA Summary'!J$52:J$53)*(MONTH($E16)-1)/12*$H16 -> 0 | P16: =SUM('1. LRAMVA Summary'!K$52:K$53)*(MONTH($E16)-1)/12*$H16 -> 0 | ... V16: =SUM('1. LRAMVA Summary'!Q$52:Q$53)*(MONTH($E16)-1)/12*$H16 -> 0 | W16: =SUM(I16:V16) -> 0
B17: 2011 Q3 | C17: 0.0147 | E17: 40603 | F17: 2011 | G17: Q1 | H17: =C$15/12 -> 0.001225 | I17: =SUM('1. LRAMVA Summary'!D$52:D$53)*(MONTH($E17)-1)/12*$H17 -> 0 | J17: =SUM('1. LRAMVA Summary'!E$52:E$53)*(MONTH($E17)-1)/12*$H17 -> 0 | K17: =SUM('1. LRAMVA Summary'!F$52:F$53)*(MONTH($E17)-1)/12*$H17 -> 0 | L17: =SUM('1. LRAMVA Summary'!G$52:G$53)*(MONTH($E17)-1)/12*$H17 -> 0 | M17: =SUM('1. LRAMVA Summary'!H$52:H$53)*(MONTH($E17)-1)/12*$H17 -> 0 | N17: =SUM('1. LRAMVA Summary'!I$52:I$53)*(MONTH($E17)-1)/12*$H17 -> 0 | O17: =SUM('1. LRAMVA Summary'!J$52:J$53)*(MONTH($E17)-1)/12*$H17 -> 0 | P17: =SUM('1. LRAMVA Summary'!K$52:K$53)*(MONTH($E17)-1)/12*$H17 -> 0 | ... V17: =SUM('1. LRAMVA Summary'!Q$52:Q$53)*(MONTH($E17)-1)/12*$H17 -> 0 | W17: =SUM(I17:V17) -> 0
B18: 2011 Q4 | C18: 0.0147 | E18: 40634 | F18: 2011 | G18: Q2 | H18: =C$16/12 -> 0.001225 | I18: =SUM('1. LRAMVA Summary'!D$52:D$53)*(MONTH($E18)-1)/12*$H18 -> 0 | J18: =SUM('1. LRAMVA Summary'!E$52:E$53)*(MONTH($E18)-1)/12*$H18 -> 0 | K18: =SUM('1. LRAMVA Summary'!F$52:F$53)*(MONTH($E18)-1)/12*$H18 -> 0 | L18: =SUM('1. LRAMVA Summary'!G$52:G$53)*(MONTH($E18)-1)/12*$H18 -> 0 | M18: =SUM('1. LRAMVA Summary'!H$52:H$53)*(MONTH($E18)-1)/12*$H18 -> 0 | N18: =SUM('1. LRAMVA Summary'!I$52:I$53)*(MONTH($E18)-1)/12*$H18 -> 0 | O18: =SUM('1. LRAMVA Summary'!J$52:J$53)*(MONTH($E18)-1)/12*$H18 -> 0 | P18: =SUM('1. LRAMVA Summary'!K$52:K$53)*(MONTH($E18)-1)/12*$H18 -> 0 | ... V18: =SUM('1. LRAMVA Summary'!Q$52:Q$53)*(MONTH($E18)-1)/12*$H18 -> 0 | W18: =SUM(I18:V18) -> 0
B19: 2012 Q1 | C19: 0.0147 | E19: 40664 | F19: 2011 | G19: Q2 | H19: =C$16/12 -> 0.001225 | I19: =SUM('1. LRAMVA Summary'!D$52:D$53)*(MONTH($E19)-1)/12*$H19 -> 0 | J19: =SUM('1. LRAMVA Summary'!E$52:E$53)*(MONTH($E19)-1)/12*$H19 -> 0 | K19: =SUM('1. LRAMVA Summary'!F$52:F$53)*(MONTH($E19)-1)/12*$H19 -> 0 | L19: =SUM('1. LRAMVA Summary'!G$52:G$53)*(MONTH($E19)-1)/12*$H19 -> 0 | M19: =SUM('1. LRAMVA Summary'!H$52:H$53)*(MONTH($E19)-1)/12*$H19 -> 0 | N19: =SUM('1. LRAMVA Summary'!I$52:I$53)*(MONTH($E19)-1)/12*$H19 -> 0 | O19: =SUM('1. LRAMVA Summary'!J$52:J$53)*(MONTH($E19)-1)/12*$H19 -> 0 | P19: =SUM('1. LRAMVA Summary'!K$52:K$53)*(MONTH($E19)-1)/12*$H19 -> 0 | ... V19: =SUM('1. LRAMVA Summary'!Q$52:Q$53)*(MONTH($E19)-1)/12*$H19 -> 0 | W19: =SUM(I19:V19) -> 0
B20: 2012 Q2 | C20: 0.0147 | E20: 40695 | F20: 2011 | G20: Q2 | H20: =C$16/12 -> 0.001225 | I20: =SUM('1. LRAMVA Summary'!D$52:D$53)*(MONTH($E20)-1)/12*$H20 -> 0 | J20: =SUM('1. LRAMVA Summary'!E$52:E$53)*(MONTH($E20)-1)/12*$H20 -> 0 | K20: =SUM('1. LRAMVA Summary'!F$52:F$53)*(MONTH($E20)-1)/12*$H20 -> 0 | L20: =SUM('1. LRAMVA Summary'!G$52:G$53)*(MONTH($E20)-1)/12*$H20 -> 0 | M20: =SUM('1. LRAMVA Summary'!H$52:H$53)*(MONTH($E20)-1)/12*$H20 -> 0 | N20: =SUM('1. LRAMVA Summary'!I$52:I$53)*(MONTH($E20)-1)/12*$H20 -> 0 | O20: =SUM('1. LRAMVA Summary'!J$52:J$53)*(MONTH($E20)-1)/12*$H20 -> 0 | P20: =SUM('1. LRAMVA Summary'!K$52:K$53)*(MONTH($E20)-1)/12*$H20 -> 0 | ... V20: =SUM('1. LRAMVA Summary'!Q$52:Q$53)*(MONTH($E20)-1)/12*$H20 -> 0 | W20: =SUM(I20:V20) -> 0
B21: 2012 Q3 | C21: 0.0147 | E21: 40725 | F21: 2011 | G21: Q3 | H21: =C$17/12 -> 0.001225 | I21: =SUM('1. LRAMVA Summary'!D$52:D$53)*(MONTH($E21)-1)/12*$H21 -> 0 | J21: =SUM('1. LRAMVA Summary'!E$52:E$53)*(MONTH($E21)-1)/12*$H21 -> 0 | K21: =SUM('1. LRAMVA Summary'!F$52:F$53)*(MONTH($E21)-1)/12*$H21 -> 0 | L21: =SUM('1. LRAMVA Summary'!G$52:G$53)*(MONTH($E21)-1)/12*$H21 -> 0 | M21: =SUM('1. LRAMVA Summary'!H$52:H$53)*(MONTH($E21)-1)/12*$H21 -> 0 | N21: =SUM('1. LRAMVA Summary'!I$52:I$53)*(MONTH($E21)-1)/12*$H21 -> 0 | O21: =SUM('1. LRAMVA Summary'!J$52:J$53)*(MONTH($E21)-1)/12*$H21 -> 0 | P21: =SUM('1. LRAMVA Summary'!K$52:K$53)*(MONTH($E21)-1)/12*$H21 -> 0 | ... V21: =SUM('1. LRAMVA Summary'!Q$52:Q$53)*(MONTH($E21)-1)/12*$H21 -> 0 | W21: =SUM(I21:V21) -> 0
B22: 2012 Q4 | C22: 0.0147 | E22: 40756 | F22: 2011 | G22: Q3 | H22: =C$17/12 -> 0.001225 | I22: =SUM('1. LRAMVA Summary'!D$52:D$53)*(MONTH($E22)-1)/12*$H22 -> 0 | J22: =SUM('1. LRAMVA Summary'!E$52:E$53)*(MONTH($E22)-1)/12*$H22 -> 0 | K22: =SUM('1. LRAMVA Summary'!F$52:F$53)*(MONTH($E22)-1)/12*$H22 -> 0 | L22: =SUM('1. LRAMVA Summary'!G$52:G$53)*(MONTH($E22)-1)/12*$H22 -> 0 | M22: =SUM('1. LRAMVA Summary'!H$52:H$53)*(MONTH($E22)-1)/12*$H22 -> 0 | N22: =SUM('1. LRAMVA Summary'!I$52:I$53)*(MONTH($E22)-1)/12*$H22 -> 0 | O22: =SUM('1. LRAMVA Summary'!J$52:J$53)*(MONTH($E22)-1)/12*$H22 -> 0 | P22: =SUM('1. LRAMVA Summary'!K$52:K$53)*(MONTH($E22)-1)/12*$H22 -> 0 | ... V22: =SUM('1. LRAMVA Summary'!Q$52:Q$53)*(MONTH($E22)-1)/12*$H22 -> 0 | W22: =SUM(I22:V22) -> 0
B23: 2013 Q1 | C23: 0.0147 | E23: 40787 | F23: 2011 | G23: Q3 | H23: =C$17/12 -> 0.001225 | I23: =SUM('1. LRAMVA Summary'!D$52:D$53)*(MONTH($E23)-1)/12*$H23 -> 0 | J23: =SUM('1. LRAMVA Summary'!E$52:E$53)*(MONTH($E23)-1)/12*$H23 -> 0 | K23: =SUM('1. LRAMVA Summary'!F$52:F$53)*(MONTH($E23)-1)/12*$H23 -> 0 | L23: =SUM('1. LRAMVA Summary'!G$52:G$53)*(MONTH($E23)-1)/12*$H23 -> 0 | M23: =SUM('1. LRAMVA Summary'!H$52:H$53)*(MONTH($E23)-1)/12*$H23 -> 0 | N23: =SUM('1. LRAMVA Summary'!I$52:I$53)*(MONTH($E23)-1)/12*$H23 -> 0 | O23: =SUM('1. LRAMVA Summary'!J$52:J$53)*(MONTH($E23)-1)/12*$H23 -> 0 | P23: =SUM('1. LRAMVA Summary'!K$52:K$53)*(MONTH($E23)-1)/12*$H23 -> 0 | ... V23: =SUM('1. LRAMVA Summary'!Q$52:Q$53)*(MONTH($E23)-1)/12*$H23 -> 0 | W23: =SUM(I23:V23) -> 0
B24: 2013 Q2 | C24: 0.0147 | E24: 40817 | F24: 2011 | G24: Q4 | H24: =C$18/12 -> 0.001225 | I24: =SUM('1. LRAMVA Summary'!D$52:D$53)*(MONTH($E24)-1)/12*$H24 -> 0 | J24: =SUM('1. LRAMVA Summary'!E$52:E$53)*(MONTH($E24)-1)/12*$H24 -> 0 | K24: =SUM('1. LRAMVA Summary'!F$52:F$53)*(MONTH($E24)-1)/12*$H24 -> 0 | L24: =SUM('1. LRAMVA Summary'!G$52:G$53)*(MONTH($E24)-1)/12*$H24 -> 0 | M24: =SUM('1. LRAMVA Summary'!H$52:H$53)*(MONTH($E24)-1)/12*$H24 -> 0 | N24: =SUM('1. LRAMVA Summary'!I$52:I$53)*(MONTH($E24)-1)/12*$H24 -> 0 | O24: =SUM('1. LRAMVA Summary'!J$52:J$53)*(MONTH($E24)-1)/12*$H24 -> 0 | P24: =SUM('1. LRAMVA Summary'!K$52:K$53)*(MONTH($E24)-1)/12*$H24 -> 0 | ... V24: =SUM('1. LRAMVA Summary'!Q$52:Q$53)*(MONTH($E24)-1)/12*$H24 -> 0 | W24: =SUM(I24:V24) -> 0
B25: 2013 Q3 | C25: 0.0147 | E25: 40848 | F25: 2011 | G25: Q4 | H25: =C$18/12 -> 0.001225 | I25: =SUM('1. LRAMVA Summary'!D$52:D$53)*(MONTH($E25)-1)/12*$H25 -> 0 | J25: =SUM('1. LRAMVA Summary'!E$52:E$53)*(MONTH($E25)-1)/12*$H25 -> 0 | K25: =SUM('1. LRAMVA Summary'!F$52:F$53)*(MONTH($E25)-1)/12*$H25 -> 0 | L25: =SUM('1. LRAMVA Summary'!G$52:G$53)*(MONTH($E25)-1)/12*$H25 -> 0 | M25: =SUM('1. LRAMVA Summary'!H$52:H$53)*(MONTH($E25)-1)/12*$H25 -> 0 | N25: =SUM('1. LRAMVA Summary'!I$52:I$53)*(MONTH($E25)-1)/12*$H25 -> 0 | O25: =SUM('1. LRAMVA Summary'!J$52:J$53)*(MONTH($E25)-1)/12*$H25 -> 0 | P25: =SUM('1. LRAMVA Summary'!K$52:K$53)*(MONTH($E25)-1)/12*$H25 -> 0 | ... V25: =SUM('1. LRAMVA Summary'!Q$52:Q$53)*(MONTH($E25)-1)/12*$H25 -> 0 | W25: =SUM(I25:V25) -> 0
B26: 2013 Q4 | C26: 0.0147 | E26: 40878 | F26: 2011 | G26: Q4 | H26: =C$18/12 -> 0.001225 | I26: =SUM('1. LRAMVA Summary'!D$52:D$53)*(MONTH($E26)-1)/12*$H26 -> 0 | J26: =SUM('1. LRAMVA Summary'!E$52:E$53)*(MONTH($E26)-1)/12*$H26 -> 0 | K26: =SUM('1. LRAMVA Summary'!F$52:F$53)*(MONTH($E26)-1)/12*$H26 -> 0 | L26: =SUM('1. LRAMVA Summary'!G$52:G$53)*(MONTH($E26)-1)/12*$H26 -> 0 | M26: =SUM('1. LRAMVA Summary'!H$52:H$53)*(MONTH($E26)-1)/12*$H26 -> 0 | N26: =SUM('1. LRAMVA Summary'!I$52:I$53)*(MONTH($E26)-1)/12*$H26 -> 0 | O26: =SUM('1. LRAMVA Summary'!J$52:J$53)*(MONTH($E26)-1)/12*$H26 -> 0 | P26: =SUM('1. LRAMVA Summary'!K$52:K$53)*(MONTH($E26)-1)/12*$H26 -> 0 | ... V26: =SUM('1. LRAMVA Summary'!Q$52:Q$53)*(MONTH($E26)-1)/12*$H26 -> 0 | W26: =SUM(I26:V26) -> 0
B27: 2014 Q1 | C27: 0.0147 | E27: Total for 2011 | I27: =SUM(I15:I26) -> 0 | J27: =SUM(J15:J26) -> 0 | K27: =SUM(K15:K26) -> 0 | L27: =SUM(L15:L26) -> 0 | M27: =SUM(M15:M26) -> 0 | N27: =SUM(N15:N26) -> 0 | O27: =SUM(O15:O26) -> 0 | P27: =SUM(P15:P26) -> 0 | ... W27: =SUM(W15:W26) -> 0
B28: 2014 Q2 | C28: 0.0147 | E28: Amount Cleared
B29: 2014 Q3 | C29: 0.0147 | E29: Opening Balance for 2012 | I29: =I27+I28 -> 0 | J29: =J27+J28 -> 0 | K29: =K27+K28 -> 0 | L29: =L27+L28 -> 0 | M29: =M27+M28 -> 0 | N29: =N27+N28 -> 0 | O29: =O27+O28 -> 0 | P29: =P27+P28 -> 0 | ... W29: =W27+W28 -> 0
B30: 2014 Q4 | C30: 0.0147 | E30: 40909 | F30: 2011-2012 | G30: Q1 | H30: =C$19/12 -> 0.001225 | I30: =(SUM('1. LRAMVA Summary'!D$52:D$54)+SUM('1. LRAMVA Summary'!D$55:D$56)*(MONTH($E30)-1)/12)*$H30 -> 0 | J30: =(SUM('1. LRAMVA Summary'!E$52:E$54)+SUM('1. LRAMVA Summary'!E$55:E$56)*(MONTH($E30)-1)/12)*$H30 -> 0 | K30: =(SUM('1. LRAMVA Summary'!F$52:F$54)+SUM('1. LRAMVA Summary'!F$55:F$56)*(MONTH($E30)-1)/12)*$H30 -> 0 | L30: =(SUM('1. LRAMVA Summary'!G$52:G$54)+SUM('1. LRAMVA Summary'!G$55:G$56)*(MONTH($E30)-1)/12)*$H30 -> 0 | M30: =(SUM('1. LRAMVA Summary'!H$52:H$54)+SUM('1. LRAMVA Summary'!H$55:H$56)*(MONTH($E30)-1)/12)*$H30 -> 0 | N30: =(SUM('1. LRAMVA Summary'!I$52:I$54)+SUM('1. LRAMVA Summary'!I$55:I$56)*(MONTH($E30)-1)/12)*$H30 -> 0 | O30: =(SUM('1. LRAMVA Summary'!J$52:J$54)+SUM('1. LRAMVA Summary'!J$55:J$56)*(MONTH($E30)-1)/12)*$H30 -> 0 | P30: =(SUM('1. LRAMVA Summary'!K$52:K$54)+SUM('1. LRAMVA Summary'!K$55:K$56)*(MONTH($E30)-1)/12)*$H30 -> 0 | ... V30: =(SUM('1. LRAMVA Summary'!Q$52:Q$54)+SUM('1. LRAMVA Summary'!Q$55:Q$56)*(MONTH($E30)-1)/12)*$H30 -> 0 | W30: =SUM(I30:V30) -> 0
B31: 2015 Q1 | C31: 0.0147 | E31: 40940 | F31: 2011-2012 | G31: Q1 | H31: =C$19/12 -> 0.001225 | I31: =(SUM('1. LRAMVA Summary'!D$52:D$54)+SUM('1. LRAMVA Summary'!D$55:D$56)*(MONTH($E31)-1)/12)*$H31 -> 0 | J31: =(SUM('1. LRAMVA Summary'!E$52:E$54)+SUM('1. LRAMVA Summary'!E$55:E$56)*(MONTH($E31)-1)/12)*$H31 -> 0 | K31: =(SUM('1. LRAMVA Summary'!F$52:F$54)+SUM('1. LRAMVA Summary'!F$55:F$56)*(MONTH($E31)-1)/12)*$H31 -> 0 | L31: =(SUM('1. LRAMVA Summary'!G$52:G$54)+SUM('1. LRAMVA Summary'!G$55:G$56)*(MONTH($E31)-1)/12)*$H31 -> 0 | M31: =(SUM('1. LRAMVA Summary'!H$52:H$54)+SUM('1. LRAMVA Summary'!H$55:H$56)*(MONTH($E31)-1)/12)*$H31 -> 0 | N31: =(SUM('1. LRAMVA Summary'!I$52:I$54)+SUM('1. LRAMVA Summary'!I$55:I$56)*(MONTH($E31)-1)/12)*$H31 -> 0 | O31: =(SUM('1. LRAMVA Summary'!J$52:J$54)+SUM('1. LRAMVA Summary'!J$55:J$56)*(MONTH($E31)-1)/12)*$H31 -> 0 | P31: =(SUM('1. LRAMVA Summary'!K$52:K$54)+SUM('1. LRAMVA Summary'!K$55:K$56)*(MONTH($E31)-1)/12)*$H31 -> 0 | ... V31: =(SUM('1. LRAMVA Summary'!Q$52:Q$54)+SUM('1. LRAMVA Summary'!Q$55:Q$56)*(MONTH($E31)-1)/12)*$H31 -> 0 | W31: =SUM(I31:V31) -> 0
B32: 2015 Q2 | C32: 0.011 | E32: 40969 | F32: 2011-2012 | G32: Q1 | H32: =C$19/12 -> 0.001225 | I32: =(SUM('1. LRAMVA Summary'!D$52:D$54)+SUM('1. LRAMVA Summary'!D$55:D$56)*(MONTH($E32)-1)/12)*$H32 -> 0 | J32: =(SUM('1. LRAMVA Summary'!E$52:E$54)+SUM('1. LRAMVA Summary'!E$55:E$56)*(MONTH($E32)-1)/12)*$H32 -> 0 | K32: =(SUM('1. LRAMVA Summary'!F$52:F$54)+SUM('1. LRAMVA Summary'!F$55:F$56)*(MONTH($E32)-1)/12)*$H32 -> 0 | L32: =(SUM('1. LRAMVA Summary'!G$52:G$54)+SUM('1. LRAMVA Summary'!G$55:G$56)*(MONTH($E32)-1)/12)*$H32 -> 0 | M32: =(SUM('1. LRAMVA Summary'!H$52:H$54)+SUM('1. LRAMVA Summary'!H$55:H$56)*(MONTH($E32)-1)/12)*$H32 -> 0 | N32: =(SUM('1. LRAMVA Summary'!I$52:I$54)+SUM('1. LRAMVA Summary'!I$55:I$56)*(MONTH($E32)-1)/12)*$H32 -> 0 | O32: =(SUM('1. LRAMVA Summary'!J$52:J$54)+SUM('1. LRAMVA Summary'!J$55:J$56)*(MONTH($E32)-1)/12)*$H32 -> 0 | P32: =(SUM('1. LRAMVA Summary'!K$52:K$54)+SUM('1. LRAMVA Summary'!K$55:K$56)*(MONTH($E32)-1)/12)*$H32 -> 0 | ... V32: =(SUM('1. LRAMVA Summary'!Q$52:Q$54)+SUM('1. LRAMVA Summary'!Q$55:Q$56)*(MONTH($E32)-1)/12)*$H32 -> 0 | W32: =SUM(I32:V32) -> 0
B33: 2015 Q3 | C33: 0.011 | E33: 41000 | F33: 2011-2012 | G33: Q2 | H33: =C$20/12 -> 0.001225 | I33: =(SUM('1. LRAMVA Summary'!D$52:D$54)+SUM('1. LRAMVA Summary'!D$55:D$56)*(MONTH($E33)-1)/12)*$H33 -> 0 | J33: =(SUM('1. LRAMVA Summary'!E$52:E$54)+SUM('1. LRAMVA Summary'!E$55:E$56)*(MONTH($E33)-1)/12)*$H33 -> 0 | K33: =(SUM('1. LRAMVA Summary'!F$52:F$54)+SUM('1. LRAMVA Summary'!F$55:F$56)*(MONTH($E33)-1)/12)*$H33 -> 0 | L33: =(SUM('1. LRAMVA Summary'!G$52:G$54)+SUM('1. LRAMVA Summary'!G$55:G$56)*(MONTH($E33)-1)/12)*$H33 -> 0 | M33: =(SUM('1. LRAMVA Summary'!H$52:H$54)+SUM('1. LRAMVA Summary'!H$55:H$56)*(MONTH($E33)-1)/12)*$H33 -> 0 | N33: =(SUM('1. LRAMVA Summary'!I$52:I$54)+SUM('1. LRAMVA Summary'!I$55:I$56)*(MONTH($E33)-1)/12)*$H33 -> 0 | O33: =(SUM('1. LRAMVA Summary'!J$52:J$54)+SUM('1. LRAMVA Summary'!J$55:J$56)*(MONTH($E33)-1)/12)*$H33 -> 0 | P33: =(SUM('1. LRAMVA Summary'!K$52:K$54)+SUM('1. LRAMVA Summary'!K$55:K$56)*(MONTH($E33)-1)/12)*$H33 -> 0 | ... V33: =(SUM('1. LRAMVA Summary'!Q$52:Q$54)+SUM('1. LRAMVA Summary'!Q$55:Q$56)*(MONTH($E33)-1)/12)*$H33 -> 0 | W33: =SUM(I33:V33) -> 0
B34: 2015 Q4 | C34: 0.011 | E34: 41030 | F34: 2011-2012 | G34: Q2 | H34: =C$20/12 -> 0.001225 | I34: =(SUM('1. LRAMVA Summary'!D$52:D$54)+SUM('1. LRAMVA Summary'!D$55:D$56)*(MONTH($E34)-1)/12)*$H34 -> 0 | J34: =(SUM('1. LRAMVA Summary'!E$52:E$54)+SUM('1. LRAMVA Summary'!E$55:E$56)*(MONTH($E34)-1)/12)*$H34 -> 0 | K34: =(SUM('1. LRAMVA Summary'!F$52:F$54)+SUM('1. LRAMVA Summary'!F$55:F$56)*(MONTH($E34)-1)/12)*$H34 -> 0 | L34: =(SUM('1. LRAMVA Summary'!G$52:G$54)+SUM('1. LRAMVA Summary'!G$55:G$56)*(MONTH($E34)-1)/12)*$H34 -> 0 | M34: =(SUM('1. LRAMVA Summary'!H$52:H$54)+SUM('1. LRAMVA Summary'!H$55:H$56)*(MONTH($E34)-1)/12)*$H34 -> 0 | N34: =(SUM('1. LRAMVA Summary'!I$52:I$54)+SUM('1. LRAMVA Summary'!I$55:I$56)*(MONTH($E34)-1)/12)*$H34 -> 0 | O34: =(SUM('1. LRAMVA Summary'!J$52:J$54)+SUM('1. LRAMVA Summary'!J$55:J$56)*(MONTH($E34)-1)/12)*$H34 -> 0 | P34: =(SUM('1. LRAMVA Summary'!K$52:K$54)+SUM('1. LRAMVA Summary'!K$55:K$56)*(MONTH($E34)-1)/12)*$H34 -> 0 | ... V34: =(SUM('1. LRAMVA Summary'!Q$52:Q$54)+SUM('1. LRAMVA Summary'!Q$55:Q$56)*(MONTH($E34)-1)/12)*$H34 -> 0 | W34: =SUM(I34:V34) -> 0
B35: 2016 Q1 | C35: 0.011 | E35: 41061 | F35: 2011-2012 | G35: Q2 | H35: =C$20/12 -> 0.001225 | I35: =(SUM('1. LRAMVA Summary'!D$52:D$54)+SUM('1. LRAMVA Summary'!D$55:D$56)*(MONTH($E35)-1)/12)*$H35 -> 0 | J35: =(SUM('1. LRAMVA Summary'!E$52:E$54)+SUM('1. LRAMVA Summary'!E$55:E$56)*(MONTH($E35)-1)/12)*$H35 -> 0 | K35: =(SUM('1. LRAMVA Summary'!F$52:F$54)+SUM('1. LRAMVA Summary'!F$55:F$56)*(MONTH($E35)-1)/12)*$H35 -> 0 | L35: =(SUM('1. LRAMVA Summary'!G$52:G$54)+SUM('1. LRAMVA Summary'!G$55:G$56)*(MONTH($E35)-1)/12)*$H35 -> 0 | M35: =(SUM('1. LRAMVA Summary'!H$52:H$54)+SUM('1. LRAMVA Summary'!H$55:H$56)*(MONTH($E35)-1)/12)*$H35 -> 0 | N35: =(SUM('1. LRAMVA Summary'!I$52:I$54)+SUM('1. LRAMVA Summary'!I$55:I$56)*(MONTH($E35)-1)/12)*$H35 -> 0 | O35: =(SUM('1. LRAMVA Summary'!J$52:J$54)+SUM('1. LRAMVA Summary'!J$55:J$56)*(MONTH($E35)-1)/12)*$H35 -> 0 | P35: =(SUM('1. LRAMVA Summary'!K$52:K$54)+SUM('1. LRAMVA Summary'!K$55:K$56)*(MONTH($E35)-1)/12)*$H35 -> 0 | ... V35: =(SUM('1. LRAMVA Summary'!Q$52:Q$54)+SUM('1. LRAMVA Summary'!Q$55:Q$56)*(MONTH($E35)-1)/12)*$H35 -> 0 | W35: =SUM(I35:V35) -> 0
B36: 2016 Q2 | C36: 0.011 | E36: 41091 | F36: 2011-2012 | G36: Q3 | H36: =C$21/12 -> 0.001225 | I36: =(SUM('1. LRAMVA Summary'!D$52:D$54)+SUM('1. LRAMVA Summary'!D$55:D$56)*(MONTH($E36)-1)/12)*$H36 -> 0 | J36: =(SUM('1. LRAMVA Summary'!E$52:E$54)+SUM('1. LRAMVA Summary'!E$55:E$56)*(MONTH($E36)-1)/12)*$H36 -> 0 | K36: =(SUM('1. LRAMVA Summary'!F$52:F$54)+SUM('1. LRAMVA Summary'!F$55:F$56)*(MONTH($E36)-1)/12)*$H36 -> 0 | L36: =(SUM('1. LRAMVA Summary'!G$52:G$54)+SUM('1. LRAMVA Summary'!G$55:G$56)*(MONTH($E36)-1)/12)*$H36 -> 0 | M36: =(SUM('1. LRAMVA Summary'!H$52:H$54)+SUM('1. LRAMVA Summary'!H$55:H$56)*(MONTH($E36)-1)/12)*$H36 -> 0 | N36: =(SUM('1. LRAMVA Summary'!I$52:I$54)+SUM('1. LRAMVA Summary'!I$55:I$56)*(MONTH($E36)-1)/12)*$H36 -> 0 | O36: =(SUM('1. LRAMVA Summary'!J$52:J$54)+SUM('1. LRAMVA Summary'!J$55:J$56)*(MONTH($E36)-1)/12)*$H36 -> 0 | P36: =(SUM('1. LRAMVA Summary'!K$52:K$54)+SUM('1. LRAMVA Summary'!K$55:K$56)*(MONTH($E36)-1)/12)*$H36 -> 0 | ... V36: =(SUM('1. LRAMVA Summary'!Q$52:Q$54)+SUM('1. LRAMVA Summary'!Q$55:Q$56)*(MONTH($E36)-1)/12)*$H36 -> 0 | W36: =SUM(I36:V36) -> 0
B37: 2016 Q3 | C37: 0.011 | E37: 41122 | F37: 2011-2012 | G37: Q3 | H37: =C$21/12 -> 0.001225 | I37: =(SUM('1. LRAMVA Summary'!D$52:D$54)+SUM('1. LRAMVA Summary'!D$55:D$56)*(MONTH($E37)-1)/12)*$H37 -> 0 | J37: =(SUM('1. LRAMVA Summary'!E$52:E$54)+SUM('1. LRAMVA Summary'!E$55:E$56)*(MONTH($E37)-1)/12)*$H37 -> 0 | K37: =(SUM('1. LRAMVA Summary'!F$52:F$54)+SUM('1. LRAMVA Summary'!F$55:F$56)*(MONTH($E37)-1)/12)*$H37 -> 0 | L37: =(SUM('1. LRAMVA Summary'!G$52:G$54)+SUM('1. LRAMVA Summary'!G$55:G$56)*(MONTH($E37)-1)/12)*$H37 -> 0 | M37: =(SUM('1. LRAMVA Summary'!H$52:H$54)+SUM('1. LRAMVA Summary'!H$55:H$56)*(MONTH($E37)-1)/12)*$H37 -> 0 | N37: =(SUM('1. LRAMVA Summary'!I$52:I$54)+SUM('1. LRAMVA Summary'!I$55:I$56)*(MONTH($E37)-1)/12)*$H37 -> 0 | O37: =(SUM('1. LRAMVA Summary'!J$52:J$54)+SUM('1. LRAMVA Summary'!J$55:J$56)*(MONTH($E37)-1)/12)*$H37 -> 0 | P37: =(SUM('1. LRAMVA Summary'!K$52:K$54)+SUM('1. LRAMVA Summary'!K$55:K$56)*(MONTH($E37)-1)/12)*$H37 -> 0 | ... V37: =(SUM('1. LRAMVA Summary'!Q$52:Q$54)+SUM('1. LRAMVA Summary'!Q$55:Q$56)*(MONTH($E37)-1)/12)*$H37 -> 0 | W37: =SUM(I37:V37) -> 0
B38: 2016 Q4 | C38: 0.011 | E38: 41153 | F38: 2011-2012 | G38: Q3 | H38: =C$21/12 -> 0.001225 | I38: =(SUM('1. LRAMVA Summary'!D$52:D$54)+SUM('1. LRAMVA Summary'!D$55:D$56)*(MONTH($E38)-1)/12)*$H38 -> 0 | J38: =(SUM('1. LRAMVA Summary'!E$52:E$54)+SUM('1. LRAMVA Summary'!E$55:E$56)*(MONTH($E38)-1)/12)*$H38 -> 0 | K38: =(SUM('1. LRAMVA Summary'!F$52:F$54)+SUM('1. LRAMVA Summary'!F$55:F$56)*(MONTH($E38)-1)/12)*$H38 -> 0 | L38: =(SUM('1. LRAMVA Summary'!G$52:G$54)+SUM('1. LRAMVA Summary'!G$55:G$56)*(MONTH($E38)-1)/12)*$H38 -> 0 | M38: =(SUM('1. LRAMVA Summary'!H$52:H$54)+SUM('1. LRAMVA Summary'!H$55:H$56)*(MONTH($E38)-1)/12)*$H38 -> 0 | N38: =(SUM('1. LRAMVA Summary'!I$52:I$54)+SUM('1. LRAMVA Summary'!I$55:I$56)*(MONTH($E38)-1)/12)*$H38 -> 0 | O38: =(SUM('1. LRAMVA Summary'!J$52:J$54)+SUM('1. LRAMVA Summary'!J$55:J$56)*(MONTH($E38)-1)/12)*$H38 -> 0 | P38: =(SUM('1. LRAMVA Summary'!K$52:K$54)+SUM('1. LRAMVA Summary'!K$55:K$56)*(MONTH($E38)-1)/12)*$H38 -> 0 | ... V38: =(SUM('1. LRAMVA Summary'!Q$52:Q$54)+SUM('1. LRAMVA Summary'!Q$55:Q$56)*(MONTH($E38)-1)/12)*$H38 -> 0 | W38: =SUM(I38:V38) -> 0
B39: 2017 Q1 | C39: 0.011 | E39: 41183 | F39: 2011-2012 | G39: Q4 | H39: =C$22/12 -> 0.001225 | I39: =(SUM('1. LRAMVA Summary'!D$52:D$54)+SUM('1. LRAMVA Summary'!D$55:D$56)*(MONTH($E39)-1)/12)*$H39 -> 0 | J39: =(SUM('1. LRAMVA Summary'!E$52:E$54)+SUM('1. LRAMVA Summary'!E$55:E$56)*(MONTH($E39)-1)/12)*$H39 -> 0 | K39: =(SUM('1. LRAMVA Summary'!F$52:F$54)+SUM('1. LRAMVA Summary'!F$55:F$56)*(MONTH($E39)-1)/12)*$H39 -> 0 | L39: =(SUM('1. LRAMVA Summary'!G$52:G$54)+SUM('1. LRAMVA Summary'!G$55:G$56)*(MONTH($E39)-1)/12)*$H39 -> 0 | M39: =(SUM('1. LRAMVA Summary'!H$52:H$54)+SUM('1. LRAMVA Summary'!H$55:H$56)*(MONTH($E39)-1)/12)*$H39 -> 0 | N39: =(SUM('1. LRAMVA Summary'!I$52:I$54)+SUM('1. LRAMVA Summary'!I$55:I$56)*(MONTH($E39)-1)/12)*$H39 -> 0 | O39: =(SUM('1. LRAMVA Summary'!J$52:J$54)+SUM('1. LRAMVA Summary'!J$55:J$56)*(MONTH($E39)-1)/12)*$H39 -> 0 | P39: =(SUM('1. LRAMVA Summary'!K$52:K$54)+SUM('1. LRAMVA Summary'!K$55:K$56)*(MONTH($E39)-1)/12)*$H39 -> 0 | ... V39: =(SUM('1. LRAMVA Summary'!Q$52:Q$54)+SUM('1. LRAMVA Summary'!Q$55:Q$56)*(MONTH($E39)-1)/12)*$H39 -> 0 | W39: =SUM(I39:V39) -> 0
B40: 2017 Q2 | C40: 0.011 | E40: 41214 | F40: 2011-2012 | G40: Q4 | H40: =C$22/12 -> 0.001225 | I40: =(SUM('1. LRAMVA Summary'!D$52:D$54)+SUM('1. LRAMVA Summary'!D$55:D$56)*(MONTH($E40)-1)/12)*$H40 -> 0 | J40: =(SUM('1. LRAMVA Summary'!E$52:E$54)+SUM('1. LRAMVA Summary'!E$55:E$56)*(MONTH($E40)-1)/12)*$H40 -> 0 | K40: =(SUM('1. LRAMVA Summary'!F$52:F$54)+SUM('1. LRAMVA Summary'!F$55:F$56)*(MONTH($E40)-1)/12)*$H40 -> 0 | L40: =(SUM('1. LRAMVA Summary'!G$52:G$54)+SUM('1. LRAMVA Summary'!G$55:G$56)*(MONTH($E40)-1)/12)*$H40 -> 0 | M40: =(SUM('1. LRAMVA Summary'!H$52:H$54)+SUM('1. LRAMVA Summary'!H$55:H$56)*(MONTH($E40)-1)/12)*$H40 -> 0 | N40: =(SUM('1. LRAMVA Summary'!I$52:I$54)+SUM('1. LRAMVA Summary'!I$55:I$56)*(MONTH($E40)-1)/12)*$H40 -> 0 | O40: =(SUM('1. LRAMVA Summary'!J$52:J$54)+SUM('1. LRAMVA Summary'!J$55:J$56)*(MONTH($E40)-1)/12)*$H40 -> 0 | P40: =(SUM('1. LRAMVA Summary'!K$52:K$54)+SUM('1. LRAMVA Summary'!K$55:K$56)*(MONTH($E40)-1)/12)*$H40 -> 0 | ... V40: =(SUM('1. LRAMVA Summary'!Q$52:Q$54)+SUM('1. LRAMVA Summary'!Q$55:Q$56)*(MONTH($E40)-1)/12)*$H40 -> 0 | W40: =SUM(I40:V40) -> 0
B41: 2017 Q3 | C41: 0.011 | E41: 41244 | F41: 2011-2012 | G41: Q4 | H41: =C$22/12 -> 0.001225 | I41: =(SUM('1. LRAMVA Summary'!D$52:D$54)+SUM('1. LRAMVA Summary'!D$55:D$56)*(MONTH($E41)-1)/12)*$H41 -> 0 | J41: =(SUM('1. LRAMVA Summary'!E$52:E$54)+SUM('1. LRAMVA Summary'!E$55:E$56)*(MONTH($E41)-1)/12)*$H41 -> 0 | K41: =(SUM('1. LRAMVA Summary'!F$52:F$54)+SUM('1. LRAMVA Summary'!F$55:F$56)*(MONTH($E41)-1)/12)*$H41 -> 0 | L41: =(SUM('1. LRAMVA Summary'!G$52:G$54)+SUM('1. LRAMVA Summary'!G$55:G$56)*(MONTH($E41)-1)/12)*$H41 -> 0 | M41: =(SUM('1. LRAMVA Summary'!H$52:H$54)+SUM('1. LRAMVA Summary'!H$55:H$56)*(MONTH($E41)-1)/12)*$H41 -> 0 | N41: =(SUM('1. LRAMVA Summary'!I$52:I$54)+SUM('1. LRAMVA Summary'!I$55:I$56)*(MONTH($E41)-1)/12)*$H41 -> 0 | O41: =(SUM('1. LRAMVA Summary'!J$52:J$54)+SUM('1. LRAMVA Summary'!J$55:J$56)*(MONTH($E41)-1)/12)*$H41 -> 0 | P41: =(SUM('1. LRAMVA Summary'!K$52:K$54)+SUM('1. LRAMVA Summary'!K$55:K$56)*(MONTH($E41)-1)/12)*$H41 -> 0 | ... V41: =(SUM('1. LRAMVA Summary'!Q$52:Q$54)+SUM('1. LRAMVA Summary'!Q$55:Q$56)*(MONTH($E41)-1)/12)*$H41 -> 0 | W41: =SUM(I41:V41) -> 0
B42: 2017 Q4 | C42: 0.015 | E42: Total for 2012 | I42: =SUM(I29:I41) -> 0 | J42: =SUM(J29:J41) -> 0 | K42: =SUM(K29:K41) -> 0 | L42: =SUM(L29:L41) -> 0 | M42: =SUM(M29:M41) -> 0 | N42: =SUM(N29:N41) -> 0 | O42: =SUM(O29:O41) -> 0 | P42: =SUM(P29:P41) -> 0 | ... W42: =SUM(W29:W41) -> 0
B43: 2018 Q1 | C43: 0.015 | E43: Amount Cleared
B44: 2018 Q2 | C44: 0.015 | E44: Opening Balance for 2013 | I44: =I42+I43 -> 0 | J44: =J42+J43 -> 0 | K44: =K42+K43 -> 0 | L44: =L42+L43 -> 0 | M44: =M42+M43 -> 0 | N44: =N42+N43 -> 0 | O44: =O42+O43 -> 0 | P44: =P42+P43 -> 0 | ... W44: =W42+W43 -> 0
B45: 2018 Q3 | E45: 41275 | F45: 2011-2013 | G45: Q1 | H45: =C$23/12 -> 0.001225 | I45: =(SUM('1. LRAMVA Summary'!D$52:D$57)+SUM('1. LRAMVA Summary'!D$58:D$59)*(MONTH($E45)-1)/12)*$H45 -> 0 | J45: =(SUM('1. LRAMVA Summary'!E$52:E$57)+SUM('1. LRAMVA Summary'!E$58:E$59)*(MONTH($E45)-1)/12)*$H45 -> 0 | K45: =(SUM('1. LRAMVA Summary'!F$52:F$57)+SUM('1. LRAMVA Summary'!F$58:F$59)*(MONTH($E45)-1)/12)*$H45 -> 0 | L45: =(SUM('1. LRAMVA Summary'!G$52:G$57)+SUM('1. LRAMVA Summary'!G$58:G$59)*(MONTH($E45)-1)/12)*$H45 -> 0 | M45: =(SUM('1. LRAMVA Summary'!H$52:H$57)+SUM('1. LRAMVA Summary'!H$58:H$59)*(MONTH($E45)-1)/12)*$H45 -> 0 | N45: =(SUM('1. LRAMVA Summary'!I$52:I$57)+SUM('1. LRAMVA Summary'!I$58:I$59)*(MONTH($E45)-1)/12)*$H45 -> 0 | O45: =(SUM('1. LRAMVA Summary'!J$52:J$57)+SUM('1. LRAMVA Summary'!J$58:J$59)*(MONTH($E45)-1)/12)*$H45 -> 0 | P45: =(SUM('1. LRAMVA Summary'!K$52:K$57)+SUM('1. LRAMVA Summary'!K$58:K$59)*(MONTH($E45)-1)/12)*$H45 -> 0 | ... V45: =(SUM('1. LRAMVA Summary'!Q$52:Q$57)+SUM('1. LRAMVA Summary'!Q$58:Q$59)*(MONTH($E45)-1)/12)*$H45 -> 0 | W45: =SUM(I45:V45) -> 0
B46: 2018 Q4 | E46: 41306 | F46: 2011-2013 | G46: Q1 | H46: =C$23/12 -> 0.001225 | I46: =(SUM('1. LRAMVA Summary'!D$52:D$57)+SUM('1. LRAMVA Summary'!D$58:D$59)*(MONTH($E46)-1)/12)*$H46 -> 0 | J46: =(SUM('1. LRAMVA Summary'!E$52:E$57)+SUM('1. LRAMVA Summary'!E$58:E$59)*(MONTH($E46)-1)/12)*$H46 -> 0 | K46: =(SUM('1. LRAMVA Summary'!F$52:F$57)+SUM('1. LRAMVA Summary'!F$58:F$59)*(MONTH($E46)-1)/12)*$H46 -> 0 | L46: =(SUM('1. LRAMVA Summary'!G$52:G$57)+SUM('1. LRAMVA Summary'!G$58:G$59)*(MONTH($E46)-1)/12)*$H46 -> 0 | M46: =(SUM('1. LRAMVA Summary'!H$52:H$57)+SUM('1. LRAMVA Summary'!H$58:H$59)*(MONTH($E46)-1)/12)*$H46 -> 0 | N46: =(SUM('1. LRAMVA Summary'!I$52:I$57)+SUM('1. LRAMVA Summary'!I$58:I$59)*(MONTH($E46)-1)/12)*$H46 -> 0 | O46: =(SUM('1. LRAMVA Summary'!J$52:J$57)+SUM('1. LRAMVA Summary'!J$58:J$59)*(MONTH($E46)-1)/12)*$H46 -> 0 | P46: =(SUM('1. LRAMVA Summary'!K$52:K$57)+SUM('1. LRAMVA Summary'!K$58:K$59)*(MONTH($E46)-1)/12)*$H46 -> 0 | ... V46: =(SUM('1. LRAMVA Summary'!Q$52:Q$57)+SUM('1. LRAMVA Summary'!Q$58:Q$59)*(MONTH($E46)-1)/12)*$H46 -> 0 | W46: =SUM(I46:V46) -> 0
B47: 2019 Q1 | E47: 41334 | F47: 2011-2013 | G47: Q1 | H47: =C$23/12 -> 0.001225 | I47: =(SUM('1. LRAMVA Summary'!D$52:D$57)+SUM('1. LRAMVA Summary'!D$58:D$59)*(MONTH($E47)-1)/12)*$H47 -> 0 | J47: =(SUM('1. LRAMVA Summary'!E$52:E$57)+SUM('1. LRAMVA Summary'!E$58:E$59)*(MONTH($E47)-1)/12)*$H47 -> 0 | K47: =(SUM('1. LRAMVA Summary'!F$52:F$57)+SUM('1. LRAMVA Summary'!F$58:F$59)*(MONTH($E47)-1)/12)*$H47 -> 0 | L47: =(SUM('1. LRAMVA Summary'!G$52:G$57)+SUM('1. LRAMVA Summary'!G$58:G$59)*(MONTH($E47)-1)/12)*$H47 -> 0 | M47: =(SUM('1. LRAMVA Summary'!H$52:H$57)+SUM('1. LRAMVA Summary'!H$58:H$59)*(MONTH($E47)-1)/12)*$H47 -> 0 | N47: =(SUM('1. LRAMVA Summary'!I$52:I$57)+SUM('1. LRAMVA Summary'!I$58:I$59)*(MONTH($E47)-1)/12)*$H47 -> 0 | O47: =(SUM('1. LRAMVA Summary'!J$52:J$57)+SUM('1. LRAMVA Summary'!J$58:J$59)*(MONTH($E47)-1)/12)*$H47 -> 0 | P47: =(SUM('1. LRAMVA Summary'!K$52:K$57)+SUM('1. LRAMVA Summary'!K$58:K$59)*(MONTH($E47)-1)/12)*$H47 -> 0 | ... V47: =(SUM('1. LRAMVA Summary'!Q$52:Q$57)+SUM('1. LRAMVA Summary'!Q$58:Q$59)*(MONTH($E47)-1)/12)*$H47 -> 0 | W47: =SUM(I47:V47) -> 0
B48: 2019 Q2 | E48: 41365 | F48: 2011-2013 | G48: Q2 | H48: =C$24/12 -> 0.001225 | I48: =(SUM('1. LRAMVA Summary'!D$52:D$57)+SUM('1. LRAMVA Summary'!D$58:D$59)*(MONTH($E48)-1)/12)*$H48 -> 0 | J48: =(SUM('1. LRAMVA Summary'!E$52:E$57)+SUM('1. LRAMVA Summary'!E$58:E$59)*(MONTH($E48)-1)/12)*$H48 -> 0 | K48: =(SUM('1. LRAMVA Summary'!F$52:F$57)+SUM('1. LRAMVA Summary'!F$58:F$59)*(MONTH($E48)-1)/12)*$H48 -> 0 | L48: =(SUM('1. LRAMVA Summary'!G$52:G$57)+SUM('1. LRAMVA Summary'!G$58:G$59)*(MONTH($E48)-1)/12)*$H48 -> 0 | M48: =(SUM('1. LRAMVA Summary'!H$52:H$57)+SUM('1. LRAMVA Summary'!H$58:H$59)*(MONTH($E48)-1)/12)*$H48 -> 0 | N48: =(SUM('1. LRAMVA Summary'!I$52:I$57)+SUM('1. LRAMVA Summary'!I$58:I$59)*(MONTH($E48)-1)/12)*$H48 -> 0 | O48: =(SUM('1. LRAMVA Summary'!J$52:J$57)+SUM('1. LRAMVA Summary'!J$58:J$59)*(MONTH($E48)-1)/12)*$H48 -> 0 | P48: =(SUM('1. LRAMVA Summary'!K$52:K$57)+SUM('1. LRAMVA Summary'!K$58:K$59)*(MONTH($E48)-1)/12)*$H48 -> 0 | ... V48: =(SUM('1. LRAMVA Summary'!Q$52:Q$57)+SUM('1. LRAMVA Summary'!Q$58:Q$59)*(MONTH($E48)-1)/12)*$H48 -> 0 | W48: =SUM(I48:V48) -> 0
B49: 2019 Q3 | E49: 41395 | F49: 2011-2013 | G49: Q2 | H49: =C$24/12 -> 0.001225 | I49: =(SUM('1. LRAMVA Summary'!D$52:D$57)+SUM('1. LRAMVA Summary'!D$58:D$59)*(MONTH($E49)-1)/12)*$H49 -> 0 | J49: =(SUM('1. LRAMVA Summary'!E$52:E$57)+SUM('1. LRAMVA Summary'!E$58:E$59)*(MONTH($E49)-1)/12)*$H49 -> 0 | K49: =(SUM('1. LRAMVA Summary'!F$52:F$57)+SUM('1. LRAMVA Summary'!F$58:F$59)*(MONTH($E49)-1)/12)*$H49 -> 0 | L49: =(SUM('1. LRAMVA Summary'!G$52:G$57)+SUM('1. LRAMVA Summary'!G$58:G$59)*(MONTH($E49)-1)/12)*$H49 -> 0 | M49: =(SUM('1. LRAMVA Summary'!H$52:H$57)+SUM('1. LRAMVA Summary'!H$58:H$59)*(MONTH($E49)-1)/12)*$H49 -> 0 | N49: =(SUM('1. LRAMVA Summary'!I$52:I$57)+SUM('1. LRAMVA Summary'!I$58:I$59)*(MONTH($E49)-1)/12)*$H49 -> 0 | O49: =(SUM('1. LRAMVA Summary'!J$52:J$57)+SUM('1. LRAMVA Summary'!J$58:J$59)*(MONTH($E49)-1)/12)*$H49 -> 0 | P49: =(SUM('1. LRAMVA Summary'!K$52:K$57)+SUM('1. LRAMVA Summary'!K$58:K$59)*(MONTH($E49)-1)/12)*$H49 -> 0 | ... V49: =(SUM('1. LRAMVA Summary'!Q$52:Q$57)+SUM('1. LRAMVA Summary'!Q$58:Q$59)*(MONTH($E49)-1)/12)*$H49 -> 0 | W49: =SUM(I49:V49) -> 0
B50: 2019 Q4 | E50: 41426 | F50: 2011-2013 | G50: Q2 | H50: =C$24/12 -> 0.001225 | I50: =(SUM('1. LRAMVA Summary'!D$52:D$57)+SUM('1. LRAMVA Summary'!D$58:D$59)*(MONTH($E50)-1)/12)*$H50 -> 0 | J50: =(SUM('1. LRAMVA Summary'!E$52:E$57)+SUM('1. LRAMVA Summary'!E$58:E$59)*(MONTH($E50)-1)/12)*$H50 -> 0 | K50: =(SUM('1. LRAMVA Summary'!F$52:F$57)+SUM('1. LRAMVA Summary'!F$58:F$59)*(MONTH($E50)-1)/12)*$H50 -> 0 | L50: =(SUM('1. LRAMVA Summary'!G$52:G$57)+SUM('1. LRAMVA Summary'!G$58:G$59)*(MONTH($E50)-1)/12)*$H50 -> 0 | M50: =(SUM('1. LRAMVA Summary'!H$52:H$57)+SUM('1. LRAMVA Summary'!H$58:H$59)*(MONTH($E50)-1)/12)*$H50 -> 0 | N50: =(SUM('1. LRAMVA Summary'!I$52:I$57)+SUM('1. LRAMVA Summary'!I$58:I$59)*(MONTH($E50)-1)/12)*$H50 -> 0 | O50: =(SUM('1. LRAMVA Summary'!J$52:J$57)+SUM('1. LRAMVA Summary'!J$58:J$59)*(MONTH($E50)-1)/12)*$H50 -> 0 | P50: =(SUM('1. LRAMVA Summary'!K$52:K$57)+SUM('1. LRAMVA Summary'!K$58:K$59)*(MONTH($E50)-1)/12)*$H50 -> 0 | ... V50: =(SUM('1. LRAMVA Summary'!Q$52:Q$57)+SUM('1. LRAMVA Summary'!Q$58:Q$59)*(MONTH($E50)-1)/12)*$H50 -> 0 | W50: =SUM(I50:V50) -> 0
B51: 2020 Q1 | E51: 41456 | F51: 2011-2013 | G51: Q3 | H51: =C$25/12 -> 0.001225 | I51: =(SUM('1. LRAMVA Summary'!D$52:D$57)+SUM('1. LRAMVA Summary'!D$58:D$59)*(MONTH($E51)-1)/12)*$H51 -> 0 | J51: =(SUM('1. LRAMVA Summary'!E$52:E$57)+SUM('1. LRAMVA Summary'!E$58:E$59)*(MONTH($E51)-1)/12)*$H51 -> 0 | K51: =(SUM('1. LRAMVA Summary'!F$52:F$57)+SUM('1. LRAMVA Summary'!F$58:F$59)*(MONTH($E51)-1)/12)*$H51 -> 0 | L51: =(SUM('1. LRAMVA Summary'!G$52:G$57)+SUM('1. LRAMVA Summary'!G$58:G$59)*(MONTH($E51)-1)/12)*$H51 -> 0 | M51: =(SUM('1. LRAMVA Summary'!H$52:H$57)+SUM('1. LRAMVA Summary'!H$58:H$59)*(MONTH($E51)-1)/12)*$H51 -> 0 | N51: =(SUM('1. LRAMVA Summary'!I$52:I$57)+SUM('1. LRAMVA Summary'!I$58:I$59)*(MONTH($E51)-1)/12)*$H51 -> 0 | O51: =(SUM('1. LRAMVA Summary'!J$52:J$57)+SUM('1. LRAMVA Summary'!J$58:J$59)*(MONTH($E51)-1)/12)*$H51 -> 0 | P51: =(SUM('1. LRAMVA Summary'!K$52:K$57)+SUM('1. LRAMVA Summary'!K$58:K$59)*(MONTH($E51)-1)/12)*$H51 -> 0 | ... V51: =(SUM('1. LRAMVA Summary'!Q$52:Q$57)+SUM('1. LRAMVA Summary'!Q$58:Q$59)*(MONTH($E51)-1)/12)*$H51 -> 0 | W51: =SUM(I51:V51) -> 0
B52: 2020 Q2 | E52: 41487 | F52: 2011-2013 | G52: Q3 | H52: =C$25/12 -> 0.001225 | I52: =(SUM('1. LRAMVA Summary'!D$52:D$57)+SUM('1. LRAMVA Summary'!D$58:D$59)*(MONTH($E52)-1)/12)*$H52 -> 0 | J52: =(SUM('1. LRAMVA Summary'!E$52:E$57)+SUM('1. LRAMVA Summary'!E$58:E$59)*(MONTH($E52)-1)/12)*$H52 -> 0 | K52: =(SUM('1. LRAMVA Summary'!F$52:F$57)+SUM('1. LRAMVA Summary'!F$58:F$59)*(MONTH($E52)-1)/12)*$H52 -> 0 | L52: =(SUM('1. LRAMVA Summary'!G$52:G$57)+SUM('1. LRAMVA Summary'!G$58:G$59)*(MONTH($E52)-1)/12)*$H52 -> 0 | M52: =(SUM('1. LRAMVA Summary'!H$52:H$57)+SUM('1. LRAMVA Summary'!H$58:H$59)*(MONTH($E52)-1)/12)*$H52 -> 0 | N52: =(SUM('1. LRAMVA Summary'!I$52:I$57)+SUM('1. LRAMVA Summary'!I$58:I$59)*(MONTH($E52)-1)/12)*$H52 -> 0 | O52: =(SUM('1. LRAMVA Summary'!J$52:J$57)+SUM('1. LRAMVA Summary'!J$58:J$59)*(MONTH($E52)-1)/12)*$H52 -> 0 | P52: =(SUM('1. LRAMVA Summary'!K$52:K$57)+SUM('1. LRAMVA Summary'!K$58:K$59)*(MONTH($E52)-1)/12)*$H52 -> 0 | ... V52: =(SUM('1. LRAMVA Summary'!Q$52:Q$57)+SUM('1. LRAMVA Summary'!Q$58:Q$59)*(MONTH($E52)-1)/12)*$H52 -> 0 | W52: =SUM(I52:V52) -> 0
B53: 2020 Q3 | E53: 41518 | F53: 2011-2013 | G53: Q3 | H53: =C$25/12 -> 0.001225 | I53: =(SUM('1. LRAMVA Summary'!D$52:D$57)+SUM('1. LRAMVA Summary'!D$58:D$59)*(MONTH($E53)-1)/12)*$H53 -> 0 | J53: =(SUM('1. LRAMVA Summary'!E$52:E$57)+SUM('1. LRAMVA Summary'!E$58:E$59)*(MONTH($E53)-1)/12)*$H53 -> 0 | K53: =(SUM('1. LRAMVA Summary'!F$52:F$57)+SUM('1. LRAMVA Summary'!F$58:F$59)*(MONTH($E53)-1)/12)*$H53 -> 0 | L53: =(SUM('1. LRAMVA Summary'!G$52:G$57)+SUM('1. LRAMVA Summary'!G$58:G$59)*(MONTH($E53)-1)/12)*$H53 -> 0 | M53: =(SUM('1. LRAMVA Summary'!H$52:H$57)+SUM('1. LRAMVA Summary'!H$58:H$59)*(MONTH($E53)-1)/12)*$H53 -> 0 | N53: =(SUM('1. LRAMVA Summary'!I$52:I$57)+SUM('1. LRAMVA Summary'!I$58:I$59)*(MONTH($E53)-1)/12)*$H53 -> 0 | O53: =(SUM('1. LRAMVA Summary'!J$52:J$57)+SUM('1. LRAMVA Summary'!J$58:J$59)*(MONTH($E53)-1)/12)*$H53 -> 0 | P53: =(SUM('1. LRAMVA Summary'!K$52:K$57)+SUM('1. LRAMVA Summary'!K$58:K$59)*(MONTH($E53)-1)/12)*$H53 -> 0 | ... V53: =(SUM('1. LRAMVA Summary'!Q$52:Q$57)+SUM('1. LRAMVA Summary'!Q$58:Q$59)*(MONTH($E53)-1)/12)*$H53 -> 0 | W53: =SUM(I53:V53) -> 0
B54: 2020 Q4 | E54: 41548 | F54: 2011-2013 | G54: Q4 | H54: =C$26/12 -> 0.001225 | I54: =(SUM('1. LRAMVA Summary'!D$52:D$57)+SUM('1. LRAMVA Summary'!D$58:D$59)*(MONTH($E54)-1)/12)*$H54 -> 0 | J54: =(SUM('1. LRAMVA Summary'!E$52:E$57)+SUM('1. LRAMVA Summary'!E$58:E$59)*(MONTH($E54)-1)/12)*$H54 -> 0 | K54: =(SUM('1. LRAMVA Summary'!F$52:F$57)+SUM('1. LRAMVA Summary'!F$58:F$59)*(MONTH($E54)-1)/12)*$H54 -> 0 | L54: =(SUM('1. LRAMVA Summary'!G$52:G$57)+SUM('1. LRAMVA Summary'!G$58:G$59)*(MONTH($E54)-1)/12)*$H54 -> 0 | M54: =(SUM('1. LRAMVA Summary'!H$52:H$57)+SUM('1. LRAMVA Summary'!H$58:H$59)*(MONTH($E54)-1)/12)*$H54 -> 0 | N54: =(SUM('1. LRAMVA Summary'!I$52:I$57)+SUM('1. LRAMVA Summary'!I$58:I$59)*(MONTH($E54)-1)/12)*$H54 -> 0 | O54: =(SUM('1. LRAMVA Summary'!J$52:J$57)+SUM('1. LRAMVA Summary'!J$58:J$59)*(MONTH($E54)-1)/12)*$H54 -> 0 | P54: =(SUM('1. LRAMVA Summary'!K$52:K$57)+SUM('1. LRAMVA Summary'!K$58:K$59)*(MONTH($E54)-1)/12)*$H54 -> 0 | ... V54: =(SUM('1. LRAMVA Summary'!Q$52:Q$57)+SUM('1. LRAMVA Summary'!Q$58:Q$59)*(MONTH($E54)-1)/12)*$H54 -> 0 | W54: =SUM(I54:V54) -> 0
E55: 41579 | F55: 2011-2013 | G55: Q4 | H55: =C$26/12 -> 0.001225 | I55: =(SUM('1. LRAMVA Summary'!D$52:D$57)+SUM('1. LRAMVA Summary'!D$58:D$59)*(MONTH($E55)-1)/12)*$H55 -> 0 | J55: =(SUM('1. LRAMVA Summary'!E$52:E$57)+SUM('1. LRAMVA Summary'!E$58:E$59)*(MONTH($E55)-1)/12)*$H55 -> 0 | K55: =(SUM('1. LRAMVA Summary'!F$52:F$57)+SUM('1. LRAMVA Summary'!F$58:F$59)*(MONTH($E55)-1)/12)*$H55 -> 0 | L55: =(SUM('1. LRAMVA Summary'!G$52:G$57)+SUM('1. LRAMVA Summary'!G$58:G$59)*(MONTH($E55)-1)/12)*$H55 -> 0 | M55: =(SUM('1. LRAMVA Summary'!H$52:H$57)+SUM('1. LRAMVA Summary'!H$58:H$59)*(MONTH($E55)-1)/12)*$H55 -> 0 | N55: =(SUM('1. LRAMVA Summary'!I$52:I$57)+SUM('1. LRAMVA Summary'!I$58:I$59)*(MONTH($E55)-1)/12)*$H55 -> 0 | O55: =(SUM('1. LRAMVA Summary'!J$52:J$57)+SUM('1. LRAMVA Summary'!J$58:J$59)*(MONTH($E55)-1)/12)*$H55 -> 0 | P55: =(SUM('1. LRAMVA Summary'!K$52:K$57)+SUM('1. LRAMVA Summary'!K$58:K$59)*(MONTH($E55)-1)/12)*$H55 -> 0 | ... V55: =(SUM('1. LRAMVA Summary'!Q$52:Q$57)+SUM('1. LRAMVA Summary'!Q$58:Q$59)*(MONTH($E55)-1)/12)*$H55 -> 0 | W55: =SUM(I55:V55) -> 0
B56: Check OEB website | E56: 41609 | F56: 2011-2013 | G56: Q4 | H56: =C$26/12 -> 0.001225 | I56: =(SUM('1. LRAMVA Summary'!D$52:D$57)+SUM('1. LRAMVA Summary'!D$58:D$59)*(MONTH($E56)-1)/12)*$H56 -> 0 | J56: =(SUM('1. LRAMVA Summary'!E$52:E$57)+SUM('1. LRAMVA Summary'!E$58:E$59)*(MONTH($E56)-1)/12)*$H56 -> 0 | K56: =(SUM('1. LRAMVA Summary'!F$52:F$57)+SUM('1. LRAMVA Summary'!F$58:F$59)*(MONTH($E56)-1)/12)*$H56 -> 0 | L56: =(SUM('1. LRAMVA Summary'!G$52:G$57)+SUM('1. LRAMVA Summary'!G$58:G$59)*(MONTH($E56)-1)/12)*$H56 -> 0 | M56: =(SUM('1. LRAMVA Summary'!H$52:H$57)+SUM('1. LRAMVA Summary'!H$58:H$59)*(MONTH($E56)-1)/12)*$H56 -> 0 | N56: =(SUM('1. LRAMVA Summary'!I$52:I$57)+SUM('1. LRAMVA Summary'!I$58:I$59)*(MONTH($E56)-1)/12)*$H56 -> 0 | O56: =(SUM('1. LRAMVA Summary'!J$52:J$57)+SUM('1. LRAMVA Summary'!J$58:J$59)*(MONTH($E56)-1)/12)*$H56 -> 0 | P56: =(SUM('1. LRAMVA Summary'!K$52:K$57)+SUM('1. LRAMVA Summary'!K$58:K$59)*(MONTH($E56)-1)/12)*$H56 -> 0 | ... V56: =(SUM('1. LRAMVA Summary'!Q$52:Q$57)+SUM('1. LRAMVA Summary'!Q$58:Q$59)*(MONTH($E56)-1)/12)*$H56 -> 0 | W56: =SUM(I56:V56) -> 0
E57: Total for 2013 | I57: =SUM(I44:I56) -> 0 | J57: =SUM(J44:J56) -> 0 | K57: =SUM(K44:K56) -> 0 | L57: =SUM(L44:L56) -> 0 | M57: =SUM(M44:M56) -> 0 | N57: =SUM(N44:N56) -> 0 | O57: =SUM(O44:O56) -> 0 | P57: =SUM(P44:P56) -> 0 | ... W57: =SUM(W44:W56) -> 0
E58: Amount Cleared
E59: Opening Balance for 2014 | I59: =I57+I58 -> 0 | J59: =J57+J58 -> 0 | K59: =K57+K58 -> 0 | L59: =L57+L58 -> 0 | M59: =M57+M58 -> 0 | N59: =N57+N58 -> 0 | O59: =O57+O58 -> 0 | P59: =P57+P58 -> 0 | ... W59: =W57+W58 -> 0
E60: 41640 | F60: 2011-2014 | G60: Q1 | H60: =C$27/12 -> 0.001225 | I60: =(SUM('1. LRAMVA Summary'!D$52:D$60)+SUM('1. LRAMVA Summary'!D$61:D$62)*(MONTH($E60)-1)/12)*$H60 -> 0 | J60: =(SUM('1. LRAMVA Summary'!E$52:E$60)+SUM('1. LRAMVA Summary'!E$61:E$62)*(MONTH($E60)-1)/12)*$H60 -> 0 | K60: =(SUM('1. LRAMVA Summary'!F$52:F$60)+SUM('1. LRAMVA Summary'!F$61:F$62)*(MONTH($E60)-1)/12)*$H60 -> 0 | L60: =(SUM('1. LRAMVA Summary'!G$52:G$60)+SUM('1. LRAMVA Summary'!G$61:G$62)*(MONTH($E60)-1)/12)*$H60 -> 0 | M60: =(SUM('1. LRAMVA Summary'!H$52:H$60)+SUM('1. LRAMVA Summary'!H$61:H$62)*(MONTH($E60)-1)/12)*$H60 -> 0 | N60: =(SUM('1. LRAMVA Summary'!I$52:I$60)+SUM('1. LRAMVA Summary'!I$61:I$62)*(MONTH($E60)-1)/12)*$H60 -> 0 | O60: =(SUM('1. LRAMVA Summary'!J$52:J$60)+SUM('1. LRAMVA Summary'!J$61:J$62)*(MONTH($E60)-1)/12)*$H60 -> 0 | P60: =(SUM('1. LRAMVA Summary'!K$52:K$60)+SUM('1. LRAMVA Summary'!K$61:K$62)*(MONTH($E60)-1)/12)*$H60 -> 0 | ... V60: =(SUM('1. LRAMVA Summary'!Q$52:Q$60)+SUM('1. LRAMVA Summary'!Q$61:Q$62)*(MONTH($E60)-1)/12)*$H60 -> 0 | W60: =SUM(I60:V60) -> 0
E61: 41671 | F61: 2011-2014 | G61: Q1 | H61: =C$27/12 -> 0.001225 | I61: =(SUM('1. LRAMVA Summary'!D$52:D$60)+SUM('1. LRAMVA Summary'!D$61:D$62)*(MONTH($E61)-1)/12)*$H61 -> 0 | J61: =(SUM('1. LRAMVA Summary'!E$52:E$60)+SUM('1. LRAMVA Summary'!E$61:E$62)*(MONTH($E61)-1)/12)*$H61 -> 0 | K61: =(SUM('1. LRAMVA Summary'!F$52:F$60)+SUM('1. LRAMVA Summary'!F$61:F$62)*(MONTH($E61)-1)/12)*$H61 -> 0 | L61: =(SUM('1. LRAMVA Summary'!G$52:G$60)+SUM('1. LRAMVA Summary'!G$61:G$62)*(MONTH($E61)-1)/12)*$H61 -> 0 | M61: =(SUM('1. LRAMVA Summary'!H$52:H$60)+SUM('1. LRAMVA Summary'!H$61:H$62)*(MONTH($E61)-1)/12)*$H61 -> 0 | N61: =(SUM('1. LRAMVA Summary'!I$52:I$60)+SUM('1. LRAMVA Summary'!I$61:I$62)*(MONTH($E61)-1)/12)*$H61 -> 0 | O61: =(SUM('1. LRAMVA Summary'!J$52:J$60)+SUM('1. LRAMVA Summary'!J$61:J$62)*(MONTH($E61)-1)/12)*$H61 -> 0 | P61: =(SUM('1. LRAMVA Summary'!K$52:K$60)+SUM('1. LRAMVA Summary'!K$61:K$62)*(MONTH($E61)-1)/12)*$H61 -> 0 | ... V61: =(SUM('1. LRAMVA Summary'!Q$52:Q$60)+SUM('1. LRAMVA Summary'!Q$61:Q$62)*(MONTH($E61)-1)/12)*$H61 -> 0 | W61: =SUM(I61:V61) -> 0
E62: 41699 | F62: 2011-2014 | G62: Q1 | H62: =C$27/12 -> 0.001225 | I62: =(SUM('1. LRAMVA Summary'!D$52:D$60)+SUM('1. LRAMVA Summary'!D$61:D$62)*(MONTH($E62)-1)/12)*$H62 -> 0 | J62: =(SUM('1. LRAMVA Summary'!E$52:E$60)+SUM('1. LRAMVA Summary'!E$61:E$62)*(MONTH($E62)-1)/12)*$H62 -> 0 | K62: =(SUM('1. LRAMVA Summary'!F$52:F$60)+SUM('1. LRAMVA Summary'!F$61:F$62)*(MONTH($E62)-1)/12)*$H62 -> 0 | L62: =(SUM('1. LRAMVA Summary'!G$52:G$60)+SUM('1. LRAMVA Summary'!G$61:G$62)*(MONTH($E62)-1)/12)*$H62 -> 0 | M62: =(SUM('1. LRAMVA Summary'!H$52:H$60)+SUM('1. LRAMVA Summary'!H$61:H$62)*(MONTH($E62)-1)/12)*$H62 -> 0 | N62: =(SUM('1. LRAMVA Summary'!I$52:I$60)+SUM('1. LRAMVA Summary'!I$61:I$62)*(MONTH($E62)-1)/12)*$H62 -> 0 | O62: =(SUM('1. LRAMVA Summary'!J$52:J$60)+SUM('1. LRAMVA Summary'!J$61:J$62)*(MONTH($E62)-1)/12)*$H62 -> 0 | P62: =(SUM('1. LRAMVA Summary'!K$52:K$60)+SUM('1. LRAMVA Summary'!K$61:K$62)*(MONTH($E62)-1)/12)*$H62 -> 0 | ... V62: =(SUM('1. LRAMVA Summary'!Q$52:Q$60)+SUM('1. LRAMVA Summary'!Q$61:Q$62)*(MONTH($E62)-1)/12)*$H62 -> 0 | W62: =SUM(I62:V62) -> 0
E63: 41730 | F63: 2011-2014 | G63: Q2 | H63: =C$28/12 -> 0.001225 | I63: =(SUM('1. LRAMVA Summary'!D$52:D$60)+SUM('1. LRAMVA Summary'!D$61:D$62)*(MONTH($E63)-1)/12)*$H63 -> 0 | J63: =(SUM('1. LRAMVA Summary'!E$52:E$60)+SUM('1. LRAMVA Summary'!E$61:E$62)*(MONTH($E63)-1)/12)*$H63 -> 0 | K63: =(SUM('1. LRAMVA Summary'!F$52:F$60)+SUM('1. LRAMVA Summary'!F$61:F$62)*(MONTH($E63)-1)/12)*$H63 -> 0 | L63: =(SUM('1. LRAMVA Summary'!G$52:G$60)+SUM('1. LRAMVA Summary'!G$61:G$62)*(MONTH($E63)-1)/12)*$H63 -> 0 | M63: =(SUM('1. LRAMVA Summary'!H$52:H$60)+SUM('1. LRAMVA Summary'!H$61:H$62)*(MONTH($E63)-1)/12)*$H63 -> 0 | N63: =(SUM('1. LRAMVA Summary'!I$52:I$60)+SUM('1. LRAMVA Summary'!I$61:I$62)*(MONTH($E63)-1)/12)*$H63 -> 0 | O63: =(SUM('1. LRAMVA Summary'!J$52:J$60)+SUM('1. LRAMVA Summary'!J$61:J$62)*(MONTH($E63)-1)/12)*$H63 -> 0 | P63: =(SUM('1. LRAMVA Summary'!K$52:K$60)+SUM('1. LRAMVA Summary'!K$61:K$62)*(MONTH($E63)-1)/12)*$H63 -> 0 | ... V63: =(SUM('1. LRAMVA Summary'!Q$52:Q$60)+SUM('1. LRAMVA Summary'!Q$61:Q$62)*(MONTH($E63)-1)/12)*$H63 -> 0 | W63: =SUM(I63:V63) -> 0
E64: 41760 | F64: 2011-2014 | G64: Q2 | H64: =C$28/12 -> 0.001225 | I64: =(SUM('1. LRAMVA Summary'!D$52:D$60)+SUM('1. LRAMVA Summary'!D$61:D$62)*(MONTH($E64)-1)/12)*$H64 -> 0 | J64: =(SUM('1. LRAMVA Summary'!E$52:E$60)+SUM('1. LRAMVA Summary'!E$61:E$62)*(MONTH($E64)-1)/12)*$H64 -> 0 | K64: =(SUM('1. LRAMVA Summary'!F$52:F$60)+SUM('1. LRAMVA Summary'!F$61:F$62)*(MONTH($E64)-1)/12)*$H64 -> 0 | L64: =(SUM('1. LRAMVA Summary'!G$52:G$60)+SUM('1. LRAMVA Summary'!G$61:G$62)*(MONTH($E64)-1)/12)*$H64 -> 0 | M64: =(SUM('1. LRAMVA Summary'!H$52:H$60)+SUM('1. LRAMVA Summary'!H$61:H$62)*(MONTH($E64)-1)/12)*$H64 -> 0 | N64: =(SUM('1. LRAMVA Summary'!I$52:I$60)+SUM('1. LRAMVA Summary'!I$61:I$62)*(MONTH($E64)-1)/12)*$H64 -> 0 | O64: =(SUM('1. LRAMVA Summary'!J$52:J$60)+SUM('1. LRAMVA Summary'!J$61:J$62)*(MONTH($E64)-1)/12)*$H64 -> 0 | P64: =(SUM('1. LRAMVA Summary'!K$52:K$60)+SUM('1. LRAMVA Summary'!K$61:K$62)*(MONTH($E64)-1)/12)*$H64 -> 0 | ... V64: =(SUM('1. LRAMVA Summary'!Q$52:Q$60)+SUM('1. LRAMVA Summary'!Q$61:Q$62)*(MONTH($E64)-1)/12)*$H64 -> 0 | W64: =SUM(I64:V64) -> 0
E65: 41791 | F65: 2011-2014 | G65: Q2 | H65: =C$28/12 -> 0.001225 | I65: =(SUM('1. LRAMVA Summary'!D$52:D$60)+SUM('1. LRAMVA Summary'!D$61:D$62)*(MONTH($E65)-1)/12)*$H65 -> 0 | J65: =(SUM('1. LRAMVA Summary'!E$52:E$60)+SUM('1. LRAMVA Summary'!E$61:E$62)*(MONTH($E65)-1)/12)*$H65 -> 0 | K65: =(SUM('1. LRAMVA Summary'!F$52:F$60)+SUM('1. LRAMVA Summary'!F$61:F$62)*(MONTH($E65)-1)/12)*$H65 -> 0 | L65: =(SUM('1. LRAMVA Summary'!G$52:G$60)+SUM('1. LRAMVA Summary'!G$61:G$62)*(MONTH($E65)-1)/12)*$H65 -> 0 | M65: =(SUM('1. LRAMVA Summary'!H$52:H$60)+SUM('1. LRAMVA Summary'!H$61:H$62)*(MONTH($E65)-1)/12)*$H65 -> 0 | N65: =(SUM('1. LRAMVA Summary'!I$52:I$60)+SUM('1. LRAMVA Summary'!I$61:I$62)*(MONTH($E65)-1)/12)*$H65 -> 0 | O65: =(SUM('1. LRAMVA Summary'!J$52:J$60)+SUM('1. LRAMVA Summary'!J$61:J$62)*(MONTH($E65)-1)/12)*$H65 -> 0 | P65: =(SUM('1. LRAMVA Summary'!K$52:K$60)+SUM('1. LRAMVA Summary'!K$61:K$62)*(MONTH($E65)-1)/12)*$H65 -> 0 | ... V65: =(SUM('1. LRAMVA Summary'!Q$52:Q$60)+SUM('1. LRAMVA Summary'!Q$61:Q$62)*(MONTH($E65)-1)/12)*$H65 -> 0 | W65: =SUM(I65:V65) -> 0
E66: 41821 | F66: 2011-2014 | G66: Q3 | H66: =C$29/12 -> 0.001225 | I66: =(SUM('1. LRAMVA Summary'!D$52:D$60)+SUM('1. LRAMVA Summary'!D$61:D$62)*(MONTH($E66)-1)/12)*$H66 -> 0 | J66: =(SUM('1. LRAMVA Summary'!E$52:E$60)+SUM('1. LRAMVA Summary'!E$61:E$62)*(MONTH($E66)-1)/12)*$H66 -> 0 | K66: =(SUM('1. LRAMVA Summary'!F$52:F$60)+SUM('1. LRAMVA Summary'!F$61:F$62)*(MONTH($E66)-1)/12)*$H66 -> 0 | L66: =(SUM('1. LRAMVA Summary'!G$52:G$60)+SUM('1. LRAMVA Summary'!G$61:G$62)*(MONTH($E66)-1)/12)*$H66 -> 0 | M66: =(SUM('1. LRAMVA Summary'!H$52:H$60)+SUM('1. LRAMVA Summary'!H$61:H$62)*(MONTH($E66)-1)/12)*$H66 -> 0 | N66: =(SUM('1. LRAMVA Summary'!I$52:I$60)+SUM('1. LRAMVA Summary'!I$61:I$62)*(MONTH($E66)-1)/12)*$H66 -> 0 | O66: =(SUM('1. LRAMVA Summary'!J$52:J$60)+SUM('1. LRAMVA Summary'!J$61:J$62)*(MONTH($E66)-1)/12)*$H66 -> 0 | P66: =(SUM('1. LRAMVA Summary'!K$52:K$60)+SUM('1. LRAMVA Summary'!K$61:K$62)*(MONTH($E66)-1)/12)*$H66 -> 0 | ... V66: =(SUM('1. LRAMVA Summary'!Q$52:Q$60)+SUM('1. LRAMVA Summary'!Q$61:Q$62)*(MONTH($E66)-1)/12)*$H66 -> 0 | W66: =SUM(I66:V66) -> 0
E67: 41852 | F67: 2011-2014 | G67: Q3 | H67: =C$29/12 -> 0.001225 | I67: =(SUM('1. LRAMVA Summary'!D$52:D$60)+SUM('1. LRAMVA Summary'!D$61:D$62)*(MONTH($E67)-1)/12)*$H67 -> 0 | J67: =(SUM('1. LRAMVA Summary'!E$52:E$60)+SUM('1. LRAMVA Summary'!E$61:E$62)*(MONTH($E67)-1)/12)*$H67 -> 0 | K67: =(SUM('1. LRAMVA Summary'!F$52:F$60)+SUM('1. LRAMVA Summary'!F$61:F$62)*(MONTH($E67)-1)/12)*$H67 -> 0 | L67: =(SUM('1. LRAMVA Summary'!G$52:G$60)+SUM('1. LRAMVA Summary'!G$61:G$62)*(MONTH($E67)-1)/12)*$H67 -> 0 | M67: =(SUM('1. LRAMVA Summary'!H$52:H$60)+SUM('1. LRAMVA Summary'!H$61:H$62)*(MONTH($E67)-1)/12)*$H67 -> 0 | N67: =(SUM('1. LRAMVA Summary'!I$52:I$60)+SUM('1. LRAMVA Summary'!I$61:I$62)*(MONTH($E67)-1)/12)*$H67 -> 0 | O67: =(SUM('1. LRAMVA Summary'!J$52:J$60)+SUM('1. LRAMVA Summary'!J$61:J$62)*(MONTH($E67)-1)/12)*$H67 -> 0 | P67: =(SUM('1. LRAMVA Summary'!K$52:K$60)+SUM('1. LRAMVA Summary'!K$61:K$62)*(MONTH($E67)-1)/12)*$H67 -> 0 | ... V67: =(SUM('1. LRAMVA Summary'!Q$52:Q$60)+SUM('1. LRAMVA Summary'!Q$61:Q$62)*(MONTH($E67)-1)/12)*$H67 -> 0 | W67: =SUM(I67:V67) -> 0
E68: 41883 | F68: 2011-2014 | G68: Q3 | H68: =C$29/12 -> 0.001225 | I68: =(SUM('1. LRAMVA Summary'!D$52:D$60)+SUM('1. LRAMVA Summary'!D$61:D$62)*(MONTH($E68)-1)/12)*$H68 -> 0 | J68: =(SUM('1. LRAMVA Summary'!E$52:E$60)+SUM('1. LRAMVA Summary'!E$61:E$62)*(MONTH($E68)-1)/12)*$H68 -> 0 | K68: =(SUM('1. LRAMVA Summary'!F$52:F$60)+SUM('1. LRAMVA Summary'!F$61:F$62)*(MONTH($E68)-1)/12)*$H68 -> 0 | L68: =(SUM('1. LRAMVA Summary'!G$52:G$60)+SUM('1. LRAMVA Summary'!G$61:G$62)*(MONTH($E68)-1)/12)*$H68 -> 0 | M68: =(SUM('1. LRAMVA Summary'!H$52:H$60)+SUM('1. LRAMVA Summary'!H$61:H$62)*(MONTH($E68)-1)/12)*$H68 -> 0 | N68: =(SUM('1. LRAMVA Summary'!I$52:I$60)+SUM('1. LRAMVA Summary'!I$61:I$62)*(MONTH($E68)-1)/12)*$H68 -> 0 | O68: =(SUM('1. LRAMVA Summary'!J$52:J$60)+SUM('1. LRAMVA Summary'!J$61:J$62)*(MONTH($E68)-1)/12)*$H68 -> 0 | P68: =(SUM('1. LRAMVA Summary'!K$52:K$60)+SUM('1. LRAMVA Summary'!K$61:K$62)*(MONTH($E68)-1)/12)*$H68 -> 0 | ... V68: =(SUM('1. LRAMVA Summary'!Q$52:Q$60)+SUM('1. LRAMVA Summary'!Q$61:Q$62)*(MONTH($E68)-1)/12)*$H68 -> 0 | W68: =SUM(I68:V68) -> 0
E69: 41913 | F69: 2011-2014 | G69: Q4 | H69: =C$30/12 -> 0.001225 | I69: =(SUM('1. LRAMVA Summary'!D$52:D$60)+SUM('1. LRAMVA Summary'!D$61:D$62)*(MONTH($E69)-1)/12)*$H69 -> 0 | J69: =(SUM('1. LRAMVA Summary'!E$52:E$60)+SUM('1. LRAMVA Summary'!E$61:E$62)*(MONTH($E69)-1)/12)*$H69 -> 0 | K69: =(SUM('1. LRAMVA Summary'!F$52:F$60)+SUM('1. LRAMVA Summary'!F$61:F$62)*(MONTH($E69)-1)/12)*$H69 -> 0 | L69: =(SUM('1. LRAMVA Summary'!G$52:G$60)+SUM('1. LRAMVA Summary'!G$61:G$62)*(MONTH($E69)-1)/12)*$H69 -> 0 | M69: =(SUM('1. LRAMVA Summary'!H$52:H$60)+SUM('1. LRAMVA Summary'!H$61:H$62)*(MONTH($E69)-1)/12)*$H69 -> 0 | N69: =(SUM('1. LRAMVA Summary'!I$52:I$60)+SUM('1. LRAMVA Summary'!I$61:I$62)*(MONTH($E69)-1)/12)*$H69 -> 0 | O69: =(SUM('1. LRAMVA Summary'!J$52:J$60)+SUM('1. LRAMVA Summary'!J$61:J$62)*(MONTH($E69)-1)/12)*$H69 -> 0 | P69: =(SUM('1. LRAMVA Summary'!K$52:K$60)+SUM('1. LRAMVA Summary'!K$61:K$62)*(MONTH($E69)-1)/12)*$H69 -> 0 | ... V69: =(SUM('1. LRAMVA Summary'!Q$52:Q$60)+SUM('1. LRAMVA Summary'!Q$61:Q$62)*(MONTH($E69)-1)/12)*$H69 -> 0 | W69: =SUM(I69:V69) -> 0
E70: 41944 | F70: 2011-2014 | G70: Q4 | H70: =C$30/12 -> 0.001225 | I70: =(SUM('1. LRAMVA Summary'!D$52:D$60)+SUM('1. LRAMVA Summary'!D$61:D$62)*(MONTH($E70)-1)/12)*$H70 -> 0 | J70: =(SUM('1. LRAMVA Summary'!E$52:E$60)+SUM('1. LRAMVA Summary'!E$61:E$62)*(MONTH($E70)-1)/12)*$H70 -> 0 | K70: =(SUM('1. LRAMVA Summary'!F$52:F$60)+SUM('1. LRAMVA Summary'!F$61:F$62)*(MONTH($E70)-1)/12)*$H70 -> 0 | L70: =(SUM('1. LRAMVA Summary'!G$52:G$60)+SUM('1. LRAMVA Summary'!G$61:G$62)*(MONTH($E70)-1)/12)*$H70 -> 0 | M70: =(SUM('1. LRAMVA Summary'!H$52:H$60)+SUM('1. LRAMVA Summary'!H$61:H$62)*(MONTH($E70)-1)/12)*$H70 -> 0 | N70: =(SUM('1. LRAMVA Summary'!I$52:I$60)+SUM('1. LRAMVA Summary'!I$61:I$62)*(MONTH($E70)-1)/12)*$H70 -> 0 | O70: =(SUM('1. LRAMVA Summary'!J$52:J$60)+SUM('1. LRAMVA Summary'!J$61:J$62)*(MONTH($E70)-1)/12)*$H70 -> 0 | P70: =(SUM('1. LRAMVA Summary'!K$52:K$60)+SUM('1. LRAMVA Summary'!K$61:K$62)*(MONTH($E70)-1)/12)*$H70 -> 0 | ... V70: =(SUM('1. LRAMVA Summary'!Q$52:Q$60)+SUM('1. LRAMVA Summary'!Q$61:Q$62)*(MONTH($E70)-1)/12)*$H70 -> 0 | W70: =SUM(I70:V70) -> 0
E71: 41974 | F71: 2011-2014 | G71: Q4 | H71: =C$30/12 -> 0.001225 | I71: =(SUM('1. LRAMVA Summary'!D$52:D$60)+SUM('1. LRAMVA Summary'!D$61:D$62)*(MONTH($E71)-1)/12)*$H71 -> 0 | J71: =(SUM('1. LRAMVA Summary'!E$52:E$60)+SUM('1. LRAMVA Summary'!E$61:E$62)*(MONTH($E71)-1)/12)*$H71 -> 0 | K71: =(SUM('1. LRAMVA Summary'!F$52:F$60)+SUM('1. LRAMVA Summary'!F$61:F$62)*(MONTH($E71)-1)/12)*$H71 -> 0 | L71: =(SUM('1. LRAMVA Summary'!G$52:G$60)+SUM('1. LRAMVA Summary'!G$61:G$62)*(MONTH($E71)-1)/12)*$H71 -> 0 | M71: =(SUM('1. LRAMVA Summary'!H$52:H$60)+SUM('1. LRAMVA Summary'!H$61:H$62)*(MONTH($E71)-1)/12)*$H71 -> 0 | N71: =(SUM('1. LRAMVA Summary'!I$52:I$60)+SUM('1. LRAMVA Summary'!I$61:I$62)*(MONTH($E71)-1)/12)*$H71 -> 0 | O71: =(SUM('1. LRAMVA Summary'!J$52:J$60)+SUM('1. LRAMVA Summary'!J$61:J$62)*(MONTH($E71)-1)/12)*$H71 -> 0 | P71: =(SUM('1. LRAMVA Summary'!K$52:K$60)+SUM('1. LRAMVA Summary'!K$61:K$62)*(MONTH($E71)-1)/12)*$H71 -> 0 | ... V71: =(SUM('1. LRAMVA Summary'!Q$52:Q$60)+SUM('1. LRAMVA Summary'!Q$61:Q$62)*(MONTH($E71)-1)/12)*$H71 -> 0 | W71: =SUM(I71:V71) -> 0
E72: Total for 2014 | I72: =SUM(I59:I71) -> 0 | J72: =SUM(J59:J71) -> 0 | K72: =SUM(K59:K71) -> 0 | L72: =SUM(L59:L71) -> 0 | M72: =SUM(M59:M71) -> 0 | N72: =SUM(N59:N71) -> 0 | O72: =SUM(O59:O71) -> 0 | P72: =SUM(P59:P71) -> 0 | ... W72: =SUM(W59:W71) -> 0
E73: Amount Cleared
E74: Opening Balance for 2015 | I74: =I72+I73 -> 0 | J74: =J72+J73 -> 0 | K74: =K72+K73 -> 0 | L74: =L72+L73 -> 0 | M74: =M72+M73 -> 0 | N74: =N72+N73 -> 0 | O74: =O72+O73 -> 0 | P74: =P72+P73 -> 0 | ... W74: =W72+W73 -> 0
E75: 42005 | F75: 2011-2015 | G75: Q1 | H75: =C$31/12 -> 0.001225 | I75: =(SUM('1. LRAMVA Summary'!D$52:D$63)+SUM('1. LRAMVA Summary'!D$64:D$65)*(MONTH($E75)-1)/12)*$H75 -> 0 | J75: =(SUM('1. LRAMVA Summary'!E$52:E$63)+SUM('1. LRAMVA Summary'!E$64:E$65)*(MONTH($E75)-1)/12)*$H75 -> 0 | K75: =(SUM('1. LRAMVA Summary'!F$52:F$63)+SUM('1. LRAMVA Summary'!F$64:F$65)*(MONTH($E75)-1)/12)*$H75 -> 0 | L75: =(SUM('1. LRAMVA Summary'!G$52:G$63)+SUM('1. LRAMVA Summary'!G$64:G$65)*(MONTH($E75)-1)/12)*$H75 -> 0 | M75: =(SUM('1. LRAMVA Summary'!H$52:H$63)+SUM('1. LRAMVA Summary'!H$64:H$65)*(MONTH($E75)-1)/12)*$H75 -> 0 | N75: =(SUM('1. LRAMVA Summary'!I$52:I$63)+SUM('1. LRAMVA Summary'!I$64:I$65)*(MONTH($E75)-1)/12)*$H75 -> 0 | O75: =(SUM('1. LRAMVA Summary'!J$52:J$63)+SUM('1. LRAMVA Summary'!J$64:J$65)*(MONTH($E75)-1)/12)*$H75 -> 0 | P75: =(SUM('1. LRAMVA Summary'!K$52:K$63)+SUM('1. LRAMVA Summary'!K$64:K$65)*(MONTH($E75)-1)/12)*$H75 -> 0 | ... V75: =(SUM('1. LRAMVA Summary'!Q$52:Q$63)+SUM('1. LRAMVA Summary'!Q$64:Q$65)*(MONTH($E75)-1)/12)*$H75 -> 0 | W75: =SUM(I75:V75) -> 0
E76: 42036 | F76: 2011-2015 | G76: Q1 | H76: =C$31/12 -> 0.001225 | I76: =(SUM('1. LRAMVA Summary'!D$52:D$63)+SUM('1. LRAMVA Summary'!D$64:D$65)*(MONTH($E76)-1)/12)*$H76 -> 0.62449858 | J76: =(SUM('1. LRAMVA Summary'!E$52:E$63)+SUM('1. LRAMVA Summary'!E$64:E$65)*(MONTH($E76)-1)/12)*$H76 -> 1.0753379 | K76: =(SUM('1. LRAMVA Summary'!F$52:F$63)+SUM('1. LRAMVA Summary'!F$64:F$65)*(MONTH($E76)-1)/12)*$H76 -> 0.43702013 | L76: =(SUM('1. LRAMVA Summary'!G$52:G$63)+SUM('1. LRAMVA Summary'!G$64:G$65)*(MONTH($E76)-1)/12)*$H76 -> 1.0292969 | M76: =(SUM('1. LRAMVA Summary'!H$52:H$63)+SUM('1. LRAMVA Summary'!H$64:H$65)*(MONTH($E76)-1)/12)*$H76 -> 0 | N76: =(SUM('1. LRAMVA Summary'!I$52:I$63)+SUM('1. LRAMVA Summary'!I$64:I$65)*(MONTH($E76)-1)/12)*$H76 -> 0 | O76: =(SUM('1. LRAMVA Summary'!J$52:J$63)+SUM('1. LRAMVA Summary'!J$64:J$65)*(MONTH($E76)-1)/12)*$H76 -> 0 | P76: =(SUM('1. LRAMVA Summary'!K$52:K$63)+SUM('1. LRAMVA Summary'!K$64:K$65)*(MONTH($E76)-1)/12)*$H76 -> 0 | ... V76: =(SUM('1. LRAMVA Summary'!Q$52:Q$63)+SUM('1. LRAMVA Summary'!Q$64:Q$65)*(MONTH($E76)-1)/12)*$H76 -> 0 | W76: =SUM(I76:V76) -> 3.1661534
E77: 42064 | F77: 2011-2015 | G77: Q1 | H77: =C$31/12 -> 0.001225 | I77: =(SUM('1. LRAMVA Summary'!D$52:D$63)+SUM('1. LRAMVA Summary'!D$64:D$65)*(MONTH($E77)-1)/12)*$H77 -> 1.2489972 | J77: =(SUM('1. LRAMVA Summary'!E$52:E$63)+SUM('1. LRAMVA Summary'!E$64:E$65)*(MONTH($E77)-1)/12)*$H77 -> 2.1506757 | K77: =(SUM('1. LRAMVA Summary'!F$52:F$63)+SUM('1. LRAMVA Summary'!F$64:F$65)*(MONTH($E77)-1)/12)*$H77 -> 0.87404025 | L77: =(SUM('1. LRAMVA Summary'!G$52:G$63)+SUM('1. LRAMVA Summary'!G$64:G$65)*(MONTH($E77)-1)/12)*$H77 -> 2.0585937 | M77: =(SUM('1. LRAMVA Summary'!H$52:H$63)+SUM('1. LRAMVA Summary'!H$64:H$65)*(MONTH($E77)-1)/12)*$H77 -> 0 | N77: =(SUM('1. LRAMVA Summary'!I$52:I$63)+SUM('1. LRAMVA Summary'!I$64:I$65)*(MONTH($E77)-1)/12)*$H77 -> 0 | O77: =(SUM('1. LRAMVA Summary'!J$52:J$63)+SUM('1. LRAMVA Summary'!J$64:J$65)*(MONTH($E77)-1)/12)*$H77 -> 0 | P77: =(SUM('1. LRAMVA Summary'!K$52:K$63)+SUM('1. LRAMVA Summary'!K$64:K$65)*(MONTH($E77)-1)/12)*$H77 -> 0 | ... V77: =(SUM('1. LRAMVA Summary'!Q$52:Q$63)+SUM('1. LRAMVA Summary'!Q$64:Q$65)*(MONTH($E77)-1)/12)*$H77 -> 0 | W77: =SUM(I77:V77) -> 6.3323068
E78: 42095 | F78: 2011-2015 | G78: Q2 | H78: =C$32/12 -> 0.00091666667 | I78: =(SUM('1. LRAMVA Summary'!D$52:D$63)+SUM('1. LRAMVA Summary'!D$64:D$65)*(MONTH($E78)-1)/12)*$H78 -> 1.4019356 | J78: =(SUM('1. LRAMVA Summary'!E$52:E$63)+SUM('1. LRAMVA Summary'!E$64:E$65)*(MONTH($E78)-1)/12)*$H78 -> 2.4140238 | K78: =(SUM('1. LRAMVA Summary'!F$52:F$63)+SUM('1. LRAMVA Summary'!F$64:F$65)*(MONTH($E78)-1)/12)*$H78 -> 0.98106559 | L78: =(SUM('1. LRAMVA Summary'!G$52:G$63)+SUM('1. LRAMVA Summary'!G$64:G$65)*(MONTH($E78)-1)/12)*$H78 -> 2.3106664 | M78: =(SUM('1. LRAMVA Summary'!H$52:H$63)+SUM('1. LRAMVA Summary'!H$64:H$65)*(MONTH($E78)-1)/12)*$H78 -> 0 | N78: =(SUM('1. LRAMVA Summary'!I$52:I$63)+SUM('1. LRAMVA Summary'!I$64:I$65)*(MONTH($E78)-1)/12)*$H78 -> 0 | O78: =(SUM('1. LRAMVA Summary'!J$52:J$63)+SUM('1. LRAMVA Summary'!J$64:J$65)*(MONTH($E78)-1)/12)*$H78 -> 0 | P78: =(SUM('1. LRAMVA Summary'!K$52:K$63)+SUM('1. LRAMVA Summary'!K$64:K$65)*(MONTH($E78)-1)/12)*$H78 -> 0 | ... V78: =(SUM('1. LRAMVA Summary'!Q$52:Q$63)+SUM('1. LRAMVA Summary'!Q$64:Q$65)*(MONTH($E78)-1)/12)*$H78 -> 0 | W78: =SUM(I78:V78) -> 7.1076914
E79: 42125 | F79: 2011-2015 | G79: Q2 | H79: =C$32/12 -> 0.00091666667 | I79: =(SUM('1. LRAMVA Summary'!D$52:D$63)+SUM('1. LRAMVA Summary'!D$64:D$65)*(MONTH($E79)-1)/12)*$H79 -> 1.8692474 | J79: =(SUM('1. LRAMVA Summary'!E$52:E$63)+SUM('1. LRAMVA Summary'!E$64:E$65)*(MONTH($E79)-1)/12)*$H79 -> 3.2186983 | K79: =(SUM('1. LRAMVA Summary'!F$52:F$63)+SUM('1. LRAMVA Summary'!F$64:F$65)*(MONTH($E79)-1)/12)*$H79 -> 1.3080875 | L79: =(SUM('1. LRAMVA Summary'!G$52:G$63)+SUM('1. LRAMVA Summary'!G$64:G$65)*(MONTH($E79)-1)/12)*$H79 -> 3.0808886 | M79: =(SUM('1. LRAMVA Summary'!H$52:H$63)+SUM('1. LRAMVA Summary'!H$64:H$65)*(MONTH($E79)-1)/12)*$H79 -> 0 | N79: =(SUM('1. LRAMVA Summary'!I$52:I$63)+SUM('1. LRAMVA Summary'!I$64:I$65)*(MONTH($E79)-1)/12)*$H79 -> 0 | O79: =(SUM('1. LRAMVA Summary'!J$52:J$63)+SUM('1. LRAMVA Summary'!J$64:J$65)*(MONTH($E79)-1)/12)*$H79 -> 0 | P79: =(SUM('1. LRAMVA Summary'!K$52:K$63)+SUM('1. LRAMVA Summary'!K$64:K$65)*(MONTH($E79)-1)/12)*$H79 -> 0 | ... V79: =(SUM('1. LRAMVA Summary'!Q$52:Q$63)+SUM('1. LRAMVA Summary'!Q$64:Q$65)*(MONTH($E79)-1)/12)*$H79 -> 0 | W79: =SUM(I79:V79) -> 9.4769218
E80: 42156 | F80: 2011-2015 | G80: Q2 | H80: =C$32/12 -> 0.00091666667 | I80: =(SUM('1. LRAMVA Summary'!D$52:D$63)+SUM('1. LRAMVA Summary'!D$64:D$65)*(MONTH($E80)-1)/12)*$H80 -> 2.3365593 | J80: =(SUM('1. LRAMVA Summary'!E$52:E$63)+SUM('1. LRAMVA Summary'!E$64:E$65)*(MONTH($E80)-1)/12)*$H80 -> 4.0233729 | K80: =(SUM('1. LRAMVA Summary'!F$52:F$63)+SUM('1. LRAMVA Summary'!F$64:F$65)*(MONTH($E80)-1)/12)*$H80 -> 1.6351093 | L80: =(SUM('1. LRAMVA Summary'!G$52:G$63)+SUM('1. LRAMVA Summary'!G$64:G$65)*(MONTH($E80)-1)/12)*$H80 -> 3.8511107 | M80: =(SUM('1. LRAMVA Summary'!H$52:H$63)+SUM('1. LRAMVA Summary'!H$64:H$65)*(MONTH($E80)-1)/12)*$H80 -> 0 | N80: =(SUM('1. LRAMVA Summary'!I$52:I$63)+SUM('1. LRAMVA Summary'!I$64:I$65)*(MONTH($E80)-1)/12)*$H80 -> 0 | O80: =(SUM('1. LRAMVA Summary'!J$52:J$63)+SUM('1. LRAMVA Summary'!J$64:J$65)*(MONTH($E80)-1)/12)*$H80 -> 0 | P80: =(SUM('1. LRAMVA Summary'!K$52:K$63)+SUM('1. LRAMVA Summary'!K$64:K$65)*(MONTH($E80)-1)/12)*$H80 -> 0 | ... V80: =(SUM('1. LRAMVA Summary'!Q$52:Q$63)+SUM('1. LRAMVA Summary'!Q$64:Q$65)*(MONTH($E80)-1)/12)*$H80 -> 0 | W80: =SUM(I80:V80) -> 11.846152
E81: 42186 | F81: 2011-2015 | G81: Q3 | H81: =C$33/12 -> 0.00091666667 | I81: =(SUM('1. LRAMVA Summary'!D$52:D$63)+SUM('1. LRAMVA Summary'!D$64:D$65)*(MONTH($E81)-1)/12)*$H81 -> 2.8038712 | J81: =(SUM('1. LRAMVA Summary'!E$52:E$63)+SUM('1. LRAMVA Summary'!E$64:E$65)*(MONTH($E81)-1)/12)*$H81 -> 4.8280475 | K81: =(SUM('1. LRAMVA Summary'!F$52:F$63)+SUM('1. LRAMVA Summary'!F$64:F$65)*(MONTH($E81)-1)/12)*$H81 -> 1.9621312 | L81: =(SUM('1. LRAMVA Summary'!G$52:G$63)+SUM('1. LRAMVA Summary'!G$64:G$65)*(MONTH($E81)-1)/12)*$H81 -> 4.6213329 | M81: =(SUM('1. LRAMVA Summary'!H$52:H$63)+SUM('1. LRAMVA Summary'!H$64:H$65)*(MONTH($E81)-1)/12)*$H81 -> 0 | N81: =(SUM('1. LRAMVA Summary'!I$52:I$63)+SUM('1. LRAMVA Summary'!I$64:I$65)*(MONTH($E81)-1)/12)*$H81 -> 0 | O81: =(SUM('1. LRAMVA Summary'!J$52:J$63)+SUM('1. LRAMVA Summary'!J$64:J$65)*(MONTH($E81)-1)/12)*$H81 -> 0 | P81: =(SUM('1. LRAMVA Summary'!K$52:K$63)+SUM('1. LRAMVA Summary'!K$64:K$65)*(MONTH($E81)-1)/12)*$H81 -> 0 | ... V81: =(SUM('1. LRAMVA Summary'!Q$52:Q$63)+SUM('1. LRAMVA Summary'!Q$64:Q$65)*(MONTH($E81)-1)/12)*$H81 -> 0 | W81: =SUM(I81:V81) -> 14.215383
E82: 42217 | F82: 2011-2015 | G82: Q3 | H82: =C$33/12 -> 0.00091666667 | I82: =(SUM('1. LRAMVA Summary'!D$52:D$63)+SUM('1. LRAMVA Summary'!D$64:D$65)*(MONTH($E82)-1)/12)*$H82 -> 3.271183 | J82: =(SUM('1. LRAMVA Summary'!E$52:E$63)+SUM('1. LRAMVA Summary'!E$64:E$65)*(MONTH($E82)-1)/12)*$H82 -> 5.6327221 | K82: =(SUM('1. LRAMVA Summary'!F$52:F$63)+SUM('1. LRAMVA Summary'!F$64:F$65)*(MONTH($E82)-1)/12)*$H82 -> 2.289153 | L82: =(SUM('1. LRAMVA Summary'!G$52:G$63)+SUM('1. LRAMVA Summary'!G$64:G$65)*(MONTH($E82)-1)/12)*$H82 -> 5.391555 | M82: =(SUM('1. LRAMVA Summary'!H$52:H$63)+SUM('1. LRAMVA Summary'!H$64:H$65)*(MONTH($E82)-1)/12)*$H82 -> 0 | N82: =(SUM('1. LRAMVA Summary'!I$52:I$63)+SUM('1. LRAMVA Summary'!I$64:I$65)*(MONTH($E82)-1)/12)*$H82 -> 0 | O82: =(SUM('1. LRAMVA Summary'!J$52:J$63)+SUM('1. LRAMVA Summary'!J$64:J$65)*(MONTH($E82)-1)/12)*$H82 -> 0 | P82: =(SUM('1. LRAMVA Summary'!K$52:K$63)+SUM('1. LRAMVA Summary'!K$64:K$65)*(MONTH($E82)-1)/12)*$H82 -> 0 | ... V82: =(SUM('1. LRAMVA Summary'!Q$52:Q$63)+SUM('1. LRAMVA Summary'!Q$64:Q$65)*(MONTH($E82)-1)/12)*$H82 -> 0 | W82: =SUM(I82:V82) -> 16.584613
E83: 42248 | F83: 2011-2015 | G83: Q3 | H83: =C$33/12 -> 0.00091666667 | I83: =(SUM('1. LRAMVA Summary'!D$52:D$63)+SUM('1. LRAMVA Summary'!D$64:D$65)*(MONTH($E83)-1)/12)*$H83 -> 3.7384949 | J83: =(SUM('1. LRAMVA Summary'!E$52:E$63)+SUM('1. LRAMVA Summary'!E$64:E$65)*(MONTH($E83)-1)/12)*$H83 -> 6.4373967 | K83: =(SUM('1. LRAMVA Summary'!F$52:F$63)+SUM('1. LRAMVA Summary'!F$64:F$65)*(MONTH($E83)-1)/12)*$H83 -> 2.6161749 | L83: =(SUM('1. LRAMVA Summary'!G$52:G$63)+SUM('1. LRAMVA Summary'!G$64:G$65)*(MONTH($E83)-1)/12)*$H83 -> 6.1617772 | M83: =(SUM('1. LRAMVA Summary'!H$52:H$63)+SUM('1. LRAMVA Summary'!H$64:H$65)*(MONTH($E83)-1)/12)*$H83 -> 0 | N83: =(SUM('1. LRAMVA Summary'!I$52:I$63)+SUM('1. LRAMVA Summary'!I$64:I$65)*(MONTH($E83)-1)/12)*$H83 -> 0 | O83: =(SUM('1. LRAMVA Summary'!J$52:J$63)+SUM('1. LRAMVA Summary'!J$64:J$65)*(MONTH($E83)-1)/12)*$H83 -> 0 | P83: =(SUM('1. LRAMVA Summary'!K$52:K$63)+SUM('1. LRAMVA Summary'!K$64:K$65)*(MONTH($E83)-1)/12)*$H83 -> 0 | ... V83: =(SUM('1. LRAMVA Summary'!Q$52:Q$63)+SUM('1. LRAMVA Summary'!Q$64:Q$65)*(MONTH($E83)-1)/12)*$H83 -> 0 | W83: =SUM(I83:V83) -> 18.953844
E84: 42278 | F84: 2011-2015 | G84: Q4 | H84: =C$34/12 -> 0.00091666667 | I84: =(SUM('1. LRAMVA Summary'!D$52:D$63)+SUM('1. LRAMVA Summary'!D$64:D$65)*(MONTH($E84)-1)/12)*$H84 -> 4.2058067 | J84: =(SUM('1. LRAMVA Summary'!E$52:E$63)+SUM('1. LRAMVA Summary'!E$64:E$65)*(MONTH($E84)-1)/12)*$H84 -> 7.2420713 | K84: =(SUM('1. LRAMVA Summary'!F$52:F$63)+SUM('1. LRAMVA Summary'!F$64:F$65)*(MONTH($E84)-1)/12)*$H84 -> 2.9431968 | L84: =(SUM('1. LRAMVA Summary'!G$52:G$63)+SUM('1. LRAMVA Summary'!G$64:G$65)*(MONTH($E84)-1)/12)*$H84 -> 6.9319993 | M84: =(SUM('1. LRAMVA Summary'!H$52:H$63)+SUM('1. LRAMVA Summary'!H$64:H$65)*(MONTH($E84)-1)/12)*$H84 -> 0 | N84: =(SUM('1. LRAMVA Summary'!I$52:I$63)+SUM('1. LRAMVA Summary'!I$64:I$65)*(MONTH($E84)-1)/12)*$H84 -> 0 | O84: =(SUM('1. LRAMVA Summary'!J$52:J$63)+SUM('1. LRAMVA Summary'!J$64:J$65)*(MONTH($E84)-1)/12)*$H84 -> 0 | P84: =(SUM('1. LRAMVA Summary'!K$52:K$63)+SUM('1. LRAMVA Summary'!K$64:K$65)*(MONTH($E84)-1)/12)*$H84 -> 0 | ... V84: =(SUM('1. LRAMVA Summary'!Q$52:Q$63)+SUM('1. LRAMVA Summary'!Q$64:Q$65)*(MONTH($E84)-1)/12)*$H84 -> 0 | W84: =SUM(I84:V84) -> 21.323074
E85: 42309 | F85: 2011-2015 | G85: Q4 | H85: =C$34/12 -> 0.00091666667 | I85: =(SUM('1. LRAMVA Summary'!D$52:D$63)+SUM('1. LRAMVA Summary'!D$64:D$65)*(MONTH($E85)-1)/12)*$H85 -> 4.6731186 | J85: =(SUM('1. LRAMVA Summary'!E$52:E$63)+SUM('1. LRAMVA Summary'!E$64:E$65)*(MONTH($E85)-1)/12)*$H85 -> 8.0467459 | K85: =(SUM('1. LRAMVA Summary'!F$52:F$63)+SUM('1. LRAMVA Summary'!F$64:F$65)*(MONTH($E85)-1)/12)*$H85 -> 3.2702186 | L85: =(SUM('1. LRAMVA Summary'!G$52:G$63)+SUM('1. LRAMVA Summary'!G$64:G$65)*(MONTH($E85)-1)/12)*$H85 -> 7.7022214 | M85: =(SUM('1. LRAMVA Summary'!H$52:H$63)+SUM('1. LRAMVA Summary'!H$64:H$65)*(MONTH($E85)-1)/12)*$H85 -> 0 | N85: =(SUM('1. LRAMVA Summary'!I$52:I$63)+SUM('1. LRAMVA Summary'!I$64:I$65)*(MONTH($E85)-1)/12)*$H85 -> 0 | O85: =(SUM('1. LRAMVA Summary'!J$52:J$63)+SUM('1. LRAMVA Summary'!J$64:J$65)*(MONTH($E85)-1)/12)*$H85 -> 0 | P85: =(SUM('1. LRAMVA Summary'!K$52:K$63)+SUM('1. LRAMVA Summary'!K$64:K$65)*(MONTH($E85)-1)/12)*$H85 -> 0 | ... V85: =(SUM('1. LRAMVA Summary'!Q$52:Q$63)+SUM('1. LRAMVA Summary'!Q$64:Q$65)*(MONTH($E85)-1)/12)*$H85 -> 0 | W85: =SUM(I85:V85) -> 23.692305
E86: 42339 | F86: 2011-2015 | G86: Q4 | H86: =C$34/12 -> 0.00091666667 | I86: =(SUM('1. LRAMVA Summary'!D$52:D$63)+SUM('1. LRAMVA Summary'!D$64:D$65)*(MONTH($E86)-1)/12)*$H86 -> 5.1404305 | J86: =(SUM('1. LRAMVA Summary'!E$52:E$63)+SUM('1. LRAMVA Summary'!E$64:E$65)*(MONTH($E86)-1)/12)*$H86 -> 8.8514205 | K86: =(SUM('1. LRAMVA Summary'!F$52:F$63)+SUM('1. LRAMVA Summary'!F$64:F$65)*(MONTH($E86)-1)/12)*$H86 -> 3.5972405 | L86: =(SUM('1. LRAMVA Summary'!G$52:G$63)+SUM('1. LRAMVA Summary'!G$64:G$65)*(MONTH($E86)-1)/12)*$H86 -> 8.4724436 | M86: =(SUM('1. LRAMVA Summary'!H$52:H$63)+SUM('1. LRAMVA Summary'!H$64:H$65)*(MONTH($E86)-1)/12)*$H86 -> 0 | N86: =(SUM('1. LRAMVA Summary'!I$52:I$63)+SUM('1. LRAMVA Summary'!I$64:I$65)*(MONTH($E86)-1)/12)*$H86 -> 0 | O86: =(SUM('1. LRAMVA Summary'!J$52:J$63)+SUM('1. LRAMVA Summary'!J$64:J$65)*(MONTH($E86)-1)/12)*$H86 -> 0 | P86: =(SUM('1. LRAMVA Summary'!K$52:K$63)+SUM('1. LRAMVA Summary'!K$64:K$65)*(MONTH($E86)-1)/12)*$H86 -> 0 | ... V86: =(SUM('1. LRAMVA Summary'!Q$52:Q$63)+SUM('1. LRAMVA Summary'!Q$64:Q$65)*(MONTH($E86)-1)/12)*$H86 -> 0 | W86: =SUM(I86:V86) -> 26.061535
E87: Total for 2015 | I87: =SUM(I74:I86) -> 31.314143 | J87: =SUM(J74:J86) -> 53.920513 | K87: =SUM(K74:K86) -> 21.913438 | L87: =SUM(L74:L86) -> 51.611886 | M87: =SUM(M74:M86) -> 0 | N87: =SUM(N74:N86) -> 0 | O87: =SUM(O74:O86) -> 0 | P87: =SUM(P74:P86) -> 0 | ... W87: =SUM(W74:W86) -> 158.75998
E88: Amount Cleared
E89: Opening Balance for 2016 | I89: =I87+I88 -> 31.314143 | J89: =J87+J88 -> 53.920513 | K89: =K87+K88 -> 21.913438 | L89: =L87+L88 -> 51.611886 | M89: =M87+M88 -> 0 | N89: =N87+N88 -> 0 | O89: =O87+O88 -> 0 | P89: =P87+P88 -> 0 | ... W89: =W87+W88 -> 158.75998
E90: 42370 | F90: 2011-2016 | G90: Q1 | H90: =$C$35/12 -> 0.00091666667 | I90: =(SUM('1. LRAMVA Summary'!D$52:D$66)+SUM('1. LRAMVA Summary'!D$67:D$68)*(MONTH($E90)-1)/12)*$H90 -> 5.6077423 | J90: =(SUM('1. LRAMVA Summary'!E$52:E$66)+SUM('1. LRAMVA Summary'!E$67:E$68)*(MONTH($E90)-1)/12)*$H90 -> 9.656095 | K90: =(SUM('1. LRAMVA Summary'!F$52:F$66)+SUM('1. LRAMVA Summary'!F$67:F$68)*(MONTH($E90)-1)/12)*$H90 -> 3.9242624 | L90: =(SUM('1. LRAMVA Summary'!G$52:G$66)+SUM('1. LRAMVA Summary'!G$67:G$68)*(MONTH($E90)-1)/12)*$H90 -> 9.2426657 | M90: =(SUM('1. LRAMVA Summary'!H$52:H$66)+SUM('1. LRAMVA Summary'!H$67:H$68)*(MONTH($E90)-1)/12)*$H90 -> 0 | N90: =(SUM('1. LRAMVA Summary'!I$52:I$66)+SUM('1. LRAMVA Summary'!I$67:I$68)*(MONTH($E90)-1)/12)*$H90 -> 0 | O90: =(SUM('1. LRAMVA Summary'!J$52:J$66)+SUM('1. LRAMVA Summary'!J$67:J$68)*(MONTH($E90)-1)/12)*$H90 -> 0 | P90: =(SUM('1. LRAMVA Summary'!K$52:K$66)+SUM('1. LRAMVA Summary'!K$67:K$68)*(MONTH($E90)-1)/12)*$H90 -> 0 | ... V90: =(SUM('1. LRAMVA Summary'!Q$52:Q$66)+SUM('1. LRAMVA Summary'!Q$67:Q$68)*(MONTH($E90)-1)/12)*$H90 -> 0 | W90: =SUM(I90:V90) -> 28.430765
E91: 42401 | F91: 2011-2016 | G91: Q1 | H91: =$C$35/12 -> 0.00091666667 | I91: =(SUM('1. LRAMVA Summary'!D$52:D$66)+SUM('1. LRAMVA Summary'!D$67:D$68)*(MONTH($E91)-1)/12)*$H91 -> 5.6077423 | J91: =(SUM('1. LRAMVA Summary'!E$52:E$66)+SUM('1. LRAMVA Summary'!E$67:E$68)*(MONTH($E91)-1)/12)*$H91 -> 9.656095 | K91: =(SUM('1. LRAMVA Summary'!F$52:F$66)+SUM('1. LRAMVA Summary'!F$67:F$68)*(MONTH($E91)-1)/12)*$H91 -> 3.9242624 | L91: =(SUM('1. LRAMVA Summary'!G$52:G$66)+SUM('1. LRAMVA Summary'!G$67:G$68)*(MONTH($E91)-1)/12)*$H91 -> 9.2426657 | M91: =(SUM('1. LRAMVA Summary'!H$52:H$66)+SUM('1. LRAMVA Summary'!H$67:H$68)*(MONTH($E91)-1)/12)*$H91 -> 0 | N91: =(SUM('1. LRAMVA Summary'!I$52:I$66)+SUM('1. LRAMVA Summary'!I$67:I$68)*(MONTH($E91)-1)/12)*$H91 -> 0 | O91: =(SUM('1. LRAMVA Summary'!J$52:J$66)+SUM('1. LRAMVA Summary'!J$67:J$68)*(MONTH($E91)-1)/12)*$H91 -> 0 | P91: =(SUM('1. LRAMVA Summary'!K$52:K$66)+SUM('1. LRAMVA Summary'!K$67:K$68)*(MONTH($E91)-1)/12)*$H91 -> 0 | ... V91: =(SUM('1. LRAMVA Summary'!Q$52:Q$66)+SUM('1. LRAMVA Summary'!Q$67:Q$68)*(MONTH($E91)-1)/12)*$H91 -> 0 | W91: =SUM(I91:V91) -> 28.430765
E92: 42430 | F92: 2011-2016 | G92: Q1 | H92: =$C$35/12 -> 0.00091666667 | I92: =(SUM('1. LRAMVA Summary'!D$52:D$66)+SUM('1. LRAMVA Summary'!D$67:D$68)*(MONTH($E92)-1)/12)*$H92 -> 5.6077423 | J92: =(SUM('1. LRAMVA Summary'!E$52:E$66)+SUM('1. LRAMVA Summary'!E$67:E$68)*(MONTH($E92)-1)/12)*$H92 -> 9.656095 | K92: =(SUM('1. LRAMVA Summary'!F$52:F$66)+SUM('1. LRAMVA Summary'!F$67:F$68)*(MONTH($E92)-1)/12)*$H92 -> 3.9242624 | L92: =(SUM('1. LRAMVA Summary'!G$52:G$66)+SUM('1. LRAMVA Summary'!G$67:G$68)*(MONTH($E92)-1)/12)*$H92 -> 9.2426657 | M92: =(SUM('1. LRAMVA Summary'!H$52:H$66)+SUM('1. LRAMVA Summary'!H$67:H$68)*(MONTH($E92)-1)/12)*$H92 -> 0 | N92: =(SUM('1. LRAMVA Summary'!I$52:I$66)+SUM('1. LRAMVA Summary'!I$67:I$68)*(MONTH($E92)-1)/12)*$H92 -> 0 | O92: =(SUM('1. LRAMVA Summary'!J$52:J$66)+SUM('1. LRAMVA Summary'!J$67:J$68)*(MONTH($E92)-1)/12)*$H92 -> 0 | P92: =(SUM('1. LRAMVA Summary'!K$52:K$66)+SUM('1. LRAMVA Summary'!K$67:K$68)*(MONTH($E92)-1)/12)*$H92 -> 0 | ... V92: =(SUM('1. LRAMVA Summary'!Q$52:Q$66)+SUM('1. LRAMVA Summary'!Q$67:Q$68)*(MONTH($E92)-1)/12)*$H92 -> 0 | W92: =SUM(I92:V92) -> 28.430765
E93: 42461 | F93: 2011-2016 | G93: Q2 | H93: =$C$36/12 -> 0.00091666667 | I93: =(SUM('1. LRAMVA Summary'!D$52:D$66)+SUM('1. LRAMVA Summary'!D$67:D$68)*(MONTH($E93)-1)/12)*$H93 -> 5.6077423 | J93: =(SUM('1. LRAMVA Summary'!E$52:E$66)+SUM('1. LRAMVA Summary'!E$67:E$68)*(MONTH($E93)-1)/12)*$H93 -> 9.656095 | K93: =(SUM('1. LRAMVA Summary'!F$52:F$66)+SUM('1. LRAMVA Summary'!F$67:F$68)*(MONTH($E93)-1)/12)*$H93 -> 3.9242624 | L93: =(SUM('1. LRAMVA Summary'!G$52:G$66)+SUM('1. LRAMVA Summary'!G$67:G$68)*(MONTH($E93)-1)/12)*$H93 -> 9.2426657 | M93: =(SUM('1. LRAMVA Summary'!H$52:H$66)+SUM('1. LRAMVA Summary'!H$67:H$68)*(MONTH($E93)-1)/12)*$H93 -> 0 | N93: =(SUM('1. LRAMVA Summary'!I$52:I$66)+SUM('1. LRAMVA Summary'!I$67:I$68)*(MONTH($E93)-1)/12)*$H93 -> 0 | O93: =(SUM('1. LRAMVA Summary'!J$52:J$66)+SUM('1. LRAMVA Summary'!J$67:J$68)*(MONTH($E93)-1)/12)*$H93 -> 0 | P93: =(SUM('1. LRAMVA Summary'!K$52:K$66)+SUM('1. LRAMVA Summary'!K$67:K$68)*(MONTH($E93)-1)/12)*$H93 -> 0 | ... V93: =(SUM('1. LRAMVA Summary'!Q$52:Q$66)+SUM('1. LRAMVA Summary'!Q$67:Q$68)*(MONTH($E93)-1)/12)*$H93 -> 0 | W93: =SUM(I93:V93) -> 28.430765
E94: 42491 | F94: 2011-2016 | G94: Q2 | H94: =$C$36/12 -> 0.00091666667 | I94: =(SUM('1. LRAMVA Summary'!D$52:D$66)+SUM('1. LRAMVA Summary'!D$67:D$68)*(MONTH($E94)-1)/12)*$H94 -> 5.6077423 | J94: =(SUM('1. LRAMVA Summary'!E$52:E$66)+SUM('1. LRAMVA Summary'!E$67:E$68)*(MONTH($E94)-1)/12)*$H94 -> 9.656095 | K94: =(SUM('1. LRAMVA Summary'!F$52:F$66)+SUM('1. LRAMVA Summary'!F$67:F$68)*(MONTH($E94)-1)/12)*$H94 -> 3.9242624 | L94: =(SUM('1. LRAMVA Summary'!G$52:G$66)+SUM('1. LRAMVA Summary'!G$67:G$68)*(MONTH($E94)-1)/12)*$H94 -> 9.2426657 | M94: =(SUM('1. LRAMVA Summary'!H$52:H$66)+SUM('1. LRAMVA Summary'!H$67:H$68)*(MONTH($E94)-1)/12)*$H94 -> 0 | N94: =(SUM('1. LRAMVA Summary'!I$52:I$66)+SUM('1. LRAMVA Summary'!I$67:I$68)*(MONTH($E94)-1)/12)*$H94 -> 0 | O94: =(SUM('1. LRAMVA Summary'!J$52:J$66)+SUM('1. LRAMVA Summary'!J$67:J$68)*(MONTH($E94)-1)/12)*$H94 -> 0 | P94: =(SUM('1. LRAMVA Summary'!K$52:K$66)+SUM('1. LRAMVA Summary'!K$67:K$68)*(MONTH($E94)-1)/12)*$H94 -> 0 | ... V94: =(SUM('1. LRAMVA Summary'!Q$52:Q$66)+SUM('1. LRAMVA Summary'!Q$67:Q$68)*(MONTH($E94)-1)/12)*$H94 -> 0 | W94: =SUM(I94:V94) -> 28.430765
E95: 42522 | F95: 2011-2016 | G95: Q2 | H95: =$C$36/12 -> 0.00091666667 | I95: =(SUM('1. LRAMVA Summary'!D$52:D$66)+SUM('1. LRAMVA Summary'!D$67:D$68)*(MONTH($E95)-1)/12)*$H95 -> 5.6077423 | J95: =(SUM('1. LRAMVA Summary'!E$52:E$66)+SUM('1. LRAMVA Summary'!E$67:E$68)*(MONTH($E95)-1)/12)*$H95 -> 9.656095 | K95: =(SUM('1. LRAMVA Summary'!F$52:F$66)+SUM('1. LRAMVA Summary'!F$67:F$68)*(MONTH($E95)-1)/12)*$H95 -> 3.9242624 | L95: =(SUM('1. LRAMVA Summary'!G$52:G$66)+SUM('1. LRAMVA Summary'!G$67:G$68)*(MONTH($E95)-1)/12)*$H95 -> 9.2426657 | M95: =(SUM('1. LRAMVA Summary'!H$52:H$66)+SUM('1. LRAMVA Summary'!H$67:H$68)*(MONTH($E95)-1)/12)*$H95 -> 0 | N95: =(SUM('1. LRAMVA Summary'!I$52:I$66)+SUM('1. LRAMVA Summary'!I$67:I$68)*(MONTH($E95)-1)/12)*$H95 -> 0 | O95: =(SUM('1. LRAMVA Summary'!J$52:J$66)+SUM('1. LRAMVA Summary'!J$67:J$68)*(MONTH($E95)-1)/12)*$H95 -> 0 | P95: =(SUM('1. LRAMVA Summary'!K$52:K$66)+SUM('1. LRAMVA Summary'!K$67:K$68)*(MONTH($E95)-1)/12)*$H95 -> 0 | ... V95: =(SUM('1. LRAMVA Summary'!Q$52:Q$66)+SUM('1. LRAMVA Summary'!Q$67:Q$68)*(MONTH($E95)-1)/12)*$H95 -> 0 | W95: =SUM(I95:V95) -> 28.430765
E96: 42552 | F96: 2011-2016 | G96: Q3 | H96: =$C$37/12 -> 0.00091666667 | I96: =(SUM('1. LRAMVA Summary'!D$52:D$66)+SUM('1. LRAMVA Summary'!D$67:D$68)*(MONTH($E96)-1)/12)*$H96 -> 5.6077423 | J96: =(SUM('1. LRAMVA Summary'!E$52:E$66)+SUM('1. LRAMVA Summary'!E$67:E$68)*(MONTH($E96)-1)/12)*$H96 -> 9.656095 | K96: =(SUM('1. LRAMVA Summary'!F$52:F$66)+SUM('1. LRAMVA Summary'!F$67:F$68)*(MONTH($E96)-1)/12)*$H96 -> 3.9242624 | L96: =(SUM('1. LRAMVA Summary'!G$52:G$66)+SUM('1. LRAMVA Summary'!G$67:G$68)*(MONTH($E96)-1)/12)*$H96 -> 9.2426657 | M96: =(SUM('1. LRAMVA Summary'!H$52:H$66)+SUM('1. LRAMVA Summary'!H$67:H$68)*(MONTH($E96)-1)/12)*$H96 -> 0 | N96: =(SUM('1. LRAMVA Summary'!I$52:I$66)+SUM('1. LRAMVA Summary'!I$67:I$68)*(MONTH($E96)-1)/12)*$H96 -> 0 | O96: =(SUM('1. LRAMVA Summary'!J$52:J$66)+SUM('1. LRAMVA Summary'!J$67:J$68)*(MONTH($E96)-1)/12)*$H96 -> 0 | P96: =(SUM('1. LRAMVA Summary'!K$52:K$66)+SUM('1. LRAMVA Summary'!K$67:K$68)*(MONTH($E96)-1)/12)*$H96 -> 0 | ... V96: =(SUM('1. LRAMVA Summary'!Q$52:Q$66)+SUM('1. LRAMVA Summary'!Q$67:Q$68)*(MONTH($E96)-1)/12)*$H96 -> 0 | W96: =SUM(I96:V96) -> 28.430765
E97: 42583 | F97: 2011-2016 | G97: Q3 | H97: =$C$37/12 -> 0.00091666667 | I97: =(SUM('1. LRAMVA Summary'!D$52:D$66)+SUM('1. LRAMVA Summary'!D$67:D$68)*(MONTH($E97)-1)/12)*$H97 -> 5.6077423 | J97: =(SUM('1. LRAMVA Summary'!E$52:E$66)+SUM('1. LRAMVA Summary'!E$67:E$68)*(MONTH($E97)-1)/12)*$H97 -> 9.656095 | K97: =(SUM('1. LRAMVA Summary'!F$52:F$66)+SUM('1. LRAMVA Summary'!F$67:F$68)*(MONTH($E97)-1)/12)*$H97 -> 3.9242624 | L97: =(SUM('1. LRAMVA Summary'!G$52:G$66)+SUM('1. LRAMVA Summary'!G$67:G$68)*(MONTH($E97)-1)/12)*$H97 -> 9.2426657 | M97: =(SUM('1. LRAMVA Summary'!H$52:H$66)+SUM('1. LRAMVA Summary'!H$67:H$68)*(MONTH($E97)-1)/12)*$H97 -> 0 | N97: =(SUM('1. LRAMVA Summary'!I$52:I$66)+SUM('1. LRAMVA Summary'!I$67:I$68)*(MONTH($E97)-1)/12)*$H97 -> 0 | O97: =(SUM('1. LRAMVA Summary'!J$52:J$66)+SUM('1. LRAMVA Summary'!J$67:J$68)*(MONTH($E97)-1)/12)*$H97 -> 0 | P97: =(SUM('1. LRAMVA Summary'!K$52:K$66)+SUM('1. LRAMVA Summary'!K$67:K$68)*(MONTH($E97)-1)/12)*$H97 -> 0 | ... V97: =(SUM('1. LRAMVA Summary'!Q$52:Q$66)+SUM('1. LRAMVA Summary'!Q$67:Q$68)*(MONTH($E97)-1)/12)*$H97 -> 0 | W97: =SUM(I97:V97) -> 28.430765
E98: 42614 | F98: 2011-2016 | G98: Q3 | H98: =$C$37/12 -> 0.00091666667 | I98: =(SUM('1. LRAMVA Summary'!D$52:D$66)+SUM('1. LRAMVA Summary'!D$67:D$68)*(MONTH($E98)-1)/12)*$H98 -> 5.6077423 | J98: =(SUM('1. LRAMVA Summary'!E$52:E$66)+SUM('1. LRAMVA Summary'!E$67:E$68)*(MONTH($E98)-1)/12)*$H98 -> 9.656095 | K98: =(SUM('1. LRAMVA Summary'!F$52:F$66)+SUM('1. LRAMVA Summary'!F$67:F$68)*(MONTH($E98)-1)/12)*$H98 -> 3.9242624 | L98: =(SUM('1. LRAMVA Summary'!G$52:G$66)+SUM('1. LRAMVA Summary'!G$67:G$68)*(MONTH($E98)-1)/12)*$H98 -> 9.2426657 | M98: =(SUM('1. LRAMVA Summary'!H$52:H$66)+SUM('1. LRAMVA Summary'!H$67:H$68)*(MONTH($E98)-1)/12)*$H98 -> 0 | N98: =(SUM('1. LRAMVA Summary'!I$52:I$66)+SUM('1. LRAMVA Summary'!I$67:I$68)*(MONTH($E98)-1)/12)*$H98 -> 0 | O98: =(SUM('1. LRAMVA Summary'!J$52:J$66)+SUM('1. LRAMVA Summary'!J$67:J$68)*(MONTH($E98)-1)/12)*$H98 -> 0 | P98: =(SUM('1. LRAMVA Summary'!K$52:K$66)+SUM('1. LRAMVA Summary'!K$67:K$68)*(MONTH($E98)-1)/12)*$H98 -> 0 | ... V98: =(SUM('1. LRAMVA Summary'!Q$52:Q$66)+SUM('1. LRAMVA Summary'!Q$67:Q$68)*(MONTH($E98)-1)/12)*$H98 -> 0 | W98: =SUM(I98:V98) -> 28.430765
E99: 42644 | F99: 2011-2016 | G99: Q4 | H99: =$C$38/12 -> 0.00091666667 | I99: =(SUM('1. LRAMVA Summary'!D$52:D$66)+SUM('1. LRAMVA Summary'!D$67:D$68)*(MONTH($E99)-1)/12)*$H99 -> 5.6077423 | J99: =(SUM('1. LRAMVA Summary'!E$52:E$66)+SUM('1. LRAMVA Summary'!E$67:E$68)*(MONTH($E99)-1)/12)*$H99 -> 9.656095 | K99: =(SUM('1. LRAMVA Summary'!F$52:F$66)+SUM('1. LRAMVA Summary'!F$67:F$68)*(MONTH($E99)-1)/12)*$H99 -> 3.9242624 | L99: =(SUM('1. LRAMVA Summary'!G$52:G$66)+SUM('1. LRAMVA Summary'!G$67:G$68)*(MONTH($E99)-1)/12)*$H99 -> 9.2426657 | M99: =(SUM('1. LRAMVA Summary'!H$52:H$66)+SUM('1. LRAMVA Summary'!H$67:H$68)*(MONTH($E99)-1)/12)*$H99 -> 0 | N99: =(SUM('1. LRAMVA Summary'!I$52:I$66)+SUM('1. LRAMVA Summary'!I$67:I$68)*(MONTH($E99)-1)/12)*$H99 -> 0 | O99: =(SUM('1. LRAMVA Summary'!J$52:J$66)+SUM('1. LRAMVA Summary'!J$67:J$68)*(MONTH($E99)-1)/12)*$H99 -> 0 | P99: =(SUM('1. LRAMVA Summary'!K$52:K$66)+SUM('1. LRAMVA Summary'!K$67:K$68)*(MONTH($E99)-1)/12)*$H99 -> 0 | ... V99: =(SUM('1. LRAMVA Summary'!Q$52:Q$66)+SUM('1. LRAMVA Summary'!Q$67:Q$68)*(MONTH($E99)-1)/12)*$H99 -> 0 | W99: =SUM(I99:V99) -> 28.430765
E100: 42675 | F100: 2011-2016 | G100: Q4 | H100: =$C$38/12 -> 0.00091666667 | I100: =(SUM('1. LRAMVA Summary'!D$52:D$66)+SUM('1. LRAMVA Summary'!D$67:D$68)*(MONTH($E100)-1)/12)*$H100 -> 5.6077423 | J100: =(SUM('1. LRAMVA Summary'!E$52:E$66)+SUM('1. LRAMVA Summary'!E$67:E$68)*(MONTH($E100)-1)/12)*$H100 -> 9.656095 | K100: =(SUM('1. LRAMVA Summary'!F$52:F$66)+SUM('1. LRAMVA Summary'!F$67:F$68)*(MONTH($E100)-1)/12)*$H100 -> 3.9242624 | L100: =(SUM('1. LRAMVA Summary'!G$52:G$66)+SUM('1. LRAMVA Summary'!G$67:G$68)*(MONTH($E100)-1)/12)*$H100 -> 9.2426657 | M100: =(SUM('1. LRAMVA Summary'!H$52:H$66)+SUM('1. LRAMVA Summary'!H$67:H$68)*(MONTH($E100)-1)/12)*$H100 -> 0 | N100: =(SUM('1. LRAMVA Summary'!I$52:I$66)+SUM('1. LRAMVA Summary'!I$67:I$68)*(MONTH($E100)-1)/12)*$H100 -> 0 | O100: =(SUM('1. LRAMVA Summary'!J$52:J$66)+SUM('1. LRAMVA Summary'!J$67:J$68)*(MONTH($E100)-1)/12)*$H100 -> 0 | P100: =(SUM('1. LRAMVA Summary'!K$52:K$66)+SUM('1. LRAMVA Summary'!K$67:K$68)*(MONTH($E100)-1)/12)*$H100 -> 0 | ... V100: =(SUM('1. LRAMVA Summary'!Q$52:Q$66)+SUM('1. LRAMVA Summary'!Q$67:Q$68)*(MONTH($E100)-1)/12)*$H100 -> 0 | W100: =SUM(I100:V100) -> 28.430765
E101: 42705 | F101: 2011-2016 | G101: Q4 | H101: =$C$38/12 -> 0.00091666667 | I101: =(SUM('1. LRAMVA Summary'!D$52:D$66)+SUM('1. LRAMVA Summary'!D$67:D$68)*(MONTH($E101)-1)/12)*$H101 -> 5.6077423 | J101: =(SUM('1. LRAMVA Summary'!E$52:E$66)+SUM('1. LRAMVA Summary'!E$67:E$68)*(MONTH($E101)-1)/12)*$H101 -> 9.656095 | K101: =(SUM('1. LRAMVA Summary'!F$52:F$66)+SUM('1. LRAMVA Summary'!F$67:F$68)*(MONTH($E101)-1)/12)*$H101 -> 3.9242624 | L101: =(SUM('1. LRAMVA Summary'!G$52:G$66)+SUM('1. LRAMVA Summary'!G$67:G$68)*(MONTH($E101)-1)/12)*$H101 -> 9.2426657 | M101: =(SUM('1. LRAMVA Summary'!H$52:H$66)+SUM('1. LRAMVA Summary'!H$67:H$68)*(MONTH($E101)-1)/12)*$H101 -> 0 | N101: =(SUM('1. LRAMVA Summary'!I$52:I$66)+SUM('1. LRAMVA Summary'!I$67:I$68)*(MONTH($E101)-1)/12)*$H101 -> 0 | O101: =(SUM('1. LRAMVA Summary'!J$52:J$66)+SUM('1. LRAMVA Summary'!J$67:J$68)*(MONTH($E101)-1)/12)*$H101 -> 0 | P101: =(SUM('1. LRAMVA Summary'!K$52:K$66)+SUM('1. LRAMVA Summary'!K$67:K$68)*(MONTH($E101)-1)/12)*$H101 -> 0 | ... V101: =(SUM('1. LRAMVA Summary'!Q$52:Q$66)+SUM('1. LRAMVA Summary'!Q$67:Q$68)*(MONTH($E101)-1)/12)*$H101 -> 0 | W101: =SUM(I101:V101) -> 28.430765
E102: Total for 2016 | I102: =SUM(I89:I101) -> 98.607051 | J102: =SUM(J89:J101) -> 169.79365 | K102: =SUM(K89:K101) -> 69.004586 | L102: =SUM(L89:L101) -> 162.52387 | M102: =SUM(M89:M101) -> 0 | N102: =SUM(N89:N101) -> 0 | O102: =SUM(O89:O101) -> 0 | P102: =SUM(P89:P101) -> 0 | ... W102: =SUM(W89:W101) -> 499.92916
E103: Amount Cleared
E104: Opening Balance for 2017 | I104: =I102+I103 -> 98.607051 | J104: =J102+J103 -> 169.79365 | K104: =K102+K103 -> 69.004586 | L104: =L102+L103 -> 162.52387 | M104: =M102+M103 -> 0 | N104: =N102+N103 -> 0 | O104: =O102+O103 -> 0 | P104: =P102+P103 -> 0 | ... W104: =W102+W103 -> 499.92916
E105: 42736 | F105: 2011-2017 | G105: Q1 | H105: =$C$39/12 -> 0.00091666667 | I105: =(SUM('1. LRAMVA Summary'!D$52:D$69)+SUM('1. LRAMVA Summary'!D$70:D$71)*(MONTH($E105)-1)/12)*$H105 -> 5.6077423 | J105: =(SUM('1. LRAMVA Summary'!E$52:E$69)+SUM('1. LRAMVA Summary'!E$70:E$71)*(MONTH($E105)-1)/12)*$H105 -> 9.656095 | K105: =(SUM('1. LRAMVA Summary'!F$52:F$69)+SUM('1. LRAMVA Summary'!F$70:F$71)*(MONTH($E105)-1)/12)*$H105 -> 3.9242624 | L105: =(SUM('1. LRAMVA Summary'!G$52:G$69)+SUM('1. LRAMVA Summary'!G$70:G$71)*(MONTH($E105)-1)/12)*$H105 -> 9.2426657 | M105: =(SUM('1. LRAMVA Summary'!H$52:H$69)+SUM('1. LRAMVA Summary'!H$70:H$71)*(MONTH($E105)-1)/12)*$H105 -> 0 | N105: =(SUM('1. LRAMVA Summary'!I$52:I$69)+SUM('1. LRAMVA Summary'!I$70:I$71)*(MONTH($E105)-1)/12)*$H105 -> 0 | O105: =(SUM('1. LRAMVA Summary'!J$52:J$69)+SUM('1. LRAMVA Summary'!J$70:J$71)*(MONTH($E105)-1)/12)*$H105 -> 0 | P105: =(SUM('1. LRAMVA Summary'!K$52:K$69)+SUM('1. LRAMVA Summary'!K$70:K$71)*(MONTH($E105)-1)/12)*$H105 -> 0 | ... V105: =(SUM('1. LRAMVA Summary'!Q$52:Q$69)+SUM('1. LRAMVA Summary'!Q$70:Q$71)*(MONTH($E105)-1)/12)*$H105 -> 0 | W105: =SUM(I105:V105) -> 28.430765
E106: 42767 | F106: 2011-2017 | G106: Q1 | H106: =$C$39/12 -> 0.00091666667 | I106: =(SUM('1. LRAMVA Summary'!D$52:D$69)+SUM('1. LRAMVA Summary'!D$70:D$71)*(MONTH($E106)-1)/12)*$H106 -> 5.6077423 | J106: =(SUM('1. LRAMVA Summary'!E$52:E$69)+SUM('1. LRAMVA Summary'!E$70:E$71)*(MONTH($E106)-1)/12)*$H106 -> 9.656095 | K106: =(SUM('1. LRAMVA Summary'!F$52:F$69)+SUM('1. LRAMVA Summary'!F$70:F$71)*(MONTH($E106)-1)/12)*$H106 -> 3.9242624 | L106: =(SUM('1. LRAMVA Summary'!G$52:G$69)+SUM('1. LRAMVA Summary'!G$70:G$71)*(MONTH($E106)-1)/12)*$H106 -> 9.2426657 | M106: =(SUM('1. LRAMVA Summary'!H$52:H$69)+SUM('1. LRAMVA Summary'!H$70:H$71)*(MONTH($E106)-1)/12)*$H106 -> 0 | N106: =(SUM('1. LRAMVA Summary'!I$52:I$69)+SUM('1. LRAMVA Summary'!I$70:I$71)*(MONTH($E106)-1)/12)*$H106 -> 0 | O106: =(SUM('1. LRAMVA Summary'!J$52:J$69)+SUM('1. LRAMVA Summary'!J$70:J$71)*(MONTH($E106)-1)/12)*$H106 -> 0 | P106: =(SUM('1. LRAMVA Summary'!K$52:K$69)+SUM('1. LRAMVA Summary'!K$70:K$71)*(MONTH($E106)-1)/12)*$H106 -> 0 | ... V106: =(SUM('1. LRAMVA Summary'!Q$52:Q$69)+SUM('1. LRAMVA Summary'!Q$70:Q$71)*(MONTH($E106)-1)/12)*$H106 -> 0 | W106: =SUM(I106:V106) -> 28.430765
